Workbook

Sheet AUX-base graduacion
C1: Peso máximo del Factor de Corrección | D1: Contribución al Factor de Corrección DNSH3 Uso Sostenible del Agua y Protección de los recursos hídricos y marinos | G1: Rango contribucion | H1: Porcentaje Contribución | I1: Puntuación Factor corrreción DNSH 3 | K1: Peso máximo del Factor de Corrección | M1: Contribución al Factor de Corrección DNSH4 Transición hacia una Economía Circular | P1: Rango contribucion | Q1: Porcentaje Contribución | R1: Puntuación Factor corrreción DNSH·4 | T1: Peso máximo del Factor de Corrección | V1: Contribución al Factor de Corrección DNSH5 Control de la contaminación | Y1: Rango contribucion | Z1: Porcentaje Contribución | AA1: Puntuación Factor corrreción DNSH 5 | AC1: Peso máximo del Factor de Corrección | AE1: Contribución al Factor de Corrección DNSH6 Protección y recuperación de la biodiversidad y los ecosistemas | AH1: Rango contribucion | AI1: Porcentaje Contribución | AJ1: Puntuación Factor corrreción DNSH 6 | AK1: Puntuación Total Factor Corrección Ambiental
A2: ='Tabla Resultados FC'!C3 -> TPB.1.1 | B2: ='Tabla Resultados FC'!D3 -> Continuidad y funcionalidad ecológica de la Infraestructura Verde-Azul | C2: =100%/4 -> 0.25 | J2: =B2 -> Continuidad y funcionalidad ecológica de la Infraestructura Verde-Azul | K2: =100%/4 -> 0.25 | S2: =B2 -> Continuidad y funcionalidad ecológica de la Infraestructura Verde-Azul | T2: =100%/4 -> 0.25 | AB2: =J2 -> Continuidad y funcionalidad ecológica de la Infraestructura Verde-Azul | AC2: =100%/4 -> 0.25
D3: Baja | E3: Moderada | F3: Sustancial | M3: Baja | N3: Moderada | O3: Sustancial | V3: Baja | W3: Moderada | X3: Sustancial | AE3: Baja | AF3: Moderada | AG3: Sustancial
D4: =C5*50% -> 0.041666667 | E4: =C5*75% -> 0.0625 | F4: =C5*100% -> 0.083333333 | M4: =K5*50% -> 0.041666667 | N4: =K5*75% -> 0.0625 | O4: =K5*100% -> 0.083333333 | V4: =T5*50% -> 0.041666667 | W4: =T5*75% -> 0.0625 | X4: =T5*100% -> 0.083333333 | AE4: =AC5*50% -> 0.041666667 | AF4: =AC5*75% -> 0.0625 | AG4: =AC5*100% -> 0.083333333
B5: Se incoporan medidas para el uso sostenible del agua | C5: =C2/3 -> 0.083333333 | G5: 3 | H5: =INDEX(D4:F4,G5) -> 0.083333333 | I5: =H5 -> 0.083333333 | J5: Se diseña con vistas a una alta durabilidad, la reciclabilidad …. | K5: =K2/3 -> 0.083333333 | L5: =IF(#REF!="Sí",1)+IF(#REF!="No",0) -> #REF! | P5: 3 | Q5: =INDEX(M4:O4,P5) -> 0.083333333 | R5: =Q5 -> 0.083333333 | S5: Se realiza un análisis de la composición de los productos asegurando que no contienen productos peligrosos | T5: =T2/3 -> 0.083333333 | U5: =IF(#REF!="Sí",1)+IF(#REF!="No",0) -> #REF! | Y5: 3 | Z5: =INDEX(V4:X4,Y5) -> 0.083333333 | AA5: =Z5 -> 0.083333333 | AB5: Se ha evaluado el impacto impacto ambiental sobre la Biodiversidad y los Ecosistemas | AC5: =AC2/3 -> 0.083333333 | AD5: =IF(#REF!="Sí",1)+IF(#REF!="No",0) -> #REF! | AH5: 3 | AI5: =INDEX(AE4:AG4,AH5) -> 0.083333333 | AJ5: =AI5 -> 0.083333333 | AQ5: 1
D6: =C7*50% -> 0.041666667 | E6: =C7*75% -> 0.0625 | F6: =C7*100% -> 0.083333333 | M6: =K7*50% -> 0.041666667 | N6: =K7*75% -> 0.0625 | O6: =K7*100% -> 0.083333333 | V6: =T7*50% -> 0.041666667 | W6: =T7*75% -> 0.0625 | X6: =T7*100% -> 0.083333333 | AE6: =AC7*50% -> 0.041666667 | AF6: =AC7*75% -> 0.0625 | AG6: =AC7*100% -> 0.083333333
B7: Se determinan y afrontan los riesgos de degradación medioambiental relacionados con la preservación de la calidad del agua y la prevención del estrés hídrico | C7: =C2/3 -> 0.083333333 | G7: 3 | H7: =INDEX(D6:F6,G7) -> 0.083333333 | I7: =H7 -> 0.083333333 | J7: Promueve la reutilización y el uso de materias primas secundarios y componentes reutilizados ó Al menos el 70% de los residuos no peligrosos de construcción y demolición se prepararan para la reutilización, el reciclado y la valoración de los materiales, incluidas las operaciones de relleno.... | K7: =K2/3 -> 0.083333333 | L7: =IF(#REF!="Sí",1)+IF(#REF!="No",0) -> #REF! | P7: 3 | Q7: =INDEX(M6:O6,P7) -> 0.083333333 | R7: =Q7 -> 0.083333333 | S7: xxxx | T7: =T2/3 -> 0.083333333 | U7: =IF(#REF!="Sí",1)+IF(#REF!="No",0) -> #REF! | Y7: 3 | Z7: =INDEX(V6:X6,Y7) -> 0.083333333 | AA7: =Z7 -> 0.083333333 | AB7: Apendice D-Taxonomía: Se incluyen medidas ambientales de protección de la biodiversidad y los ecosistemas | AC7: =AC2/3 -> 0.083333333 | AD7: =IF(#REF!="Sí",1)+IF(#REF!="No",0) -> #REF! | AH7: 3 | AI7: =INDEX(AE6:AG6,AH7) -> 0.083333333 | AJ7: =AI7 -> 0.083333333
D8: =C9*50% -> 0.041666667 | E8: =C9*75% -> 0.0625 | F8: =C9*100% -> 0.083333333 | M8: =K9*50% -> 0.041666667 | N8: =K9*75% -> 0.0625 | O8: =K9*100% -> 0.083333333 | V8: =T9*50% -> 0.041666667 | W8: =T9*75% -> 0.0625 | X8: =T9*100% -> 0.083333333 | AE8: =AC9*50% -> 0.041666667 | AF8: =AC9*75% -> 0.0625 | AG8: =AC9*100% -> 0.083333333
B9: No se obstaculiza la consecución del buen estado medioambiental de las aguas marinas ni deteriora las aguas marinas | C9: =C2/3 -> 0.083333333 | G9: 3 | H9: =INDEX(D8:F8,G9) -> 0.083333333 | I9: =H9 -> 0.083333333 | J9: La gestión de residuos da prioridad al reciclado sobre la eliminación | K9: =K2/3 -> 0.083333333 | L9: =IF(#REF!="Sí",1)+IF(#REF!="No",0) -> #REF! | P9: 3 | Q9: =INDEX(M8:O8,P9) -> 0.083333333 | R9: =Q9 -> 0.083333333 | S9: xxxx | T9: =T2/3 -> 0.083333333 | U9: =IF(#REF!="Sí",1)+IF(#REF!="No",0) -> #REF! | Y9: 3 | Z9: =INDEX(V8:X8,Y9) -> 0.083333333 | AA9: =Z9 -> 0.083333333 | AB9: Se ha considerado la contiguidad a un espacio natural protegido | AC9: =AC2/3 -> 0.083333333 | AD9: =IF(#REF!="Sí",1)+IF(#REF!="No",0) -> #REF! | AH9: 3 | AI9: =INDEX(AE8:AG8,AH9) -> 0.083333333 | AJ9: =AI9 -> 0.083333333 | AK9: =SUM(I10,R10,AA10,AJ10) -> 1
C10: =SUM(C5:C9) -> 0.25 | I10: =I5+I7+I9 -> 0.25 | K10: =SUM(K5:K9) -> 0.25 | R10: =R5+R7+R9 -> 0.25 | T10: =SUM(T5:T9) -> 0.25 | U10: =SUM(U5:U9) -> #REF! | AA10: =AA5+AA7+AA9 -> 0.25 | AC10: =SUM(AC5:AC9) -> 0.25 | AJ10: =AJ5+AJ7+AJ9 -> 0.25
C13: Peso máximo del Factor de Corrección | D13: Contribución al Factor de Corrección DNSH3 Protección de los recursos hídricos y marinos | G13: Rango contribucion | H13: Porcentaje Contribución | I13: Puntuación Factor corrreción DNSH 3 | K13: Peso máximo del Factor de Corrección | M13: Contribución al Factor de Corrección DNSH4 Transición hacia una Economía Circular | P13: Rango contribucion | Q13: Porcentaje Contribución | R13: Puntuación Factor corrreción DNSH·4 | T13: Peso máximo del Factor de Corrección | V13: Contribución al Factor de Corrección DNSH5 Control de la contaminación | Y13: Rango contribucion | Z13: Porcentaje Contribución | AA13: Puntuación Factor corrreción DNSH 5 | AC13: Peso máximo del Factor de Corrección | AE13: Contribución al Factor de Corrección DNSH6 Protección y recuperación de la biodiversidad y los ecosistemas | AH13: Rango contribucion | AI13: Porcentaje Contribución | AJ13: Puntuación Factor corrreción DNSH 6 | AK13: Puntuación Total Factor Corrección Ambiental
A14: ='Tabla Resultados FC'!C4 -> TPB.1.2 | B14: ='Tabla Resultados FC'!D4 -> Conservación, restauración y puesta en valor de los ecosistemas naturales frente al cambio climático | C14: =100%/4 -> 0.25 | J14: =B14 -> Conservación, restauración y puesta en valor de los ecosistemas naturales frente al cambio climático | K14: =100%/4 -> 0.25 | S14: =B14 -> Conservación, restauración y puesta en valor de los ecosistemas naturales frente al cambio climático | T14: =100%/4 -> 0.25 | AB14: =J14 -> Conservación, restauración y puesta en valor de los ecosistemas naturales frente al cambio climático | AC14: =100%/4 -> 0.25
D15: Baja | E15: Moderada | F15: Sustancial | M15: Baja | N15: Moderada | O15: Sustancial | V15: Baja | W15: Moderada | X15: Sustancial | AE15: Baja | AF15: Moderada | AG15: Sustancial
D16: =C17*50% -> 0.041666667 | E16: =C17*75% -> 0.0625 | F16: =C17*100% -> 0.083333333 | M16: =K17*50% -> 0.041666667 | N16: =K17*75% -> 0.0625 | O16: =K17*100% -> 0.083333333 | V16: =T17*50% -> 0.041666667 | W16: =T17*75% -> 0.0625 | X16: =T17*100% -> 0.083333333 | AE16: =AC17*50% -> 0.041666667 | AF16: =AC17*75% -> 0.0625 | AG16: =AC17*100% -> 0.083333333
B17: Lorem ipsum | C17: =C14/3 -> 0.083333333 | G17: 3 | H17: =INDEX(D16:F16,G17) -> 0.083333333 | I17: =H17 -> 0.083333333 | J17: Lorem ipsum | K17: =K14/3 -> 0.083333333 | L17: =IF(#REF!="Sí",1)+IF(#REF!="No",0) -> #REF! | P17: 3 | Q17: =INDEX(M16:O16,P17) -> 0.083333333 | R17: =Q17 -> 0.083333333 | T17: =T14/3 -> 0.083333333 | U17: =IF(#REF!="Sí",1)+IF(#REF!="No",0) -> #REF! | Y17: 3 | Z17: =INDEX(V16:X16,Y17) -> 0.083333333 | AA17: =Z17 -> 0.083333333 | AB17: Lorem ipsum | AC17: =AC14/3 -> 0.083333333 | AD17: =IF(#REF!="Sí",1)+IF(#REF!="No",0) -> #REF! | AH17: 3 | AI17: =INDEX(AE16:AG16,AH17) -> 0.083333333 | AJ17: =AI17 -> 0.083333333
D18: =C19*50% -> 0.041666667 | E18: =C19*75% -> 0.0625 | F18: =C19*100% -> 0.083333333 | M18: =K19*50% -> 0.041666667 | N18: =K19*75% -> 0.0625 | O18: =K19*100% -> 0.083333333 | V18: =T19*50% -> 0.041666667 | W18: =T19*75% -> 0.0625 | X18: =T19*100% -> 0.083333333 | AE18: =AC19*50% -> 0.041666667 | AF18: =AC19*75% -> 0.0625 | AG18: =AC19*100% -> 0.083333333
B19: Lorem ipsum | C19: =C14/3 -> 0.083333333 | G19: 3 | H19: =INDEX(D18:F18,G19) -> 0.083333333 | I19: =H19 -> 0.083333333 | J19: Lorem ipsum | K19: =K14/3 -> 0.083333333 | L19: =IF(#REF!="Sí",1)+IF(#REF!="No",0) -> #REF! | P19: 3 | Q19: =INDEX(M18:O18,P19) -> 0.083333333 | R19: =Q19 -> 0.083333333 | T19: =T14/3 -> 0.083333333 | U19: =IF(#REF!="Sí",1)+IF(#REF!="No",0) -> #REF! | Y19: 3 | Z19: =INDEX(V18:X18,Y19) -> 0.083333333 | AA19: =Z19 -> 0.083333333 | AB19: Lorem ipsum | AC19: =AC14/3 -> 0.083333333 | AD19: =IF(#REF!="Sí",1)+IF(#REF!="No",0) -> #REF! | AH19: 3 | AI19: =INDEX(AE18:AG18,AH19) -> 0.083333333 | AJ19: =AI19 -> 0.083333333
D20: =(C21/2)*1 -> 0.041666667 | E20: =(C21/2)*1.5 -> 0.0625 | F20: =(C21/2)*2 -> 0.083333333 | M20: =(K21/2)*1 -> 0.041666667 | N20: =(K21/2)*1.5 -> 0.0625 | O20: =(K21/2)*2 -> 0.083333333 | V20: =(R21/2)*1 -> 0.041666667 | W20: =(R21/2)*1.5 -> 0.0625 | X20: =(R21/2)*2 -> 0.083333333 | AE20: =(AC21/2)*1 -> 0.041666667 | AF20: =(AC21/2)*1.5 -> 0.0625 | AG20: =(AC21/2)*2 -> 0.083333333
B21: Lorem ipsum | C21: =C14/3 -> 0.083333333 | G21: 3 | H21: =INDEX(D20:F20,G21) -> 0.083333333 | I21: =H21 -> 0.083333333 | J21: Lorem ipsum | K21: =K14/3 -> 0.083333333 | L21: =IF(#REF!="Sí",1)+IF(#REF!="No",0) -> #REF! | P21: 3 | Q21: =INDEX(M20:O20,P21) -> 0.083333333 | R21: =Q21 -> 0.083333333 | T21: =T14/3 -> 0.083333333 | U21: =IF(#REF!="Sí",1)+IF(#REF!="No",0) -> #REF! | Y21: 3 | Z21: =INDEX(V20:X20,Y21) -> 0.083333333 | AA21: =Z21 -> 0.083333333 | AB21: Lorem ipsum | AC21: =AC14/3 -> 0.083333333 | AD21: =IF(#REF!="Sí",1)+IF(#REF!="No",0) -> #REF! | AH21: 3 | AI21: =INDEX(AE20:AG20,AH21) -> 0.083333333 | AJ21: =AI21 -> 0.083333333 | AK21: =SUM(I22,R22,AA22,AJ22) -> 1
I22: =SUM(I17+I19+I21) -> 0.25 | R22: =SUM(R17+R19+R21) -> 0.25 | AA22: =SUM(AA17+AA19+AA21) -> 0.25 | AJ22: =SUM(AJ17+AJ19+AJ21) -> 0.25
C24: Peso máximo del Factor de Corrección | D24: Contribución al Factor de Corrección DNSH3 Protección de los recursos hídricos y marinos | G24: Rango contribucion | H24: Porcentaje Contribución | I24: Puntuación Factor corrreción DNSH 3 | K24: Peso máximo del Factor de Corrección | M24: Contribución al Factor de Corrección DNSH4 Transición hacia una Economía Circular | P24: Rango contribucion | Q24: Porcentaje Contribución | R24: Puntuación Factor corrreción DNSH·4 | T24: Peso máximo del Factor de Corrección | V24: Contribución al Factor de Corrección DNSH5 Control de la contaminación | Y24: Rango contribucion | Z24: Porcentaje Contribución | AA24: Puntuación Factor corrreción DNSH 5 | AC24: Peso máximo del Factor de Corrección | AE24: Contribución al Factor de Corrección DNSH6 Protección y recuperación de la biodiversidad y los ecosistemas | AH24: Rango contribucion | AI24: Porcentaje Contribución | AJ24: Puntuación Factor corrreción DNSH 6 | AK24: Puntuación Total Factor Corrección Ambiental
A25: ='Tabla Resultados FC'!C5 -> TPB.1.3 | B25: ='Tabla Resultados FC'!D5 -> Refuerzo e implementación de los Servicios Ecosistémicos en el territorio | C25: =100%/4 -> 0.25 | J25: =B25 -> Refuerzo e implementación de los Servicios Ecosistémicos en el territorio | K25: =100%/4 -> 0.25 | S25: =B25 -> Refuerzo e implementación de los Servicios Ecosistémicos en el territorio | T25: =100%/4 -> 0.25 | AB25: =J25 -> Refuerzo e implementación de los Servicios Ecosistémicos en el territorio | AC25: =100%/4 -> 0.25
D26: Baja | E26: Moderada | F26: Sustancial | M26: Baja | N26: Moderada | O26: Sustancial | V26: Baja | W26: Moderada | X26: Sustancial | AE26: Baja | AF26: Moderada | AG26: Sustancial
D27: =C28*50% -> 0.041666667 | E27: =C28*75% -> 0.0625 | F27: =C28*100% -> 0.083333333 | M27: =K28*50% -> 0.041666667 | N27: =K28*75% -> 0.0625 | O27: =K28*100% -> 0.083333333 | V27: =T28*50% -> 0.041666667 | W27: =T28*75% -> 0.0625 | X27: =T28*100% -> 0.083333333 | AE27: =AC28*50% -> 0.041666667 | AF27: =AC28*75% -> 0.0625 | AG27: =AC28*100% -> 0.083333333
B28: Lorem ipsum | C28: =C25/3 -> 0.083333333 | G28: 1 | H28: =INDEX(D27:F27,G28) -> 0.041666667 | I28: =H28 -> 0.041666667 | J28: Lorem ipsum | K28: =K25/3 -> 0.083333333 | L28: =IF(#REF!="Sí",1)+IF(#REF!="No",0) -> #REF! | P28: 3 | Q28: =INDEX(M27:O27,P28) -> 0.083333333 | R28: =Q28 -> 0.083333333 | T28: =T25/3 -> 0.083333333 | U28: =IF(#REF!="Sí",1)+IF(#REF!="No",0) -> #REF! | Y28: 2 | Z28: =INDEX(V27:X27,Y28) -> 0.0625 | AA28: =Z28 -> 0.0625 | AB28: Lorem ipsum | AC28: =AC25/3 -> 0.083333333 | AD28: =IF(#REF!="Sí",1)+IF(#REF!="No",0) -> #REF! | AH28: 3 | AI28: =INDEX(AE27:AG27,AH28) -> 0.083333333 | AJ28: =AI28 -> 0.083333333
D29: =(C30/2)*1 -> 0.041666667 | E29: =(C30/2)*1.5 -> 0.0625 | F29: =(C30/2)*2 -> 0.083333333 | M29: =(K30/2)*1 -> 0.041666667 | N29: =(K30/2)*1.5 -> 0.0625 | O29: =(K30/2)*2 -> 0.083333333 | V29: =(R30/2)*1 -> 0.041666667 | W29: =(R30/2)*1.5 -> 0.0625 | X29: =(R30/2)*2 -> 0.083333333 | AE29: =(AC30/2)*1 -> 0.041666667 | AF29: =(AC30/2)*1.5 -> 0.0625 | AG29: =(AC30/2)*2 -> 0.083333333
B30: Lorem ipsum | C30: =C25/3 -> 0.083333333 | G30: 1 | H30: =INDEX(D29:F29,G30) -> 0.041666667 | I30: =H30 -> 0.041666667 | J30: Lorem ipsum | K30: =K25/3 -> 0.083333333 | L30: =IF(#REF!="Sí",1)+IF(#REF!="No",0) -> #REF! | P30: 3 | Q30: =INDEX(M29:O29,P30) -> 0.083333333 | R30: =Q30 -> 0.083333333 | T30: =T25/3 -> 0.083333333 | U30: =IF(#REF!="Sí",1)+IF(#REF!="No",0) -> #REF! | Y30: 2 | Z30: =INDEX(V29:X29,Y30) -> 0.0625 | AA30: =Z30 -> 0.0625 | AB30: Lorem ipsum | AC30: =AC25/3 -> 0.083333333 | AD30: =IF(#REF!="Sí",1)+IF(#REF!="No",0) -> #REF! | AH30: 3 | AI30: =INDEX(AE29:AG29,AH30) -> 0.083333333 | AJ30: =AI30 -> 0.083333333
D31: =(C32/2)*1 -> 0.041666667 | E31: =(C32/2)*1.5 -> 0.0625 | F31: =(C32/2)*2 -> 0.083333333 | M31: =(K32/2)*1 -> 0.041666667 | N31: =(K32/2)*1.5 -> 0.0625 | O31: =(K32/2)*2 -> 0.083333333 | V31: =(R32/2)*1 -> 0.041666667 | W31: =(R32/2)*1.5 -> 0.0625 | X31: =(R32/2)*2 -> 0.083333333 | AE31: =(AC32/2)*1 -> 0.041666667 | AF31: =(AC32/2)*1.5 -> 0.0625 | AG31: =(AC32/2)*2 -> 0.083333333
B32: Lorem ipsum | C32: =C25/3 -> 0.083333333 | G32: 1 | H32: =INDEX(D31:F31,G32) -> 0.041666667 | I32: =H32 -> 0.041666667 | J32: Lorem ipsum | K32: =K25/3 -> 0.083333333 | L32: =IF(#REF!="Sí",1)+IF(#REF!="No",0) -> #REF! | P32: 3 | Q32: =INDEX(M31:O31,P32) -> 0.083333333 | R32: =Q32 -> 0.083333333 | T32: =T25/3 -> 0.083333333 | U32: =IF(#REF!="Sí",1)+IF(#REF!="No",0) -> #REF! | Y32: 2 | Z32: =INDEX(V31:X31,Y32) -> 0.0625 | AA32: =Z32 -> 0.0625 | AB32: Lorem ipsum | AC32: =AC25/3 -> 0.083333333 | AD32: =IF(#REF!="Sí",1)+IF(#REF!="No",0) -> #REF! | AH32: 3 | AI32: =INDEX(AE31:AG31,AH32) -> 0.083333333 | AJ32: =AI32 -> 0.083333333 | AK32: =SUM(I33,R33,AA33,AJ33) -> 0.8125
I33: =SUM(I28+I30+I32) -> 0.125 | R33: =SUM(R28+R30+R32) -> 0.25 | AA33: =SUM(AA28+AA30+AA32) -> 0.1875 | AJ33: =SUM(AJ28+AJ30+AJ32) -> 0.25
C35: Peso máximo del Factor de Corrección | D35: Contribución al Factor de Corrección DNSH3 Protección de los recursos hídricos y marinos | G35: Rango contribucion | H35: Porcentaje Contribución | I35: Puntuación Factor corrreción DNSH 3 | K35: Peso máximo del Factor de Corrección | M35: Contribución al Factor de Corrección DNSH4 Transición hacia una Economía Circular | P35: Rango contribucion | Q35: Porcentaje Contribución | R35: Puntuación Factor corrreción DNSH·4 | T35: Peso máximo del Factor de Corrección | V35: Contribución al Factor de Corrección DNSH5 Control de la contaminación | Y35: Rango contribucion | Z35: Porcentaje Contribución | AA35: Puntuación Factor corrreción DNSH 5 | AC35: Peso máximo del Factor de Corrección | AE35: Contribución al Factor de Corrección DNSH6 Protección y recuperación de la biodiversidad y los ecosistemas | AH35: Rango contribucion | AI35: Porcentaje Contribución | AJ35: Puntuación Factor corrreción DNSH 6 | AK35: Puntuación Total Factor Corrección Ambiental
A36: ='Tabla Resultados FC'!C6 -> TPB.2.1 | B36: ='Tabla Resultados FC'!D6 -> Recuperación, puesta en valor y utilización de técnicas tradicionales para la gestión sostenible de los recursos naturales | C36: =100%/4 -> 0.25 | J36: =B36 -> Recuperación, puesta en valor y utilización de técnicas tradicionales para la gestión sostenible de los recursos naturales | K36: =100%/4 -> 0.25 | S36: =B36 -> Recuperación, puesta en valor y utilización de técnicas tradicionales para la gestión sostenible de los recursos naturales | T36: =100%/4 -> 0.25 | AB36: =J36 -> Recuperación, puesta en valor y utilización de técnicas tradicionales para la gestión sostenible de los recursos naturales | AC36: =100%/4 -> 0.25
D37: Baja | E37: Moderada | F37: Sustancial | M37: Baja | N37: Moderada | O37: Sustancial | V37: Baja | W37: Moderada | X37: Sustancial | AE37: Baja | AF37: Moderada | AG37: Sustancial
D38: =C39*50% -> 0.041666667 | E38: =C39*75% -> 0.0625 | F38: =C39*100% -> 0.083333333 | M38: =K39*50% -> 0.041666667 | N38: =K39*75% -> 0.0625 | O38: =K39*100% -> 0.083333333 | V38: =T39*50% -> 0.041666667 | W38: =T39*75% -> 0.0625 | X38: =T39*100% -> 0.083333333 | AE38: =AC39*50% -> 0.041666667 | AF38: =AC39*75% -> 0.0625 | AG38: =AC39*100% -> 0.083333333
B39: Lorem ipsum | C39: =C36/3 -> 0.083333333 | G39: 1 | H39: =INDEX(D38:F38,G39) -> 0.041666667 | I39: =H39 -> 0.041666667 | J39: Lorem ipsum | K39: =K36/3 -> 0.083333333 | L39: =IF(#REF!="Sí",1)+IF(#REF!="No",0) -> #REF! | P39: 3 | Q39: =INDEX(M38:O38,P39) -> 0.083333333 | R39: =Q39 -> 0.083333333 | T39: =T36/3 -> 0.083333333 | U39: =IF(#REF!="Sí",1)+IF(#REF!="No",0) -> #REF! | Y39: 3 | Z39: =INDEX(V38:X38,Y39) -> 0.083333333 | AA39: =Z39 -> 0.083333333 | AB39: Lorem ipsum | AC39: =AC36/3 -> 0.083333333 | AD39: =IF(#REF!="Sí",1)+IF(#REF!="No",0) -> #REF! | AH39: 3 | AI39: =INDEX(AE38:AG38,AH39) -> 0.083333333 | AJ39: =AI39 -> 0.083333333
D40: =(C41/2)*1 -> 0.041666667 | E40: =(C41/2)*1.5 -> 0.0625 | F40: =(C41/2)*2 -> 0.083333333 | M40: =(K41/2)*1 -> 0.041666667 | N40: =(K41/2)*1.5 -> 0.0625 | O40: =(K41/2)*2 -> 0.083333333 | V40: =(R41/2)*1 -> 0.041666667 | W40: =(R41/2)*1.5 -> 0.0625 | X40: =(R41/2)*2 -> 0.083333333 | AE40: =(AC41/2)*1 -> 0.041666667 | AF40: =(AC41/2)*1.5 -> 0.0625 | AG40: =(AC41/2)*2 -> 0.083333333
B41: Lorem ipsum | C41: =C36/3 -> 0.083333333 | G41: 1 | H41: =INDEX(D40:F40,G41) -> 0.041666667 | I41: =H41 -> 0.041666667 | J41: Lorem ipsum | K41: =K36/3 -> 0.083333333 | L41: =IF(#REF!="Sí",1)+IF(#REF!="No",0) -> #REF! | P41: 3 | Q41: =INDEX(M40:O40,P41) -> 0.083333333 | R41: =Q41 -> 0.083333333 | T41: =T36/3 -> 0.083333333 | U41: =IF(#REF!="Sí",1)+IF(#REF!="No",0) -> #REF! | Y41: 3 | Z41: =INDEX(V40:X40,Y41) -> 0.083333333 | AA41: =Z41 -> 0.083333333 | AB41: Lorem ipsum | AC41: =AC36/3 -> 0.083333333 | AD41: =IF(#REF!="Sí",1)+IF(#REF!="No",0) -> #REF! | AH41: 3 | AI41: =INDEX(AE40:AG40,AH41) -> 0.083333333 | AJ41: =AI41 -> 0.083333333
D42: =(C43/2)*1 -> 0.041666667 | E42: =(C43/2)*1.5 -> 0.0625 | F42: =(C43/2)*2 -> 0.083333333 | M42: =(K43/2)*1 -> 0.041666667 | N42: =(K43/2)*1.5 -> 0.0625 | O42: =(K43/2)*2 -> 0.083333333 | V42: =(R43/2)*1 -> 0.041666667 | W42: =(R43/2)*1.5 -> 0.0625 | X42: =(R43/2)*2 -> 0.083333333 | AE42: =(AC43/2)*1 -> 0.041666667 | AF42: =(AC43/2)*1.5 -> 0.0625 | AG42: =(AC43/2)*2 -> 0.083333333
B43: Lorem ipsum | C43: =C36/3 -> 0.083333333 | G43: 1 | H43: =INDEX(D42:F42,G43) -> 0.041666667 | I43: =H43 -> 0.041666667 | J43: Lorem ipsum | K43: =K36/3 -> 0.083333333 | L43: =IF(#REF!="Sí",1)+IF(#REF!="No",0) -> #REF! | P43: 3 | Q43: =INDEX(M42:O42,P43) -> 0.083333333 | R43: =Q43 -> 0.083333333 | T43: =T36/3 -> 0.083333333 | U43: =IF(#REF!="Sí",1)+IF(#REF!="No",0) -> #REF! | Y43: 3 | Z43: =INDEX(V42:X42,Y43) -> 0.083333333 | AA43: =Z43 -> 0.083333333 | AB43: Lorem ipsum | AC43: =AC36/3 -> 0.083333333 | AD43: =IF(#REF!="Sí",1)+IF(#REF!="No",0) -> #REF! | AH43: 3 | AI43: =INDEX(AE42:AG42,AH43) -> 0.083333333 | AJ43: =AI43 -> 0.083333333 | AK43: =SUM(I44,R44,AA44,AJ44) -> 0.875
I44: =SUM(I39+I41+I43) -> 0.125 | R44: =SUM(R39+R41+R43) -> 0.25 | AA44: =SUM(AA39+AA41+AA43) -> 0.25 | AJ44: =SUM(AJ39+AJ41+AJ43) -> 0.25
C46: Peso máximo del Factor de Corrección | D46: Contribución al Factor de Corrección DNSH3 Protección de los recursos hídricos y marinos | G46: Rango contribucion | H46: Porcentaje Contribución | I46: Puntuación Factor corrreción DNSH 3 | K46: Peso máximo del Factor de Corrección | M46: Contribución al Factor de Corrección DNSH4 Transición hacia una Economía Circular | P46: Rango contribucion | Q46: Porcentaje Contribución | R46: Puntuación Factor corrreción DNSH·4 | T46: Peso máximo del Factor de Corrección | V46: Contribución al Factor de Corrección DNSH5 Control de la contaminación | Y46: Rango contribucion | Z46: Porcentaje Contribución | AA46: Puntuación Factor corrreción DNSH 5 | AC46: Peso máximo del Factor de Corrección | AE46: Contribución al Factor de Corrección DNSH6 Protección y recuperación de la biodiversidad y los ecosistemas | AH46: Rango contribucion | AI46: Porcentaje Contribución | AJ46: Puntuación Factor corrreción DNSH 6 | AK46: Puntuación Total Factor Corrección Ambiental
A47: ='Tabla Resultados FC'!C7 -> TPB.3.1 | B47: ='Tabla Resultados FC'!D7 -> Potenciación de las actividades primarias, impulsando la eficiencia de recursos, manejo ecológico sostenible y la soberanía alimentaria | C47: =100%/4 -> 0.25 | J47: =B47 -> Potenciación de las actividades primarias, impulsando la eficiencia de recursos, manejo ecológico sostenible y la soberanía alimentaria | K47: =100%/4 -> 0.25 | S47: =B47 -> Potenciación de las actividades primarias, impulsando la eficiencia de recursos, manejo ecológico sostenible y la soberanía alimentaria | T47: =100%/4 -> 0.25 | AB47: =J47 -> Potenciación de las actividades primarias, impulsando la eficiencia de recursos, manejo ecológico sostenible y la soberanía alimentaria | AC47: =100%/4 -> 0.25
D48: Baja | E48: Moderada | F48: Sustancial | M48: Baja | N48: Moderada | O48: Sustancial | V48: Baja | W48: Moderada | X48: Sustancial | AE48: Baja | AF48: Moderada | AG48: Sustancial
D49: =C50*50% -> 0.041666667 | E49: =C50*75% -> 0.0625 | F49: =C50*100% -> 0.083333333 | M49: =K50*50% -> 0.041666667 | N49: =K50*75% -> 0.0625 | O49: =K50*100% -> 0.083333333 | V49: =T50*50% -> 0.041666667 | W49: =T50*75% -> 0.0625 | X49: =T50*100% -> 0.083333333 | AE49: =AC50*50% -> 0.041666667 | AF49: =AC50*75% -> 0.0625 | AG49: =AC50*100% -> 0.083333333
B50: Lorem ipsum | C50: =C47/3 -> 0.083333333 | G50: 1 | H50: =INDEX(D49:F49,G50) -> 0.041666667 | I50: =H50 -> 0.041666667 | J50: Lorem ipsum | K50: =K47/3 -> 0.083333333 | L50: =IF(#REF!="Sí",1)+IF(#REF!="No",0) -> #REF! | P50: 3 | Q50: =INDEX(M49:O49,P50) -> 0.083333333 | R50: =Q50 -> 0.083333333 | T50: =T47/3 -> 0.083333333 | U50: =IF(#REF!="Sí",1)+IF(#REF!="No",0) -> #REF! | Y50: 3 | Z50: =INDEX(V49:X49,Y50) -> 0.083333333 | AA50: =Z50 -> 0.083333333 | AB50: Lorem ipsum | AC50: =AC47/3 -> 0.083333333 | AD50: =IF(#REF!="Sí",1)+IF(#REF!="No",0) -> #REF! | AH50: 2 | AI50: =INDEX(AE49:AG49,AH50) -> 0.0625 | AJ50: =AI50 -> 0.0625
D51: =(C52/2)*1 -> 0.041666667 | E51: =(C52/2)*1.5 -> 0.0625 | F51: =(C52/2)*2 -> 0.083333333 | M51: =(K52/2)*1 -> 0.041666667 | N51: =(K52/2)*1.5 -> 0.0625 | O51: =(K52/2)*2 -> 0.083333333 | V51: =(R52/2)*1 -> 0.041666667 | W51: =(R52/2)*1.5 -> 0.0625 | X51: =(R52/2)*2 -> 0.083333333 | AE51: =(AC52/2)*1 -> 0.041666667 | AF51: =(AC52/2)*1.5 -> 0.0625 | AG51: =(AC52/2)*2 -> 0.083333333
B52: Lorem ipsum | C52: =C47/3 -> 0.083333333 | G52: 1 | H52: =INDEX(D51:F51,G52) -> 0.041666667 | I52: =H52 -> 0.041666667 | J52: Lorem ipsum | K52: =K47/3 -> 0.083333333 | L52: =IF(#REF!="Sí",1)+IF(#REF!="No",0) -> #REF! | P52: 3 | Q52: =INDEX(M51:O51,P52) -> 0.083333333 | R52: =Q52 -> 0.083333333 | T52: =T47/3 -> 0.083333333 | U52: =IF(#REF!="Sí",1)+IF(#REF!="No",0) -> #REF! | Y52: 3 | Z52: =INDEX(V51:X51,Y52) -> 0.083333333 | AA52: =Z52 -> 0.083333333 | AB52: Lorem ipsum | AC52: =AC47/3 -> 0.083333333 | AD52: =IF(#REF!="Sí",1)+IF(#REF!="No",0) -> #REF! | AH52: 2 | AI52: =INDEX(AE51:AG51,AH52) -> 0.0625 | AJ52: =AI52 -> 0.0625
D53: =(C54/2)*1 -> 0.041666667 | E53: =(C54/2)*1.5 -> 0.0625 | F53: =(C54/2)*2 -> 0.083333333 | M53: =(K54/2)*1 -> 0.041666667 | N53: =(K54/2)*1.5 -> 0.0625 | O53: =(K54/2)*2 -> 0.083333333 | V53: =(R54/2)*1 -> 0.041666667 | W53: =(R54/2)*1.5 -> 0.0625 | X53: =(R54/2)*2 -> 0.083333333 | AE53: =(AC54/2)*1 -> 0.041666667 | AF53: =(AC54/2)*1.5 -> 0.0625 | AG53: =(AC54/2)*2 -> 0.083333333
B54: Lorem ipsum | C54: =C47/3 -> 0.083333333 | G54: 1 | H54: =INDEX(D53:F53,G54) -> 0.041666667 | I54: =H54 -> 0.041666667 | J54: Lorem ipsum | K54: =K47/3 -> 0.083333333 | L54: =IF(#REF!="Sí",1)+IF(#REF!="No",0) -> #REF! | P54: 3 | Q54: =INDEX(M53:O53,P54) -> 0.083333333 | R54: =Q54 -> 0.083333333 | T54: =T47/3 -> 0.083333333 | U54: =IF(#REF!="Sí",1)+IF(#REF!="No",0) -> #REF! | Y54: 1 | Z54: =INDEX(V53:X53,Y54) -> 0.041666667 | AA54: =Z54 -> 0.041666667 | AB54: Lorem ipsum | AC54: =AC47/3 -> 0.083333333 | AD54: =IF(#REF!="Sí",1)+IF(#REF!="No",0) -> #REF! | AH54: 2 | AI54: =INDEX(AE53:AG53,AH54) -> 0.0625 | AJ54: =AI54 -> 0.0625 | AK54: =SUM(I55,R55,AA55,AJ55) -> 0.77083333
I55: =SUM(I50+I52+I54) -> 0.125 | R55: =SUM(R50+R52+R54) -> 0.25 | AA55: =SUM(AA50+AA52+AA54) -> 0.20833333 | AJ55: =SUM(AJ50+AJ52+AJ54) -> 0.1875
C57: Peso máximo del Factor de Corrección | D57: Contribución al Factor de Corrección DNSH3 Protección de los recursos hídricos y marinos | G57: Rango contribucion | H57: Porcentaje Contribución | I57: Puntuación Factor corrreción DNSH 3 | K57: Peso máximo del Factor de Corrección | M57: Contribución al Factor de Corrección DNSH4 Transición hacia una Economía Circular | P57: Rango contribucion | Q57: Porcentaje Contribución | R57: Puntuación Factor corrreción DNSH·4 | T57: Peso máximo del Factor de Corrección | V57: Contribución al Factor de Corrección DNSH5 Control de la contaminación | Y57: Rango contribucion | Z57: Porcentaje Contribución | AA57: Puntuación Factor corrreción DNSH 5 | AC57: Peso máximo del Factor de Corrección | AE57: Contribución al Factor de Corrección DNSH6 Protección y recuperación de la biodiversidad y los ecosistemas | AH57: Rango contribucion | AI57: Porcentaje Contribución | AJ57: Puntuación Factor corrreción DNSH 6 | AK57: Puntuación Total Factor Corrección Ambiental
A58: ='Tabla Resultados FC'!C8 -> TPB.4.1 | B58: ='Tabla Resultados FC'!D8 -> Introducir Soluciones basadas en la Naturaleza para reducir la vulnerabilidad frente a los efectos del cambio climático | C58: =100%/4 -> 0.25 | J58: =B58 -> Introducir Soluciones basadas en la Naturaleza para reducir la vulnerabilidad frente a los efectos del cambio climático | K58: =100%/4 -> 0.25 | S58: =B58 -> Introducir Soluciones basadas en la Naturaleza para reducir la vulnerabilidad frente a los efectos del cambio climático | T58: =100%/4 -> 0.25 | AB58: =J58 -> Introducir Soluciones basadas en la Naturaleza para reducir la vulnerabilidad frente a los efectos del cambio climático | AC58: =100%/4 -> 0.25
D59: Baja | E59: Moderada | F59: Sustancial | M59: Baja | N59: Moderada | O59: Sustancial | V59: Baja | W59: Moderada | X59: Sustancial | AE59: Baja | AF59: Moderada | AG59: Sustancial
D60: =C61*50% -> 0.041666667 | E60: =C61*75% -> 0.0625 | F60: =C61*100% -> 0.083333333 | M60: =K61*50% -> 0.041666667 | N60: =K61*75% -> 0.0625 | O60: =K61*100% -> 0.083333333 | V60: =T61*50% -> 0.041666667 | W60: =T61*75% -> 0.0625 | X60: =T61*100% -> 0.083333333 | AE60: =AC61*50% -> 0.041666667 | AF60: =AC61*75% -> 0.0625 | AG60: =AC61*100% -> 0.083333333
B61: Lorem ipsum | C61: =C58/3 -> 0.083333333 | G61: 1 | H61: =INDEX(D60:F60,G61) -> 0.041666667 | I61: =H61 -> 0.041666667 | J61: Lorem ipsum | K61: =K58/3 -> 0.083333333 | L61: =IF(#REF!="Sí",1)+IF(#REF!="No",0) -> #REF! | P61: 3 | Q61: =INDEX(M60:O60,P61) -> 0.083333333 | R61: =Q61 -> 0.083333333 | T61: =T58/3 -> 0.083333333 | U61: =IF(#REF!="Sí",1)+IF(#REF!="No",0) -> #REF! | Y61: 3 | Z61: =INDEX(V60:X60,Y61) -> 0.083333333 | AA61: =Z61 -> 0.083333333 | AB61: Lorem ipsum | AC61: =AC58/3 -> 0.083333333 | AD61: =IF(#REF!="Sí",1)+IF(#REF!="No",0) -> #REF! | AH61: 2 | AI61: =INDEX(AE60:AG60,AH61) -> 0.0625 | AJ61: =AI61 -> 0.0625
D62: =(C63/2)*1 -> 0.041666667 | E62: =(C63/2)*1.5 -> 0.0625 | F62: =(C63/2)*2 -> 0.083333333 | M62: =(K63/2)*1 -> 0.041666667 | N62: =(K63/2)*1.5 -> 0.0625 | O62: =(K63/2)*2 -> 0.083333333 | V62: =(R63/2)*1 -> 0.041666667 | W62: =(R63/2)*1.5 -> 0.0625 | X62: =(R63/2)*2 -> 0.083333333 | AE62: =(AC63/2)*1 -> 0.041666667 | AF62: =(AC63/2)*1.5 -> 0.0625 | AG62: =(AC63/2)*2 -> 0.083333333
B63: Lorem ipsum | C63: =C58/3 -> 0.083333333 | G63: 1 | H63: =INDEX(D62:F62,G63) -> 0.041666667 | I63: =H63 -> 0.041666667 | J63: Lorem ipsum | K63: =K58/3 -> 0.083333333 | L63: =IF(#REF!="Sí",1)+IF(#REF!="No",0) -> #REF! | P63: 3 | Q63: =INDEX(M62:O62,P63) -> 0.083333333 | R63: =Q63 -> 0.083333333 | T63: =T58/3 -> 0.083333333 | U63: =IF(#REF!="Sí",1)+IF(#REF!="No",0) -> #REF! | Y63: 3 | Z63: =INDEX(V62:X62,Y63) -> 0.083333333 | AA63: =Z63 -> 0.083333333 | AB63: Lorem ipsum | AC63: =AC58/3 -> 0.083333333 | AD63: =IF(#REF!="Sí",1)+IF(#REF!="No",0) -> #REF! | AH63: 2 | AI63: =INDEX(AE62:AG62,AH63) -> 0.0625 | AJ63: =AI63 -> 0.0625
D64: =(C65/2)*1 -> 0.041666667 | E64: =(C65/2)*1.5 -> 0.0625 | F64: =(C65/2)*2 -> 0.083333333 | M64: =(K65/2)*1 -> 0.041666667 | N64: =(K65/2)*1.5 -> 0.0625 | O64: =(K65/2)*2 -> 0.083333333 | V64: =(R65/2)*1 -> 0.041666667 | W64: =(R65/2)*1.5 -> 0.0625 | X64: =(R65/2)*2 -> 0.083333333 | AE64: =(AC65/2)*1 -> 0.041666667 | AF64: =(AC65/2)*1.5 -> 0.0625 | AG64: =(AC65/2)*2 -> 0.083333333
B65: Lorem ipsum | C65: =C58/3 -> 0.083333333 | G65: 1 | H65: =INDEX(D64:F64,G65) -> 0.041666667 | I65: =H65 -> 0.041666667 | J65: Lorem ipsum | K65: =K58/3 -> 0.083333333 | L65: =IF(#REF!="Sí",1)+IF(#REF!="No",0) -> #REF! | P65: 3 | Q65: =INDEX(M64:O64,P65) -> 0.083333333 | R65: =Q65 -> 0.083333333 | T65: =T58/3 -> 0.083333333 | U65: =IF(#REF!="Sí",1)+IF(#REF!="No",0) -> #REF! | Y65: 3 | Z65: =INDEX(V64:X64,Y65) -> 0.083333333 | AA65: =Z65 -> 0.083333333 | AB65: Lorem ipsum | AC65: =AC58/3 -> 0.083333333 | AD65: =IF(#REF!="Sí",1)+IF(#REF!="No",0) -> #REF! | AH65: 2 | AI65: =INDEX(AE64:AG64,AH65) -> 0.0625 | AJ65: =AI65 -> 0.0625 | AK65: =SUM(I66,R66,AA66,AJ66) -> 0.8125
I66: =SUM(I61+I63+I65) -> 0.125 | R66: =SUM(R61+R63+R65) -> 0.25 | AA66: =SUM(AA61+AA63+AA65) -> 0.25 | AJ66: =SUM(AJ61+AJ63+AJ65) -> 0.1875
C68: Peso máximo del Factor de Corrección | D68: Contribución al Factor de Corrección DNSH3 Protección de los recursos hídricos y marinos | G68: Rango contribucion | H68: Porcentaje Contribución | I68: Puntuación Factor corrreción DNSH 3 | K68: Peso máximo del Factor de Corrección | M68: Contribución al Factor de Corrección DNSH4 Transición hacia una Economía Circular | P68: Rango contribucion | Q68: Porcentaje Contribución | R68: Puntuación Factor corrreción DNSH·4 | T68: Peso máximo del Factor de Corrección | V68: Contribución al Factor de Corrección DNSH5 Control de la contaminación | Y68: Rango contribucion | Z68: Porcentaje Contribución | AA68: Puntuación Factor corrreción DNSH 5 | AC68: Peso máximo del Factor de Corrección | AE68: Contribución al Factor de Corrección DNSH6 Protección y recuperación de la biodiversidad y los ecosistemas | AH68: Rango contribucion | AI68: Porcentaje Contribución | AJ68: Puntuación Factor corrreción DNSH 6 | AK68: Puntuación Total Factor Corrección Ambiental
A69: ='Tabla Resultados FC'!C9 -> TPB.4.2 | B69: ='Tabla Resultados FC'!D9 -> Multifuncionalidad del territorio y los recursos naturales frente al cambio climático | C69: =100%/4 -> 0.25 | J69: =B69 -> Multifuncionalidad del territorio y los recursos naturales frente al cambio climático | K69: =100%/4 -> 0.25 | S69: =B69 -> Multifuncionalidad del territorio y los recursos naturales frente al cambio climático | T69: =100%/4 -> 0.25 | AB69: =J69 -> Multifuncionalidad del territorio y los recursos naturales frente al cambio climático | AC69: =100%/4 -> 0.25
D70: Baja | E70: Moderada | F70: Sustancial | M70: Baja | N70: Moderada | O70: Sustancial | V70: Baja | W70: Moderada | X70: Sustancial | AE70: Baja | AF70: Moderada | AG70: Sustancial
D71: =C72*50% -> 0.041666667 | E71: =C72*75% -> 0.0625 | F71: =C72*100% -> 0.083333333 | M71: =K72*50% -> 0.041666667 | N71: =K72*75% -> 0.0625 | O71: =K72*100% -> 0.083333333 | V71: =T72*50% -> 0.041666667 | W71: =T72*75% -> 0.0625 | X71: =T72*100% -> 0.083333333 | AE71: =AC72*50% -> 0.041666667 | AF71: =AC72*75% -> 0.0625 | AG71: =AC72*100% -> 0.083333333
B72: Lorem ipsum | C72: =C69/3 -> 0.083333333 | G72: 1 | H72: =INDEX(D71:F71,G72) -> 0.041666667 | I72: =H72 -> 0.041666667 | J72: Lorem ipsum | K72: =K69/3 -> 0.083333333 | L72: =IF(#REF!="Sí",1)+IF(#REF!="No",0) -> #REF! | P72: 3 | Q72: =INDEX(M71:O71,P72) -> 0.083333333 | R72: =Q72 -> 0.083333333 | T72: =T69/3 -> 0.083333333 | U72: =IF(#REF!="Sí",1)+IF(#REF!="No",0) -> #REF! | Y72: 3 | Z72: =INDEX(V71:X71,Y72) -> 0.083333333 | AA72: =Z72 -> 0.083333333 | AB72: Lorem ipsum | AC72: =AC69/3 -> 0.083333333 | AD72: =IF(#REF!="Sí",1)+IF(#REF!="No",0) -> #REF! | AH72: 2 | AI72: =INDEX(AE71:AG71,AH72) -> 0.0625 | AJ72: =AI72 -> 0.0625
D73: =(C74/2)*1 -> 0.041666667 | E73: =(C74/2)*1.5 -> 0.0625 | F73: =(C74/2)*2 -> 0.083333333 | M73: =(K74/2)*1 -> 0.041666667 | N73: =(K74/2)*1.5 -> 0.0625 | O73: =(K74/2)*2 -> 0.083333333 | V73: =(R74/2)*1 -> 0.041666667 | W73: =(R74/2)*1.5 -> 0.0625 | X73: =(R74/2)*2 -> 0.083333333 | AE73: =(AC74/2)*1 -> 0.041666667 | AF73: =(AC74/2)*1.5 -> 0.0625 | AG73: =(AC74/2)*2 -> 0.083333333
B74: Lorem ipsum | C74: =C69/3 -> 0.083333333 | G74: 1 | H74: =INDEX(D73:F73,G74) -> 0.041666667 | I74: =H74 -> 0.041666667 | J74: Lorem ipsum | K74: =K69/3 -> 0.083333333 | L74: =IF(#REF!="Sí",1)+IF(#REF!="No",0) -> #REF! | P74: 3 | Q74: =INDEX(M73:O73,P74) -> 0.083333333 | R74: =Q74 -> 0.083333333 | T74: =T69/3 -> 0.083333333 | U74: =IF(#REF!="Sí",1)+IF(#REF!="No",0) -> #REF! | Y74: 3 | Z74: =INDEX(V73:X73,Y74) -> 0.083333333 | AA74: =Z74 -> 0.083333333 | AB74: Lorem ipsum | AC74: =AC69/3 -> 0.083333333 | AD74: =IF(#REF!="Sí",1)+IF(#REF!="No",0) -> #REF! | AH74: 2 | AI74: =INDEX(AE73:AG73,AH74) -> 0.0625 | AJ74: =AI74 -> 0.0625
D75: =(C76/2)*1 -> 0.041666667 | E75: =(C76/2)*1.5 -> 0.0625 | F75: =(C76/2)*2 -> 0.083333333 | M75: =(K76/2)*1 -> 0.041666667 | N75: =(K76/2)*1.5 -> 0.0625 | O75: =(K76/2)*2 -> 0.083333333 | V75: =(R76/2)*1 -> 0.041666667 | W75: =(R76/2)*1.5 -> 0.0625 | X75: =(R76/2)*2 -> 0.083333333 | AE75: =(AC76/2)*1 -> 0.041666667 | AF75: =(AC76/2)*1.5 -> 0.0625 | AG75: =(AC76/2)*2 -> 0.083333333
B76: Lorem ipsum | C76: =C69/3 -> 0.083333333 | G76: 1 | H76: =INDEX(D75:F75,G76) -> 0.041666667 | I76: =H76 -> 0.041666667 | J76: Lorem ipsum | K76: =K69/3 -> 0.083333333 | L76: =IF(#REF!="Sí",1)+IF(#REF!="No",0) -> #REF! | P76: 3 | Q76: =INDEX(M75:O75,P76) -> 0.083333333 | R76: =Q76 -> 0.083333333 | T76: =T69/3 -> 0.083333333 | U76: =IF(#REF!="Sí",1)+IF(#REF!="No",0) -> #REF! | Y76: 3 | Z76: =INDEX(V75:X75,Y76) -> 0.083333333 | AA76: =Z76 -> 0.083333333 | AB76: Lorem ipsum | AC76: =AC69/3 -> 0.083333333 | AD76: =IF(#REF!="Sí",1)+IF(#REF!="No",0) -> #REF! | AH76: 2 | AI76: =INDEX(AE75:AG75,AH76) -> 0.0625 | AJ76: =AI76 -> 0.0625 | AK76: =SUM(I77,R77,AA77,AJ77) -> 0.8125
I77: =SUM(I72+I74+I76) -> 0.125 | R77: =SUM(R72+R74+R76) -> 0.25 | AA77: =SUM(AA72+AA74+AA76) -> 0.25 | AJ77: =SUM(AJ72+AJ74+AJ76) -> 0.1875
C79: Peso máximo del Factor de Corrección | D79: Contribución al Factor de Corrección DNSH3 Protección de los recursos hídricos y marinos | G79: Rango contribucion | H79: Porcentaje Contribución | I79: Puntuación Factor corrreción DNSH 3 | K79: Peso máximo del Factor de Corrección | M79: Contribución al Factor de Corrección DNSH4 Transición hacia una Economía Circular | P79: Rango contribucion | Q79: Porcentaje Contribución | R79: Puntuación Factor corrreción DNSH·4 | T79: Peso máximo del Factor de Corrección | V79: Contribución al Factor de Corrección DNSH5 Control de la contaminación | Y79: Rango contribucion | Z79: Porcentaje Contribución | AA79: Puntuación Factor corrreción DNSH 5 | AC79: Peso máximo del Factor de Corrección | AE79: Contribución al Factor de Corrección DNSH6 Protección y recuperación de la biodiversidad y los ecosistemas | AH79: Rango contribucion | AI79: Porcentaje Contribución | AJ79: Puntuación Factor corrreción DNSH 6 | AK79: Puntuación Total Factor Corrección Ambiental
A80: ='Tabla Resultados FC'!#REF! -> #REF! | B80: ='Tabla Resultados FC'!#REF! -> #REF! | C80: =100%/4 -> 0.25 | J80: =B80 -> #REF! | K80: =100%/4 -> 0.25 | S80: =B80 -> #REF! | T80: =100%/4 -> 0.25 | AB80: =J80 -> #REF! | AC80: =100%/4 -> 0.25
D81: Baja | E81: Moderada | F81: Sustancial | M81: Baja | N81: Moderada | O81: Sustancial | V81: Baja | W81: Moderada | X81: Sustancial | AE81: Baja | AF81: Moderada | AG81: Sustancial
D82: =C83*50% -> 0.041666667 | E82: =C83*75% -> 0.0625 | F82: =C83*100% -> 0.083333333 | M82: =K83*50% -> 0.041666667 | N82: =K83*75% -> 0.0625 | O82: =K83*100% -> 0.083333333 | V82: =T83*50% -> 0.041666667 | W82: =T83*75% -> 0.0625 | X82: =T83*100% -> 0.083333333 | AE82: =AC83*50% -> 0.041666667 | AF82: =AC83*75% -> 0.0625 | AG82: =AC83*100% -> 0.083333333
B83: Lorem ipsum | C83: =C80/3 -> 0.083333333 | G83: 1 | H83: =INDEX(D82:F82,G83) -> 0.041666667 | I83: =H83 -> 0.041666667 | J83: Lorem ipsum | K83: =K80/3 -> 0.083333333 | L83: =IF(#REF!="Sí",1)+IF(#REF!="No",0) -> #REF! | P83: 3 | Q83: =INDEX(M82:O82,P83) -> 0.083333333 | R83: =Q83 -> 0.083333333 | T83: =T80/3 -> 0.083333333 | U83: =IF(#REF!="Sí",1)+IF(#REF!="No",0) -> #REF! | Y83: 3 | Z83: =INDEX(V82:X82,Y83) -> 0.083333333 | AA83: =Z83 -> 0.083333333 | AB83: Lorem ipsum | AC83: =AC80/3 -> 0.083333333 | AD83: =IF(#REF!="Sí",1)+IF(#REF!="No",0) -> #REF! | AH83: 2 | AI83: =INDEX(AE82:AG82,AH83) -> 0.0625 | AJ83: =AI83 -> 0.0625
D84: =(C85/2)*1 -> 0.041666667 | E84: =(C85/2)*1.5 -> 0.0625 | F84: =(C85/2)*2 -> 0.083333333 | M84: =(K85/2)*1 -> 0.041666667 | N84: =(K85/2)*1.5 -> 0.0625 | O84: =(K85/2)*2 -> 0.083333333 | V84: =(R85/2)*1 -> 0.041666667 | W84: =(R85/2)*1.5 -> 0.0625 | X84: =(R85/2)*2 -> 0.083333333 | AE84: =(AC85/2)*1 -> 0.041666667 | AF84: =(AC85/2)*1.5 -> 0.0625 | AG84: =(AC85/2)*2 -> 0.083333333
B85: Lorem ipsum | C85: =C80/3 -> 0.083333333 | G85: 1 | H85: =INDEX(D84:F84,G85) -> 0.041666667 | I85: =H85 -> 0.041666667 | J85: Lorem ipsum | K85: =K80/3 -> 0.083333333 | L85: =IF(#REF!="Sí",1)+IF(#REF!="No",0) -> #REF! | P85: 3 | Q85: =INDEX(M84:O84,P85) -> 0.083333333 | R85: =Q85 -> 0.083333333 | T85: =T80/3 -> 0.083333333 | U85: =IF(#REF!="Sí",1)+IF(#REF!="No",0) -> #REF! | Y85: 3 | Z85: =INDEX(V84:X84,Y85) -> 0.083333333 | AA85: =Z85 -> 0.083333333 | AB85: Lorem ipsum | AC85: =AC80/3 -> 0.083333333 | AD85: =IF(#REF!="Sí",1)+IF(#REF!="No",0) -> #REF! | AH85: 2 | AI85: =INDEX(AE84:AG84,AH85) -> 0.0625 | AJ85: =AI85 -> 0.0625
D86: =(C87/2)*1 -> 0.041666667 | E86: =(C87/2)*1.5 -> 0.0625 | F86: =(C87/2)*2 -> 0.083333333 | M86: =(K87/2)*1 -> 0.041666667 | N86: =(K87/2)*1.5 -> 0.0625 | O86: =(K87/2)*2 -> 0.083333333 | V86: =(R87/2)*1 -> 0.041666667 | W86: =(R87/2)*1.5 -> 0.0625 | X86: =(R87/2)*2 -> 0.083333333 | AE86: =(AC87/2)*1 -> 0.041666667 | AF86: =(AC87/2)*1.5 -> 0.0625 | AG86: =(AC87/2)*2 -> 0.083333333
B87: Lorem ipsum | C87: =C80/3 -> 0.083333333 | G87: 1 | H87: =INDEX(D86:F86,G87) -> 0.041666667 | I87: =H87 -> 0.041666667 | J87: Lorem ipsum | K87: =K80/3 -> 0.083333333 | L87: =IF(#REF!="Sí",1)+IF(#REF!="No",0) -> #REF! | P87: 3 | Q87: =INDEX(M86:O86,P87) -> 0.083333333 | R87: =Q87 -> 0.083333333 | T87: =T80/3 -> 0.083333333 | U87: =IF(#REF!="Sí",1)+IF(#REF!="No",0) -> #REF! | Y87: 3 | Z87: =INDEX(V86:X86,Y87) -> 0.083333333 | AA87: =Z87 -> 0.083333333 | AB87: Lorem ipsum | AC87: =AC80/3 -> 0.083333333 | AD87: =IF(#REF!="Sí",1)+IF(#REF!="No",0) -> #REF! | AH87: 2 | AI87: =INDEX(AE86:AG86,AH87) -> 0.0625 | AJ87: =AI87 -> 0.0625 | AK87: =SUM(I88,R88,AA88,AJ88) -> 0.8125
I88: =SUM(I83+I85+I87) -> 0.125 | R88: =SUM(R83+R85+R87) -> 0.25 | AA88: =SUM(AA83+AA85+AA87) -> 0.25 | AJ88: =SUM(AJ83+AJ85+AJ87) -> 0.1875
C90: Peso máximo del Factor de Corrección | D90: Contribución al Factor de Corrección DNSH3 Protección de los recursos hídricos y marinos | G90: Rango contribucion | H90: Porcentaje Contribución | I90: Puntuación Factor corrreción DNSH 3 | K90: Peso máximo del Factor de Corrección | M90: Contribución al Factor de Corrección DNSH4 Transición hacia una Economía Circular | P90: Rango contribucion | Q90: Porcentaje Contribución | R90: Puntuación Factor corrreción DNSH·4 | T90: Peso máximo del Factor de Corrección | V90: Contribución al Factor de Corrección DNSH5 Control de la contaminación | Y90: Rango contribucion | Z90: Porcentaje Contribución | AA90: Puntuación Factor corrreción DNSH 5 | AC90: Peso máximo del Factor de Corrección | AE90: Contribución al Factor de Corrección DNSH6 Protección y recuperación de la biodiversidad y los ecosistemas | AH90: Rango contribucion | AI90: Porcentaje Contribución | AJ90: Puntuación Factor corrreción DNSH 6 | AK90: Puntuación Total Factor Corrección Ambiental
A91: ='Tabla Resultados FC'!#REF! -> #REF! | B91: ='Tabla Resultados FC'!#REF! -> #REF! | C91: =100%/4 -> 0.25 | J91: =B91 -> #REF! | K91: =100%/4 -> 0.25 | S91: =B91 -> #REF! | T91: =100%/4 -> 0.25 | AB91: =J91 -> #REF! | AC91: =100%/4 -> 0.25
D92: Baja | E92: Moderada | F92: Sustancial | M92: Baja | N92: Moderada | O92: Sustancial | V92: Baja | W92: Moderada | X92: Sustancial | AE92: Baja | AF92: Moderada | AG92: Sustancial
D93: =C94*50% -> 0.041666667 | E93: =C94*75% -> 0.0625 | F93: =C94*100% -> 0.083333333 | M93: =K94*50% -> 0.041666667 | N93: =K94*75% -> 0.0625 | O93: =K94*100% -> 0.083333333 | V93: =T94*50% -> 0.041666667 | W93: =T94*75% -> 0.0625 | X93: =T94*100% -> 0.083333333 | AE93: =AC94*50% -> 0.041666667 | AF93: =AC94*75% -> 0.0625 | AG93: =AC94*100% -> 0.083333333
B94: Lorem ipsum | C94: =C91/3 -> 0.083333333 | G94: 1 | H94: =INDEX(D93:F93,G94) -> 0.041666667 | I94: =H94 -> 0.041666667 | J94: Lorem ipsum | K94: =K91/3 -> 0.083333333 | L94: =IF(#REF!="Sí",1)+IF(#REF!="No",0) -> #REF! | P94: 3 | Q94: =INDEX(M93:O93,P94) -> 0.083333333 | R94: =Q94 -> 0.083333333 | T94: =T91/3 -> 0.083333333 | U94: =IF(#REF!="Sí",1)+IF(#REF!="No",0) -> #REF! | Y94: 3 | Z94: =INDEX(V93:X93,Y94) -> 0.083333333 | AA94: =Z94 -> 0.083333333 | AB94: Lorem ipsum | AC94: =AC91/3 -> 0.083333333 | AD94: =IF(#REF!="Sí",1)+IF(#REF!="No",0) -> #REF! | AH94: 2 | AI94: =INDEX(AE93:AG93,AH94) -> 0.0625 | AJ94: =AI94 -> 0.0625
D95: =(C96/2)*1 -> 0.041666667 | E95: =(C96/2)*1.5 -> 0.0625 | F95: =(C96/2)*2 -> 0.083333333 | M95: =(K96/2)*1 -> 0.041666667 | N95: =(K96/2)*1.5 -> 0.0625 | O95: =(K96/2)*2 -> 0.083333333 | V95: =(R96/2)*1 -> 0.041666667 | W95: =(R96/2)*1.5 -> 0.0625 | X95: =(R96/2)*2 -> 0.083333333 | AE95: =(AC96/2)*1 -> 0.041666667 | AF95: =(AC96/2)*1.5 -> 0.0625 | AG95: =(AC96/2)*2 -> 0.083333333
B96: Lorem ipsum | C96: =C91/3 -> 0.083333333 | G96: 1 | H96: =INDEX(D95:F95,G96) -> 0.041666667 | I96: =H96 -> 0.041666667 | J96: Lorem ipsum | K96: =K91/3 -> 0.083333333 | L96: =IF(#REF!="Sí",1)+IF(#REF!="No",0) -> #REF! | P96: 3 | Q96: =INDEX(M95:O95,P96) -> 0.083333333 | R96: =Q96 -> 0.083333333 | T96: =T91/3 -> 0.083333333 | U96: =IF(#REF!="Sí",1)+IF(#REF!="No",0) -> #REF! | Y96: 3 | Z96: =INDEX(V95:X95,Y96) -> 0.083333333 | AA96: =Z96 -> 0.083333333 | AB96: Lorem ipsum | AC96: =AC91/3 -> 0.083333333 | AD96: =IF(#REF!="Sí",1)+IF(#REF!="No",0) -> #REF! | AH96: 2 | AI96: =INDEX(AE95:AG95,AH96) -> 0.0625 | AJ96: =AI96 -> 0.0625
D97: =(C98/2)*1 -> 0.041666667 | E97: =(C98/2)*1.5 -> 0.0625 | F97: =(C98/2)*2 -> 0.083333333 | M97: =(K98/2)*1 -> 0.041666667 | N97: =(K98/2)*1.5 -> 0.0625 | O97: =(K98/2)*2 -> 0.083333333 | V97: =(R98/2)*1 -> 0.041666667 | W97: =(R98/2)*1.5 -> 0.0625 | X97: =(R98/2)*2 -> 0.083333333 | AE97: =(AC98/2)*1 -> 0.041666667 | AF97: =(AC98/2)*1.5 -> 0.0625 | AG97: =(AC98/2)*2 -> 0.083333333
B98: Lorem ipsum | C98: =C91/3 -> 0.083333333 | G98: 1 | H98: =INDEX(D97:F97,G98) -> 0.041666667 | I98: =H98 -> 0.041666667 | J98: Lorem ipsum | K98: =K91/3 -> 0.083333333 | L98: =IF(#REF!="Sí",1)+IF(#REF!="No",0) -> #REF! | P98: 3 | Q98: =INDEX(M97:O97,P98) -> 0.083333333 | R98: =Q98 -> 0.083333333 | T98: =T91/3 -> 0.083333333 | U98: =IF(#REF!="Sí",1)+IF(#REF!="No",0) -> #REF! | Y98: 3 | Z98: =INDEX(V97:X97,Y98) -> 0.083333333 | AA98: =Z98 -> 0.083333333 | AB98: Lorem ipsum | AC98: =AC91/3 -> 0.083333333 | AD98: =IF(#REF!="Sí",1)+IF(#REF!="No",0) -> #REF! | AH98: 2 | AI98: =INDEX(AE97:AG97,AH98) -> 0.0625 | AJ98: =AI98 -> 0.0625 | AK98: =SUM(I99,R99,AA99,AJ99) -> 0.8125
I99: =SUM(I94+I96+I98) -> 0.125 | R99: =SUM(R94+R96+R98) -> 0.25 | AA99: =SUM(AA94+AA96+AA98) -> 0.25 | AJ99: =SUM(AJ94+AJ96+AJ98) -> 0.1875
C101: Peso máximo del Factor de Corrección | D101: Contribución al Factor de Corrección DNSH3 Protección de los recursos hídricos y marinos | G101: Rango contribucion | H101: Porcentaje Contribución | I101: Puntuación Factor corrreción DNSH 3 | K101: Peso máximo del Factor de Corrección | M101: Contribución al Factor de Corrección DNSH4 Transición hacia una Economía Circular | P101: Rango contribucion | Q101: Porcentaje Contribución | R101: Puntuación Factor corrreción DNSH·4 | T101: Peso máximo del Factor de Corrección | V101: Contribución al Factor de Corrección DNSH5 Control de la contaminación | Y101: Rango contribucion | Z101: Porcentaje Contribución | AA101: Puntuación Factor corrreción DNSH 5 | AC101: Peso máximo del Factor de Corrección | AE101: Contribución al Factor de Corrección DNSH6 Protección y recuperación de la biodiversidad y los ecosistemas | AH101: Rango contribucion | AI101: Porcentaje Contribución | AJ101: Puntuación Factor corrreción DNSH 6 | AK101: Puntuación Total Factor Corrección Ambiental
A102: ='Tabla Resultados FC'!#REF! -> #REF! | B102: ='Tabla Resultados FC'!#REF! -> #REF! | C102: =100%/4 -> 0.25 | J102: =B102 -> #REF! | K102: =100%/4 -> 0.25 | S102: =B102 -> #REF! | T102: =100%/4 -> 0.25 | AB102: =J102 -> #REF! | AC102: =100%/4 -> 0.25
D103: Baja | E103: Moderada | F103: Sustancial | M103: Baja | N103: Moderada | O103: Sustancial | V103: Baja | W103: Moderada | X103: Sustancial | AE103: Baja | AF103: Moderada | AG103: Sustancial
D104: =C105*50% -> 0.041666667 | E104: =C105*75% -> 0.0625 | F104: =C105*100% -> 0.083333333 | M104: =K105*50% -> 0.041666667 | N104: =K105*75% -> 0.0625 | O104: =K105*100% -> 0.083333333 | V104: =T105*50% -> 0.041666667 | W104: =T105*75% -> 0.0625 | X104: =T105*100% -> 0.083333333 | AE104: =AC105*50% -> 0.041666667 | AF104: =AC105*75% -> 0.0625 | AG104: =AC105*100% -> 0.083333333
B105: Lorem ipsum | C105: =C102/3 -> 0.083333333 | G105: 1 | H105: =INDEX(D104:F104,G105) -> 0.041666667 | I105: =H105 -> 0.041666667 | J105: Lorem ipsum | K105: =K102/3 -> 0.083333333 | L105: =IF(#REF!="Sí",1)+IF(#REF!="No",0) -> #REF! | P105: 3 | Q105: =INDEX(M104:O104,P105) -> 0.083333333 | R105: =Q105 -> 0.083333333 | T105: =T102/3 -> 0.083333333 | U105: =IF(#REF!="Sí",1)+IF(#REF!="No",0) -> #REF! | Y105: 3 | Z105: =INDEX(V104:X104,Y105) -> 0.083333333 | AA105: =Z105 -> 0.083333333 | AB105: Lorem ipsum | AC105: =AC102/3 -> 0.083333333 | AD105: =IF(#REF!="Sí",1)+IF(#REF!="No",0) -> #REF! | AH105: 2 | AI105: =INDEX(AE104:AG104,AH105) -> 0.0625 | AJ105: =AI105 -> 0.0625
D106: =(C107/2)*1 -> 0.041666667 | E106: =(C107/2)*1.5 -> 0.0625 | F106: =(C107/2)*2 -> 0.083333333 | M106: =(K107/2)*1 -> 0.041666667 | N106: =(K107/2)*1.5 -> 0.0625 | O106: =(K107/2)*2 -> 0.083333333 | V106: =(R107/2)*1 -> 0.041666667 | W106: =(R107/2)*1.5 -> 0.0625 | X106: =(R107/2)*2 -> 0.083333333 | AE106: =(AC107/2)*1 -> 0.041666667 | AF106: =(AC107/2)*1.5 -> 0.0625 | AG106: =(AC107/2)*2 -> 0.083333333
B107: Lorem ipsum | C107: =C102/3 -> 0.083333333 | G107: 1 | H107: =INDEX(D106:F106,G107) -> 0.041666667 | I107: =H107 -> 0.041666667 | J107: Lorem ipsum | K107: =K102/3 -> 0.083333333 | L107: =IF(#REF!="Sí",1)+IF(#REF!="No",0) -> #REF! | P107: 3 | Q107: =INDEX(M106:O106,P107) -> 0.083333333 | R107: =Q107 -> 0.083333333 | T107: =T102/3 -> 0.083333333 | U107: =IF(#REF!="Sí",1)+IF(#REF!="No",0) -> #REF! | Y107: 3 | Z107: =INDEX(V106:X106,Y107) -> 0.083333333 | AA107: =Z107 -> 0.083333333 | AB107: Lorem ipsum | AC107: =AC102/3 -> 0.083333333 | AD107: =IF(#REF!="Sí",1)+IF(#REF!="No",0) -> #REF! | AH107: 2 | AI107: =INDEX(AE106:AG106,AH107) -> 0.0625 | AJ107: =AI107 -> 0.0625
D108: =(C109/2)*1 -> 0.041666667 | E108: =(C109/2)*1.5 -> 0.0625 | F108: =(C109/2)*2 -> 0.083333333 | M108: =(K109/2)*1 -> 0.041666667 | N108: =(K109/2)*1.5 -> 0.0625 | O108: =(K109/2)*2 -> 0.083333333 | V108: =(R109/2)*1 -> 0.041666667 | W108: =(R109/2)*1.5 -> 0.0625 | X108: =(R109/2)*2 -> 0.083333333 | AE108: =(AC109/2)*1 -> 0.041666667 | AF108: =(AC109/2)*1.5 -> 0.0625 | AG108: =(AC109/2)*2 -> 0.083333333
B109: Lorem ipsum | C109: =C102/3 -> 0.083333333 | G109: 1 | H109: =INDEX(D108:F108,G109) -> 0.041666667 | I109: =H109 -> 0.041666667 | J109: Lorem ipsum | K109: =K102/3 -> 0.083333333 | L109: =IF(#REF!="Sí",1)+IF(#REF!="No",0) -> #REF! | P109: 3 | Q109: =INDEX(M108:O108,P109) -> 0.083333333 | R109: =Q109 -> 0.083333333 | T109: =T102/3 -> 0.083333333 | U109: =IF(#REF!="Sí",1)+IF(#REF!="No",0) -> #REF! | Y109: 3 | Z109: =INDEX(V108:X108,Y109) -> 0.083333333 | AA109: =Z109 -> 0.083333333 | AB109: Lorem ipsum | AC109: =AC102/3 -> 0.083333333 | AD109: =IF(#REF!="Sí",1)+IF(#REF!="No",0) -> #REF! | AH109: 2 | AI109: =INDEX(AE108:AG108,AH109) -> 0.0625 | AJ109: =AI109 -> 0.0625 | AK109: =SUM(I110,R110,AA110,AJ110) -> 0.8125
I110: =SUM(I105+I107+I109) -> 0.125 | R110: =SUM(R105+R107+R109) -> 0.25 | AA110: =SUM(AA105+AA107+AA109) -> 0.25 | AJ110: =SUM(AJ105+AJ107+AJ109) -> 0.1875
...

Sheet AUX-FC Soc_xx BASE
C1: Peso máximo del Factor de Corrección I | D1: Cumplimiento | F1: Puntuación Factor Corrección I | H1: Peso máximo del Factor de Corrección II | I1: Cumplimiento | K1: Puntuación Factor Corrección II
A2: ='Tabla Resultados.'!C3 -> TPB.1.1 | B2: ='[1]TABLA_MTU-cambiar nombres aqui'!G3 -> Aumento generación EERR | C2: 0.5 | G2: =B2 -> Aumento generación EERR | H2: 0.5
B4: Factor de Corección I | G4: Factor de Corección II
B5: Participación Ciudadana inclusiva y transversal | C5: =C2*0.5 -> 0.25 | D5: Sí | E5: =IF(D5="Sí",1)+IF(D5="No",0) -> 1 | F5: =C5*E5 -> 0.25 | G5: Medidas específicas dirigidas a reducir el impacto del cambio climático sobre las condiciones de vida de las personas | H5: =H2 -> 0.5 | I5: Sí | J5: =IF(I5="Sí",1)+IF(I5="No",0) -> 1 | K5: =H5*J5 -> 0.5
B7: Inclusión de los indicadores sociodemográificos | C7: =C2*0.5 -> 0.25 | D7: Sí | E7: =IF(D7="Sí",1)+IF(D7="No",0) -> 1 | F7: =C7*E7 -> 0.25 | I7: Sí | J7: =IF(I7="Sí",1)+IF(I7="No",0) -> 1 | K7: =H7*J7 -> 0
E9: =IF(D9="Sí",1)+IF(D9="No",0) -> 0 | F9: =C9*E9 -> 0 | I9: Sí | J9: =IF(I9="Sí",1)+IF(I9="No",0) -> 1 | K9: =H9*J9 -> 0 | L9: =F10+K10 -> 1
C10: =SUM(C5:C9) -> 0.5 | F10: =SUM(F5:F9) -> 0.5 | H10: =SUM(H5:H9) -> 0.5 | K10: =SUM(K5:K9) -> 0.5
C13: Peso máximo del Factor de Corrección I | D13: Cumplimiento | F13: Puntuación Factor Corrección I | H13: Peso máximo del Factor de Corrección II | I13: Cumplimiento | K13: Puntuación Factor Corrección II
A14: ='Tabla Resultados.'!C4 -> TPB.1.2 | B14: ='[1]TABLA_MTU-cambiar nombres aqui'!G4 -> Reducción de emisiones de GEI | C14: 0.5 | G14: =B14 -> Reducción de emisiones de GEI | H14: 0.5
B16: Factor de Corección I | G16: Factor de Corección II
B17: Participación Ciudadana inclusiva y transversal | C17: =C14*0.5 -> 0.25 | D17: Sí | E17: =IF(D17="Sí",1)+IF(D17="No",0) -> 1 | F17: =C17*E17 -> 0.25 | G17: Medidas específicas dirigidas a reducir el impacto del cambio climático sobre las condiciones de vida de las personas | H17: =H14 -> 0.5 | I17: Sí | J17: =IF(I17="Sí",1)+IF(I17="No",0) -> 1 | K17: =H17*J17 -> 0.5
B19: Inclusión de los indicadores sociodemográificos | C19: =C14*0.5 -> 0.25 | D19: Sí | E19: =IF(D19="Sí",1)+IF(D19="No",0) -> 1 | F19: =C19*E19 -> 0.25 | I19: Sí | J19: =IF(I19="Sí",1)+IF(I19="No",0) -> 1 | K19: =H19*J19 -> 0
E21: =IF(D21="Sí",1)+IF(D21="No",0) -> 0 | F21: =C21*E21 -> 0 | I21: Sí | J21: =IF(I21="Sí",1)+IF(I21="No",0) -> 1 | K21: =H21*J21 -> 0 | L21: =F22+K22 -> 1
C22: =SUM(C17:C21) -> 0.5 | F22: =SUM(F17:F21) -> 0.5 | H22: =SUM(H17:H21) -> 0.5 | K22: =SUM(K17:K21) -> 0.5
C24: Peso máximo del Factor de Corrección I | D24: Cumplimiento | F24: Puntuación Factor Corrección I | H24: Peso máximo del Factor de Corrección II | I24: Cumplimiento | K24: Puntuación Factor Corrección II
A25: ='Tabla Resultados.'!C5 -> TPB.1.3 | B25: ='[1]TABLA_MTU-cambiar nombres aqui'!G5 -> Potenciación de la autosuficiencia conectada | C25: 0.5 | G25: =B25 -> Potenciación de la autosuficiencia conectada | H25: 0.5
B27: Factor de Corección I | G27: Factor de Corección II
B28: Participación Ciudadana inclusiva y transversal | C28: =C25*0.5 -> 0.25 | D28: Sí | E28: =IF(D28="Sí",1)+IF(D28="No",0) -> 1 | F28: =C28*E28 -> 0.25 | G28: Medidas específicas dirigidas a reducir el impacto del cambio climático sobre las condiciones de vida de las personas | H28: =H25 -> 0.5 | I28: Sí | J28: =IF(I28="Sí",1)+IF(I28="No",0) -> 1 | K28: =H28*J28 -> 0.5
B30: Inclusión de los indicadores sociodemográificos | C30: =C25*0.5 -> 0.25 | D30: Sí | E30: =IF(D30="Sí",1)+IF(D30="No",0) -> 1 | F30: =C30*E30 -> 0.25 | I30: Sí | J30: =IF(I30="Sí",1)+IF(I30="No",0) -> 1 | K30: =H30*J30 -> 0
E32: =IF(D32="Sí",1)+IF(D32="No",0) -> 0 | F32: =C32*E32 -> 0 | I32: Sí | J32: =IF(I32="Sí",1)+IF(I32="No",0) -> 1 | K32: =H32*J32 -> 0 | L32: =F33+K33 -> 1
C33: =SUM(C28:C32) -> 0.5 | F33: =SUM(F28:F32) -> 0.5 | H33: =SUM(H28:H32) -> 0.5 | K33: =SUM(K28:K32) -> 0.5
C35: Peso máximo del Factor de Corrección I | D35: Cumplimiento | F35: Puntuación Factor Corrección I | H35: Peso máximo del Factor de Corrección II | I35: Cumplimiento | K35: Puntuación Factor Corrección II
A36: ='Tabla Resultados.'!C6 -> TPB.2.1 | B36: ='[1]TABLA_MTU-cambiar nombres aqui'!G6 -> Autosuficiencia hídrica conectada | C36: 0.5 | G36: =B36 -> Autosuficiencia hídrica conectada | H36: 0.5
B38: Factor de Corección I | G38: Factor de Corección II
B39: Participación Ciudadana inclusiva y transversal | C39: =C36*0.5 -> 0.25 | D39: Sí | E39: =IF(D39="Sí",1)+IF(D39="No",0) -> 1 | F39: =C39*E39 -> 0.25 | G39: Medidas específicas dirigidas a reducir el impacto del cambio climático sobre las condiciones de vida de las personas | H39: =H36 -> 0.5 | I39: Sí | J39: =IF(I39="Sí",1)+IF(I39="No",0) -> 1 | K39: =H39*J39 -> 0.5
B41: Inclusión de los indicadores sociodemográificos | C41: =C36*0.5 -> 0.25 | D41: Sí | E41: =IF(D41="Sí",1)+IF(D41="No",0) -> 1 | F41: =C41*E41 -> 0.25 | I41: Sí | J41: =IF(I41="Sí",1)+IF(I41="No",0) -> 1 | K41: =H41*J41 -> 0
E43: =IF(D43="Sí",1)+IF(D43="No",0) -> 0 | F43: =C43*E43 -> 0 | I43: Sí | J43: =IF(I43="Sí",1)+IF(I43="No",0) -> 1 | K43: =H43*J43 -> 0 | L43: =F44+K44 -> 1
C44: =SUM(C39:C43) -> 0.5 | F44: =SUM(F39:F43) -> 0.5 | H44: =SUM(H39:H43) -> 0.5 | K44: =SUM(K39:K43) -> 0.5
C46: Peso máximo del Factor de Corrección I | D46: Cumplimiento | F46: Puntuación Factor Corrección I | H46: Peso máximo del Factor de Corrección II | I46: Cumplimiento | K46: Puntuación Factor Corrección II
A47: ='Tabla Resultados.'!C7 -> TPB.2.2 | B47: ='[1]TABLA_MTU-cambiar nombres aqui'!G7 -> Eficiencia en la producción y tratamiento de las aguas | C47: 0.5 | G47: =B47 -> Eficiencia en la producción y tratamiento de las aguas | H47: 0.5
B49: Factor de Corección I | G49: Factor de Corección II
B50: Participación Ciudadana inclusiva y transversal | C50: =C47*0.5 -> 0.25 | D50: Sí | E50: =IF(D50="Sí",1)+IF(D50="No",0) -> 1 | F50: =C50*E50 -> 0.25 | G50: Medidas específicas dirigidas a reducir el impacto del cambio climático sobre las condiciones de vida de las personas | H50: =H47 -> 0.5 | I50: Sí | J50: =IF(I50="Sí",1)+IF(I50="No",0) -> 1 | K50: =H50*J50 -> 0.5
B52: Inclusión de los indicadores sociodemográificos | C52: =C47*0.5 -> 0.25 | D52: Sí | E52: =IF(D52="Sí",1)+IF(D52="No",0) -> 1 | F52: =C52*E52 -> 0.25 | I52: Sí | J52: =IF(I52="Sí",1)+IF(I52="No",0) -> 1 | K52: =H52*J52 -> 0
E54: =IF(D54="Sí",1)+IF(D54="No",0) -> 0 | F54: =C54*E54 -> 0 | I54: Sí | J54: =IF(I54="Sí",1)+IF(I54="No",0) -> 1 | K54: =H54*J54 -> 0 | L54: =F55+K55 -> 1
C55: =SUM(C50:C54) -> 0.5 | F55: =SUM(F50:F54) -> 0.5 | H55: =SUM(H50:H54) -> 0.5 | K55: =SUM(K50:K54) -> 0.5
C57: Peso máximo del Factor de Corrección I | D57: Cumplimiento | F57: Puntuación Factor Corrección I | H57: Peso máximo del Factor de Corrección II | I57: Cumplimiento | K57: Puntuación Factor Corrección II
A58: ='Tabla Resultados.'!C8 -> TPB.2.3 | B58: ='[1]TABLA_MTU-cambiar nombres aqui'!G8 -> Eficiencia y optimización en la demanda hídrica | C58: 0.5 | G58: =B58 -> Eficiencia y optimización en la demanda hídrica | H58: 0.5
B60: Factor de Corección I | G60: Factor de Corección II
B61: Participación Ciudadana inclusiva y transversal | C61: =C58*0.5 -> 0.25 | D61: Sí | E61: =IF(D61="Sí",1)+IF(D61="No",0) -> 1 | F61: =C61*E61 -> 0.25 | G61: Medidas específicas dirigidas a reducir el impacto del cambio climático sobre las condiciones de vida de las personas | H61: =H58 -> 0.5 | I61: Sí | J61: =IF(I61="Sí",1)+IF(I61="No",0) -> 1 | K61: =H61*J61 -> 0.5
B63: Inclusión de los indicadores sociodemográificos | C63: =C58*0.5 -> 0.25 | D63: Sí | E63: =IF(D63="Sí",1)+IF(D63="No",0) -> 1 | F63: =C63*E63 -> 0.25 | I63: Sí | J63: =IF(I63="Sí",1)+IF(I63="No",0) -> 1 | K63: =H63*J63 -> 0
E65: =IF(D65="Sí",1)+IF(D65="No",0) -> 0 | F65: =C65*E65 -> 0 | I65: Sí | J65: =IF(I65="Sí",1)+IF(I65="No",0) -> 1 | K65: =H65*J65 -> 0 | L65: =F66+K66 -> 1
C66: =SUM(C61:C65) -> 0.5 | F66: =SUM(F61:F65) -> 0.5 | H66: =SUM(H61:H65) -> 0.5 | K66: =SUM(K61:K65) -> 0.5
C68: Peso máximo del Factor de Corrección I | D68: Cumplimiento | F68: Puntuación Factor Corrección I | H68: Peso máximo del Factor de Corrección II | I68: Cumplimiento | K68: Puntuación Factor Corrección II
A69: ='Tabla Resultados.'!C9 -> TPB.3.1 | B69: ='[1]TABLA_MTU-cambiar nombres aqui'!G9 -> Potenciación de las SbN | C69: 0.5 | G69: =B69 -> Potenciación de las SbN | H69: 0.5
B71: Factor de Corección I | G71: Factor de Corección II
B72: Participación Ciudadana inclusiva y transversal | C72: =C69*0.5 -> 0.25 | D72: Sí | E72: =IF(D72="Sí",1)+IF(D72="No",0) -> 1 | F72: =C72*E72 -> 0.25 | G72: Medidas específicas dirigidas a reducir el impacto del cambio climático sobre las condiciones de vida de las personas | H72: =H69 -> 0.5 | I72: Sí | J72: =IF(I72="Sí",1)+IF(I72="No",0) -> 1 | K72: =H72*J72 -> 0.5
B74: Inclusión de los indicadores sociodemográificos | C74: =C69*0.5 -> 0.25 | D74: Sí | E74: =IF(D74="Sí",1)+IF(D74="No",0) -> 1 | F74: =C74*E74 -> 0.25 | I74: Sí | J74: =IF(I74="Sí",1)+IF(I74="No",0) -> 1 | K74: =H74*J74 -> 0
E76: =IF(D76="Sí",1)+IF(D76="No",0) -> 0 | F76: =C76*E76 -> 0 | I76: Sí | J76: =IF(I76="Sí",1)+IF(I76="No",0) -> 1 | K76: =H76*J76 -> 0 | L76: =F77+K77 -> 1
C77: =SUM(C72:C76) -> 0.5 | F77: =SUM(F72:F76) -> 0.5 | H77: =SUM(H72:H76) -> 0.5 | K77: =SUM(K72:K76) -> 0.5
C79: Peso máximo del Factor de Corrección I | D79: Cumplimiento | F79: Puntuación Factor Corrección I | H79: Peso máximo del Factor de Corrección II | I79: Cumplimiento | K79: Puntuación Factor Corrección II
A80: ='Tabla Resultados.'!C10 -> TPB.3.2 | B80: ='[1]TABLA_MTU-cambiar nombres aqui'!G10 -> Compatibilidad de la protección del sistema natural con la gestión de residuos | C80: 0.5 | G80: =B80 -> Compatibilidad de la protección del sistema natural con la gestión de residuos | H80: 0.5
B82: Factor de Corección I | G82: Factor de Corección II
B83: Participación Ciudadana inclusiva y transversal | C83: =C80*0.5 -> 0.25 | D83: Sí | E83: =IF(D83="Sí",1)+IF(D83="No",0) -> 1 | F83: =C83*E83 -> 0.25 | G83: Medidas específicas dirigidas a reducir el impacto del cambio climático sobre las condiciones de vida de las personas | H83: =H80 -> 0.5 | I83: Sí | J83: =IF(I83="Sí",1)+IF(I83="No",0) -> 1 | K83: =H83*J83 -> 0.5
B85: Inclusión de los indicadores sociodemográificos | C85: =C80*0.5 -> 0.25 | D85: Sí | E85: =IF(D85="Sí",1)+IF(D85="No",0) -> 1 | F85: =C85*E85 -> 0.25 | I85: Sí | J85: =IF(I85="Sí",1)+IF(I85="No",0) -> 1 | K85: =H85*J85 -> 0
E87: =IF(D87="Sí",1)+IF(D87="No",0) -> 0 | F87: =C87*E87 -> 0 | I87: Sí | J87: =IF(I87="Sí",1)+IF(I87="No",0) -> 1 | K87: =H87*J87 -> 0 | L87: =F88+K88 -> 1
C88: =SUM(C83:C87) -> 0.5 | F88: =SUM(F83:F87) -> 0.5 | H88: =SUM(H83:H87) -> 0.5 | K88: =SUM(K83:K87) -> 0.5
C90: Peso máximo del Factor de Corrección I | D90: Cumplimiento | F90: Puntuación Factor Corrección I | H90: Peso máximo del Factor de Corrección II | I90: Cumplimiento | K90: Puntuación Factor Corrección II
A91: ='Tabla Resultados.'!C11 -> TPB.3.3 | B91: ='[1]TABLA_MTU-cambiar nombres aqui'!G11 -> Reducción de la contaminación del suelo | C91: 0.5 | G91: =B91 -> Reducción de la contaminación del suelo | H91: 0.5
B93: Factor de Corección I | G93: Factor de Corección II
B94: Participación Ciudadana inclusiva y transversal | C94: =C91*0.5 -> 0.25 | D94: Sí | E94: =IF(D94="Sí",1)+IF(D94="No",0) -> 1 | F94: =C94*E94 -> 0.25 | G94: Medidas específicas dirigidas a reducir el impacto del cambio climático sobre las condiciones de vida de las personas | H94: =H91 -> 0.5 | I94: Sí | J94: =IF(I94="Sí",1)+IF(I94="No",0) -> 1 | K94: =H94*J94 -> 0.5
B96: Inclusión de los indicadores sociodemográificos | C96: =C91*0.5 -> 0.25 | D96: Sí | E96: =IF(D96="Sí",1)+IF(D96="No",0) -> 1 | F96: =C96*E96 -> 0.25 | I96: Sí | J96: =IF(I96="Sí",1)+IF(I96="No",0) -> 1 | K96: =H96*J96 -> 0
E98: =IF(D98="Sí",1)+IF(D98="No",0) -> 0 | F98: =C98*E98 -> 0 | I98: Sí | J98: =IF(I98="Sí",1)+IF(I98="No",0) -> 1 | K98: =H98*J98 -> 0 | L98: =F99+K99 -> 1
C99: =SUM(C94:C98) -> 0.5 | F99: =SUM(F94:F98) -> 0.5 | H99: =SUM(H94:H98) -> 0.5 | K99: =SUM(K94:K98) -> 0.5
C101: Peso máximo del Factor de Corrección I | D101: Cumplimiento | F101: Puntuación Factor Corrección I | H101: Peso máximo del Factor de Corrección II | I101: Cumplimiento | K101: Puntuación Factor Corrección II
A102: ='Tabla Resultados.'!C12 -> TPB.3.4 | B102: ='[1]TABLA_MTU-cambiar nombres aqui'!G12 -> Viabilizar el principio de autosuficiencia | C102: 0.5 | G102: =B102 -> Viabilizar el principio de autosuficiencia | H102: 0.5
B104: Factor de Corección I | G104: Factor de Corección II
B105: Participación Ciudadana inclusiva y transversal | C105: =C102*0.5 -> 0.25 | D105: Sí | E105: =IF(D105="Sí",1)+IF(D105="No",0) -> 1 | F105: =C105*E105 -> 0.25 | G105: Medidas específicas dirigidas a reducir el impacto del cambio climático sobre las condiciones de vida de las personas | H105: =H102 -> 0.5 | I105: Sí | J105: =IF(I105="Sí",1)+IF(I105="No",0) -> 1 | K105: =H105*J105 -> 0.5
B107: Inclusión de los indicadores sociodemográificos | C107: =C102*0.5 -> 0.25 | D107: Sí | E107: =IF(D107="Sí",1)+IF(D107="No",0) -> 1 | F107: =C107*E107 -> 0.25 | I107: Sí | J107: =IF(I107="Sí",1)+IF(I107="No",0) -> 1 | K107: =H107*J107 -> 0
E109: =IF(D109="Sí",1)+IF(D109="No",0) -> 0 | F109: =C109*E109 -> 0 | I109: Sí | J109: =IF(I109="Sí",1)+IF(I109="No",0) -> 1 | K109: =H109*J109 -> 0 | L109: =F110+K110 -> 1
C110: =SUM(C105:C109) -> 0.5 | F110: =SUM(F105:F109) -> 0.5 | H110: =SUM(H105:H109) -> 0.5 | K110: =SUM(K105:K109) -> 0.5
C112: Peso máximo del Factor de Corrección I | D112: Cumplimiento | F112: Puntuación Factor Corrección I | H112: Peso máximo del Factor de Corrección II | I112: Cumplimiento | K112: Puntuación Factor Corrección II
A113: ='Tabla Resultados.'!C13 -> TPB.4.1 | B113: ='[1]TABLA_MTU-cambiar nombres aqui'!G13 -> Reducción de emisiones de GEI | C113: 0.5 | G113: =B113 -> Reducción de emisiones de GEI | H113: 0.5
B115: Factor de Corección I | G115: Factor de Corección II
B116: Participación Ciudadana inclusiva y transversal | C116: =C113*0.5 -> 0.25 | D116: Sí | E116: =IF(D116="Sí",1)+IF(D116="No",0) -> 1 | F116: =C116*E116 -> 0.25 | G116: Medidas específicas dirigidas a reducir el impacto del cambio climático sobre las condiciones de vida de las personas | H116: =H113 -> 0.5 | I116: Sí | J116: =IF(I116="Sí",1)+IF(I116="No",0) -> 1 | K116: =H116*J116 -> 0.5
B118: Inclusión de los indicadores sociodemográificos | C118: =C113*0.5 -> 0.25 | D118: Sí | E118: =IF(D118="Sí",1)+IF(D118="No",0) -> 1 | F118: =C118*E118 -> 0.25 | I118: Sí | J118: =IF(I118="Sí",1)+IF(I118="No",0) -> 1 | K118: =H118*J118 -> 0
E120: =IF(D120="Sí",1)+IF(D120="No",0) -> 0 | F120: =C120*E120 -> 0 | I120: Sí | J120: =IF(I120="Sí",1)+IF(I120="No",0) -> 1 | K120: =H120*J120 -> 0 | L120: =F121+K121 -> 1
C121: =SUM(C116:C120) -> 0.5 | F121: =SUM(F116:F120) -> 0.5 | H121: =SUM(H116:H120) -> 0.5 | K121: =SUM(K116:K120) -> 0.5
C123: Peso máximo del Factor de Corrección I | D123: Cumplimiento | F123: Puntuación Factor Corrección I | H123: Peso máximo del Factor de Corrección II | I123: Cumplimiento | K123: Puntuación Factor Corrección II
A124: ='Tabla Resultados.'!C14 -> TPB.4.2 | B124: ='[1]TABLA_MTU-cambiar nombres aqui'!G14 -> Economía circular | C124: 0.5 | G124: =B124 -> Economía circular | H124: 0.5
B126: Factor de Corección I | G126: Factor de Corección II
B127: Participación Ciudadana inclusiva y transversal | C127: =C124*0.5 -> 0.25 | D127: Sí | E127: =IF(D127="Sí",1)+IF(D127="No",0) -> 1 | F127: =C127*E127 -> 0.25 | G127: Medidas específicas dirigidas a reducir el impacto del cambio climático sobre las condiciones de vida de las personas | H127: =H124 -> 0.5 | I127: Sí | J127: =IF(I127="Sí",1)+IF(I127="No",0) -> 1 | K127: =H127*J127 -> 0.5
B129: Inclusión de los indicadores sociodemográificos | C129: =C124*0.5 -> 0.25 | D129: Sí | E129: =IF(D129="Sí",1)+IF(D129="No",0) -> 1 | F129: =C129*E129 -> 0.25 | I129: Sí | J129: =IF(I129="Sí",1)+IF(I129="No",0) -> 1 | K129: =H129*J129 -> 0
E131: =IF(D131="Sí",1)+IF(D131="No",0) -> 0 | F131: =C131*E131 -> 0 | I131: Sí | J131: =IF(I131="Sí",1)+IF(I131="No",0) -> 1 | K131: =H131*J131 -> 0 | L131: =F132+K132 -> 1
C132: =SUM(C127:C131) -> 0.5 | F132: =SUM(F127:F131) -> 0.5 | H132: =SUM(H127:H131) -> 0.5 | K132: =SUM(K127:K131) -> 0.5
C134: Peso máximo del Factor de Corrección I | D134: Cumplimiento | F134: Puntuación Factor Corrección I | H134: Peso máximo del Factor de Corrección II | I134: Cumplimiento | K134: Puntuación Factor Corrección II
A135: ='Tabla Resultados.'!C15 -> TPB.4.3 | B135: ='[1]TABLA_MTU-cambiar nombres aqui'!G15 -> Evaluación de riesgos | C135: 0.5 | G135: =B135 -> Evaluación de riesgos | H135: 0.5
B137: Factor de Corección I | G137: Factor de Corección II
B138: Participación Ciudadana inclusiva y transversal | C138: =C135*0.5 -> 0.25 | D138: Sí | E138: =IF(D138="Sí",1)+IF(D138="No",0) -> 1 | F138: =C138*E138 -> 0.25 | G138: Medidas específicas dirigidas a reducir el impacto del cambio climático sobre las condiciones de vida de las personas | H138: =H135 -> 0.5 | I138: Sí | J138: =IF(I138="Sí",1)+IF(I138="No",0) -> 1 | K138: =H138*J138 -> 0.5
B140: Inclusión de los indicadores sociodemográificos | C140: =C135*0.5 -> 0.25 | D140: Sí | E140: =IF(D140="Sí",1)+IF(D140="No",0) -> 1 | F140: =C140*E140 -> 0.25 | I140: Sí | J140: =IF(I140="Sí",1)+IF(I140="No",0) -> 1 | K140: =H140*J140 -> 0
E142: =IF(D142="Sí",1)+IF(D142="No",0) -> 0 | F142: =C142*E142 -> 0 | I142: Sí | J142: =IF(I142="Sí",1)+IF(I142="No",0) -> 1 | K142: =H142*J142 -> 0 | L142: =F143+K143 -> 1
C143: =SUM(C138:C142) -> 0.5 | F143: =SUM(F138:F142) -> 0.5 | H143: =SUM(H138:H142) -> 0.5 | K143: =SUM(K138:K142) -> 0.5
C145: Peso máximo del Factor de Corrección I | D145: Cumplimiento | F145: Puntuación Factor Corrección I | H145: Peso máximo del Factor de Corrección II | I145: Cumplimiento | K145: Puntuación Factor Corrección II
C146: 0.5 | G146: =B146 -> 0 | H146: 0.5
B148: Factor de Corección I | G148: Factor de Corección II
B149: Participación Ciudadana inclusiva y transversal | C149: =C146*0.5 -> 0.25 | D149: Sí | E149: =IF(D149="Sí",1)+IF(D149="No",0) -> 1 | F149: =C149*E149 -> 0.25 | G149: Medidas específicas dirigidas a reducir el impacto del cambio climático sobre las condiciones de vida de las personas | H149: =H146 -> 0.5 | I149: Sí | J149: =IF(I149="Sí",1)+IF(I149="No",0) -> 1 | K149: =H149*J149 -> 0.5
B151: Inclusión de los indicadores sociodemográificos | C151: =C146*0.5 -> 0.25 | D151: Sí | E151: =IF(D151="Sí",1)+IF(D151="No",0) -> 1 | F151: =C151*E151 -> 0.25 | I151: Sí | J151: =IF(I151="Sí",1)+IF(I151="No",0) -> 1 | K151: =H151*J151 -> 0
E153: =IF(D153="Sí",1)+IF(D153="No",0) -> 0 | F153: =C153*E153 -> 0 | I153: Sí | J153: =IF(I153="Sí",1)+IF(I153="No",0) -> 1 | K153: =H153*J153 -> 0 | L153: =F154+K154 -> 1
C154: =SUM(C149:C153) -> 0.5 | F154: =SUM(F149:F153) -> 0.5 | H154: =SUM(H149:H153) -> 0.5 | K154: =SUM(K149:K153) -> 0.5
C156: Peso máximo del Factor de Corrección I | D156: Cumplimiento | F156: Puntuación Factor Corrección I | H156: Peso máximo del Factor de Corrección II | I156: Cumplimiento | K156: Puntuación Factor Corrección II
C157: 0.5 | G157: =B157 -> 0 | H157: 0.5
...

Sheet Tabla Resultados.
B2: TERRITORIO, PAISAJE Y BIODIVERSIDAD (TPB) | C2: CRITERIO
C3: TPB.1.1 | D3: Continuidad y funcionalidad ecológica de la IV-A
C4: TPB.1.2 | D4: Conservación, restauración y puesta en valor de los ecosistemas naturales frente al CC
C5: TPB.1.3 | D5: Refuerzo e implementación de los Servicios Ecosistémicos en el territorio
C6: TPB.2.1 | D6: Recuperación y conservación del patrimonio natural y cultural
C7: TPB.2.2 | D7: Puesta en valor y utilización de técnicas tradicionales para la gestión sostenible de los recursos naturales
C8: TPB.2.3 | D8: Recuperación multifuncional del paisaje tradicional
C9: TPB.3.1 | D9: Recuperación del suelo agricola en estado de abandono
C10: TPB.3.2 | D10: Potenciación de agrosistemas diversificados, impulsando la eficiencia de recursos y el manejo ecológico sostenible
C11: TPB.3.3 | D11: Utilización responsable de los recursos necesarios para producir alimentos
C12: TPB.3.4 | D12: Localización eficiente de las infraestructuras básicas para la provisión de alimentos
C13: TPB.4.1 | D13: Introducir Soluciones basadas en la Naturaleza para reducir la vulnerabilidad de los ecosistemas
C14: TPB.4.2 | D14: Introducir Soluciones basadas en la Naturaleza para enfrentar los desafios sociales y económicos
C15: TPB.4.3 | D15: Multifuncionalidad del territorio y los recursos naturales frente al CC
B16: MORFOLOGÍA Y MODELO DE OCUPACIÓN DEL TERRITORIO (MOT) | C16: MOT.1.01 | D16: IV-A Elemento estructurante del territorio
C17: MOT.1.02 | D17: Servicios ecosistémicos
C18: MOT.1.03 | D18: Potenciación sistemas agrarios
C19: MOT.1.04 | D19: Desarrollo policéntrico núcleos rurales
C20: MOT.1.05 | D20: Renaturalización ciudades
C21: MOT.1.06 | D21: Ordenación sistémica, resiliente y adaptada
C22: MOT.1.07 | D22: Centralidades escalonadas
C23: MOT.2.01 | D23: Modelo de ordenación orientado a la neutralidad climática
C24: MOT.2.02 | D24: Transición ecológica justa
C25: MOT.3.01 | D25: Ocupación del suelo racional y equilibrada. Regeneración frente a expansión
C26: MOT.3.02 | D26: Descarbonización del sistema urbano
C27: MOT.3.03 | D27: Heterogenizar el territorio
C28: MOT.3.04 | D28: Densificación de lo disperso
... C32: MOT.4.04 | D32: Adaptación del territorio para minimización de riesgos
B33: METABOLISMO TERRITORIAL Y URBANO (MTU) | C33: MTU.1.1 | D33: Aumento generación EERR
C34: MTU.1.2 | D34: Reducción de emisiones de GEI
C35: MTU.1.3 | D35: Potenciación de la autosuficiencia conectada
C36: MTU.2.1 | D36: Autosuficiencia hídrica conectada
C37: MTU.2.2 | D37: Eficiencia en la producción y tratamiento de las aguas
C38: MTU.2.3 | D38: Eficiencia y optimización en la demanda hídrica
C39: MTU.2.4 | D39: Potenciación de las SbN
C40: MTU.3.1 | D40: Compatibilidad de la protección del sistema natural con la gestión de residuos
C41: MTU.3.2 | D41: Reducción de la contaminación del suelo
C42: MTU.3.3 | D42: Viabilizar el principio de autosuficiencia
C43: MTU.3.4 | D43: Reducción de emisiones de GEI
C44: MTU.3.5 | D44: Economía circular
C45: MTU.4.1 | D45: Evaluación de riesgos
... C48: MTU.4.4 | D48: Vinculación del planeamiento urbano al ciclo del agua
B49: MOVILIDAD Y ACCESIBILIDAD (MA) | C49: MA.1.1 | D49: Territorio de los 45 min (Conectividad rural y zonas periféricas)
C50: MA.1.2 | D50: Modelo de movilidad intermodal
C51: MA.1.3 | D51: Gestión eficiente del aparcamiento periférico
C52: MA.2.1 | D52: Ciudad de los 15 min.
C53: MA.2.2 | D53: Gestión de la demanda de la movilidad privada urbana
C54: MA.2.3 | D54: Gestión eficiente del aparcamiento urbano
C55: MA.3.1 | D55: Reducción de emisiones de GEI del transporte
C56: MA.3.2 | D56: Smart City
C57: MA.4.1 | D57: Evaluación de riesgos
C58: MA.4.2 | D58: Gestión de riesgos
C59: MA.4.3 | D59: Adaptación al cambio climático
C60: MA.4.4 | D60: IV-A Elemento integrante de las infraestructuras de transporte
C61: MA.4.5 | D61: Permeabilidad del suelo
B62: ECOSISTEMA URBANO (EU) | C62: EU.1.1 | D62: Renaturalización (SbN)
C63: EU.1.2 | D63: Potenciación IV-A como Elemento estructurante del territorio
C64: EU.1.3 | D64: Confort urbano. Diseño urbano basado en la Naturaleza. I-VA
C65: EU.1.4 | D65: Adaptar mediante acciones territoriales sostenibles y resilientes
C66: EU.2.1 | D66: Renovación y regeneración urbana
C67: EU.2.2 | D67: Ciudad de los 15´
C68: EU.2.3 | D68: Recursos endógenos. Planificación consciente
C69: EU.2.4 | D69: Eficiencia y sostenibilidad de la urbanización y edificación
C70: EU.2.5 | D70: Actuar sobre usos y zonas vulnerables
C71: EU.3.1 | D71: Edificación racional y equilibrada. Regeneración frente a expansión
C72: EU.3.2 | D72: Edificaciones de consumo casi nulo
C73: EU.3.3 | D73: Sistemas constructivos sostenibles. Controlar todo los procesos
C74: EU.3.4 | D74: Diseño edificaciones flexibles en el tiempo que alarguen la vida util de las mismas
... C79: EU.4.4 | D79: Detectar las fragilidades o vulnerabilidades de los grupos de incidencia
B80: GOBERNANZA, DIMENSIÓN HUMANA Y ECONÓMICA (GDHE)

Sheet Tabla Resultados FC
B2: ='Tabla Resultados.'!B2:B15 -> TERRITORIO, PAISAJE Y BIODIVERSIDAD (TPB) | C2: CRITERIO | E2: Factor de Corrección Social | F2: Factor de Corrección Económico | G2: Factor de Corrección Ambiental | H2: Factor Correcion Total
C3: ='[2]Tabla Resultados TPB'!$E$3 -> TPB.1.1 | D3: ='[2]Tabla Resultados TPB'!$F$3 -> Continuidad y funcionalidad ecológica de la Infraestructura Verde-Azul | E3: ='Panel Control FC Social-TPB'!O8 -> 1 | F3: ='Panel Control FC Economico-TPB'!Q8 -> 1 | H3: =AVERAGE(E3:G3) -> 1
C4: ='[2]Tabla Resultados TPB'!$E$4 -> TPB.1.2 | D4: ='[2]Tabla Resultados TPB'!$F$4 -> Conservación, restauración y puesta en valor de los ecosistemas naturales frente al cambio climático | E4: ='Panel Control FC Social-TPB'!O17 -> 1 | F4: ='Panel Control FC Economico-TPB'!Q19 -> 1 | H4: =AVERAGE(E4:G4) -> 1
C5: ='[2]Tabla Resultados TPB'!$E$5 -> TPB.1.3 | D5: ='[2]Tabla Resultados TPB'!$F$5 -> Refuerzo e implementación de los Servicios Ecosistémicos en el territorio | E5: ='Panel Control FC Social-TPB'!O27 -> 1 | F5: ='Panel Control FC Economico-TPB'!Q29 -> 1 | H5: =AVERAGE(E5:G5) -> 1
C6: ='[2]Tabla Resultados TPB'!$E$6 -> TPB.2.1 | D6: ='[2]Tabla Resultados TPB'!$F$6 -> Recuperación, puesta en valor y utilización de técnicas tradicionales para la gestión sostenible de los recursos naturales | E6: ='Panel Control FC Social-TPB'!O37 -> 1 | F6: ='Panel Control FC Economico-TPB'!Q39 -> 1 | H6: =AVERAGE(E6:G6) -> 1
C7: ='[2]Tabla Resultados TPB'!$E$7 -> TPB.3.1 | D7: ='[2]Tabla Resultados TPB'!$F$7 -> Potenciación de las actividades primarias, impulsando la eficiencia de recursos, manejo ecológico sostenible y la soberanía alimentaria | E7: ='Panel Control FC Social-TPB'!O47 -> 1 | F7: ='Panel Control FC Economico-TPB'!Q49 -> 1 | H7: =AVERAGE(E7:G7) -> 1
C8: ='[2]Tabla Resultados TPB'!$E$8 -> TPB.4.1 | D8: ='[2]Tabla Resultados TPB'!$F$8 -> Introducir Soluciones basadas en la Naturaleza para reducir la vulnerabilidad frente a los efectos del cambio climático | E8: ='Panel Control FC Social-TPB'!O57 -> 1 | F8: ='Panel Control FC Economico-TPB'!Q59 -> 1 | H8: =AVERAGE(E8:G8) -> 1
C9: ='[2]Tabla Resultados TPB'!$E$9 -> TPB.4.2 | D9: ='[2]Tabla Resultados TPB'!$F$9 -> Multifuncionalidad del territorio y los recursos naturales frente al cambio climático | E9: ='Panel Control FC Social-TPB'!O67 -> 1 | F9: ='Panel Control FC Economico-TPB'!Q69 -> 1 | H9: =AVERAGE(E9:G9) -> 1
B10: MORFOLOGÍA Y MODELO DE OCUPACIÓN DEL TERRITORIO (MOT) | C10: ='[3]Tabla Resultados MOT'!$F$3 -> MOT.1.1 | D10: ='[3]Tabla Resultados MOT'!$G$3 -> IV-A Elemento estructurante del territorio | E10: ='Panel Control FC Social-MOT'!O8 -> 1 | F10: ='Panel Control FC Economico-MOT'!Q8 -> 1 | G10: ='Panel Control FC Ambiental-MOT'!W14 -> 1 | H10: =AVERAGE(E10:G10) -> 1
C11: ='[3]Tabla Resultados MOT'!$F$4 -> MOT.1.2 | D11: ='[3]Tabla Resultados MOT'!$G$4 -> Servicios ecosistémicos | E11: ='Panel Control FC Social-MOT'!O17 -> 1 | F11: ='Panel Control FC Economico-MOT'!Q19 -> 1 | G11: ='Panel Control FC Ambiental-MOT'!W31 -> 1 | H11: =AVERAGE(E11:G11) -> 1
C12: ='[3]Tabla Resultados MOT'!$F$5 -> MOT.1.3 | D12: ='[3]Tabla Resultados MOT'!$G$5 -> Potenciación sistemas agrarios | E12: ='Panel Control FC Social-MOT'!O27 -> 1 | F12: ='Panel Control FC Economico-MOT'!Q29 -> 1 | G12: ='Panel Control FC Ambiental-MOT'!W47 -> 1 | H12: =AVERAGE(E12:G12) -> 1
C13: ='[3]Tabla Resultados MOT'!$F$6 -> MOT.1.4 | D13: ='[3]Tabla Resultados MOT'!$G$6 -> Desarrollo policéntrico de núcleos rurales | E13: ='Panel Control FC Social-MOT'!O37 -> 1 | F13: ='Panel Control FC Economico-MOT'!Q39 -> 1 | G13: ='Panel Control FC Ambiental-MOT'!W63 -> 1 | H13: =AVERAGE(E13:G13) -> 1
C14: ='[3]Tabla Resultados MOT'!$F$7 -> MOT.1.5 | D14: ='[3]Tabla Resultados MOT'!$G$7 -> Ocupación del suelo y distribución de usos eficiente | E14: ='Panel Control FC Social-MOT'!O47 -> 1 | F14: ='Panel Control FC Economico-MOT'!Q49 -> 1 | G14: ='Panel Control FC Ambiental-MOT'!W79 -> 1 | H14: =AVERAGE(E14:G14) -> 1
C15: ='[3]Tabla Resultados MOT'!$F$8 -> MOT.1.6 | D15: ='[3]Tabla Resultados MOT'!$G$8 -> Sistema urbano con estructura policéntrica, compacto, complejo y eficiente | E15: ='Panel Control FC Social-MOT'!O57 -> 1 | F15: ='Panel Control FC Economico-MOT'!Q59 -> 1 | G15: ='Panel Control FC Ambiental-MOT'!W95 -> 1 | H15: =AVERAGE(E15:G15) -> 1
C16: ='[3]Tabla Resultados MOT'!$F$9 -> MOT.2.1 | D16: ='[3]Tabla Resultados MOT'!$G$9 -> Modelo de ordenación orientado a la neutralidad climática | E16: ='Panel Control FC Social-MOT'!O67 -> 1 | F16: ='Panel Control FC Economico-MOT'!Q69 -> 1 | G16: ='Panel Control FC Ambiental-MOT'!W111 -> 1 | H16: =AVERAGE(E16:G16) -> 1
C17: ='[3]Tabla Resultados MOT'!$F$10 -> MOT.2.2 | D17: ='[3]Tabla Resultados MOT'!$G$10 -> Transición ecológica justa | E17: ='Panel Control FC Social-MOT'!O77 -> 1 | F17: ='Panel Control FC Economico-MOT'!Q79 -> 1 | G17: ='Panel Control FC Ambiental-MOT'!W127 -> 1 | H17: =AVERAGE(E17:G17) -> 1
C18: ='[3]Tabla Resultados MOT'!$F$11 -> MOT.3.1 | D18: ='[3]Tabla Resultados MOT'!$G$11 -> Ocupación del suelo racional y equilibrada. Regeneración frente a expansión | E18: ='Panel Control FC Social-MOT'!O87 -> 1 | F18: ='Panel Control FC Economico-MOT'!Q89 -> 1 | G18: ='Panel Control FC Ambiental-MOT'!W143 -> 1 | H18: =AVERAGE(E18:G18) -> 1
C19: ='[3]Tabla Resultados MOT'!$F$12 -> MOT.3.2 | D19: ='[3]Tabla Resultados MOT'!$G$12 -> Ocupación y ordenación de los suelos hacia la eficiencia del metabolismo territorial y la movilidad sostenible | E19: ='Panel Control FC Social-MOT'!O97 -> 1 | F19: ='Panel Control FC Economico-MOT'!Q99 -> 1 | G19: ='Panel Control FC Ambiental-MOT'!W159 -> 1 | H19: =AVERAGE(E19:G19) -> 1
C20: ='[3]Tabla Resultados MOT'!$F$13 -> MOT.4.1 | D20: ='[3]Tabla Resultados MOT'!$G$13 -> Identificación y evaluación de riesgos, vulnerabilidades y capacidad de adaptación | E20: ='Panel Control FC Social-MOT'!O107 -> 1 | F20: ='Panel Control FC Economico-MOT'!Q109 -> 1 | G20: ='Panel Control FC Ambiental-MOT'!W175 -> 1 | H20: =AVERAGE(E20:G20) -> 1
C21: ='[3]Tabla Resultados MOT'!$F$14 -> MOT.4.2 | D21: ='[3]Tabla Resultados MOT'!$G$14 -> Ocupación del territorio resiliente: adaptada e integrada | E21: ='Panel Control FC Social-MOT'!O117 -> 1 | F21: ='Panel Control FC Economico-MOT'!Q119 -> 1 | G21: ='Panel Control FC Ambiental-MOT'!W191 -> 1 | H21: =AVERAGE(E21:G21) -> 1
B22: METABOLISMO TERRITORIAL Y URBANO (MTU) | C22: ='[4]Tabla Resultados MTU'!$E$3 -> MTU.1.1 | D22: ='[4]Tabla Resultados MTU'!$F$3 -> Aumento generación EERR | E22: ='Panel Control FC Social-MTU'!O8 -> 1 | F22: ='Panel Control FC Economico-MTU'!Q8 -> 1 | G22: ='Panel Control FC Ambiental-MTU'!W14 -> 1 | H22: =AVERAGE(E22:G22) -> 1
C23: ='[4]Tabla Resultados MTU'!$E$4 -> MTU.1.2 | D23: ='[4]Tabla Resultados MTU'!$F$4 -> Reducción de emisiones de GEI | E23: ='Panel Control FC Social-MTU'!O17 -> 1 | F23: ='Panel Control FC Economico-MTU'!Q19 -> 1 | G23: ='Panel Control FC Ambiental-MTU'!W31 -> 1 | H23: =AVERAGE(E23:G23) -> 1
C24: ='[4]Tabla Resultados MTU'!$E$5 -> MTU.1.3 | D24: ='[4]Tabla Resultados MTU'!$F$5 -> Potenciación de la autosuficiencia conectada | E24: ='Panel Control FC Social-MTU'!O27 -> 1 | F24: ='Panel Control FC Economico-MTU'!Q29 -> 1 | G24: ='Panel Control FC Ambiental-MTU'!W47 -> 1 | H24: =AVERAGE(E24:G24) -> 1
C25: ='[4]Tabla Resultados MTU'!$E$6 -> MTU.2.1 | D25: ='[4]Tabla Resultados MTU'!$F$6 -> Autosuficiencia hídrica conectada | E25: ='Panel Control FC Social-MTU'!O37 -> 1 | F25: ='Panel Control FC Economico-MTU'!Q39 -> 1 | G25: ='Panel Control FC Ambiental-MTU'!W63 -> 1 | H25: =AVERAGE(E25:G25) -> 1
C26: ='[4]Tabla Resultados MTU'!$E$7 -> MTU.2.2 | D26: ='[4]Tabla Resultados MTU'!$F$7 -> Eficiencia en la producción, tratamiento de las aguas y consumo hídrico | E26: ='Panel Control FC Social-MTU'!O47 -> 1 | F26: ='Panel Control FC Economico-MTU'!Q49 -> 1 | G26: ='Panel Control FC Ambiental-MTU'!W79 -> 1 | H26: =AVERAGE(E26:G26) -> 1
C27: ='[4]Tabla Resultados MTU'!$E$8 -> MTU.2.3 | D27: ='[4]Tabla Resultados MTU'!$F$8 -> Potenciación de las SbN | E27: ='Panel Control FC Social-MTU'!O57 -> 1 | F27: ='Panel Control FC Economico-MTU'!Q59 -> 1 | G27: ='Panel Control FC Ambiental-MTU'!W95 -> 1 | H27: =AVERAGE(E27:G27) -> 1
C28: ='[4]Tabla Resultados MTU'!$E$9 -> MTU.3.1 | D28: ='[4]Tabla Resultados MTU'!$F$9 -> Compatibilidad de la protección del sistema natural con la gestión de residuos | E28: ='Panel Control FC Social-MTU'!O67 -> 1 | F28: ='Panel Control FC Economico-MTU'!Q69 -> 1 | G28: ='Panel Control FC Ambiental-MTU'!W111 -> 1 | H28: =AVERAGE(E28:G28) -> 1
C29: ='[4]Tabla Resultados MTU'!$E$10 -> MTU.3.2 | D29: ='[4]Tabla Resultados MTU'!$F$10 -> Viabilizar el principio de autosuficiencia | E29: ='Panel Control FC Social-MTU'!O77 -> 1 | F29: ='Panel Control FC Economico-MTU'!Q79 -> 1 | G29: ='Panel Control FC Ambiental-MTU'!W127 -> 1 | H29: =AVERAGE(E29:G29) -> 1
C30: ='[4]Tabla Resultados MTU'!$E$11 -> MTU.3.3 | D30: ='[4]Tabla Resultados MTU'!$F$11 -> Reducción de emisiones de GEI | E30: ='Panel Control FC Social-MTU'!O87 -> 1 | F30: ='Panel Control FC Economico-MTU'!Q89 -> 1 | G30: ='Panel Control FC Ambiental-MTU'!W143 -> 1 | H30: =AVERAGE(E30:G30) -> 1
C31: ='[4]Tabla Resultados MTU'!$E$12 -> MTU.3.4 | D31: ='[4]Tabla Resultados MTU'!$F$12 -> Economía circular | E31: ='Panel Control FC Social-MTU'!O97 -> 1 | F31: ='Panel Control FC Economico-MTU'!Q99 -> 1 | G31: ='Panel Control FC Ambiental-MTU'!W159 -> 1 | H31: =AVERAGE(E31:G31) -> 1
C32: ='[4]Tabla Resultados MTU'!$E$13 -> MTU.4.1 | D32: ='[4]Tabla Resultados MTU'!$F$13 -> Evaluación y gestión de riesgos | E32: ='Panel Control FC Social-MTU'!O107 -> 1 | F32: ='Panel Control FC Economico-MTU'!Q109 -> 1 | G32: ='Panel Control FC Ambiental-MTU'!W175 -> 1 | H32: =AVERAGE(E32:G32) -> 1
C33: ='[4]Tabla Resultados MTU'!$E$14 -> MTU.4.2 | D33: ='[4]Tabla Resultados MTU'!$F$14 -> Adaptación y recuperación de la vinculación del sistema urbano al ciclo del agua | E33: ='Panel Control FC Social-MTU'!O117 -> 1 | F33: ='Panel Control FC Economico-MTU'!Q119 -> 1 | G33: ='Panel Control FC Ambiental-MTU'!W191 -> 1 | H33: =AVERAGE(E33:G33) -> 1
B34: ='Tabla Resultados.'!B49 -> MOVILIDAD Y ACCESIBILIDAD (MA) | C34: ='[5]Tabla Resultados MA'!$E$3 -> MA.1.1 | D34: ='[5]Tabla Resultados MA'!$F$3 -> Territorio de los 45 min (Conectividad rural y zonas periféricas) | E34: ='Panel Control FC Social-MA'!O8 -> 1 | F34: ='Panel Control FC Economico-MA'!Q8 -> 1 | G34: ='Panel Control FC Ambiental-MA'!W14 -> 1 | H34: =AVERAGE(E34:G34) -> 1
C35: ='[5]Tabla Resultados MA'!$E$4 -> MA.1.2 | D35: ='[5]Tabla Resultados MA'!$F$4 -> Modelo de movilidad intermodal | E35: ='Panel Control FC Social-MA'!O17 -> 1 | F35: ='Panel Control FC Economico-MA'!Q19 -> 1 | G35: ='Panel Control FC Ambiental-MA'!W31 -> 1 | H35: =AVERAGE(E35:G35) -> 1
C36: ='[5]Tabla Resultados MA'!$E$5 -> MA.2.1 | D36: ='[5]Tabla Resultados MA'!$F$5 -> Ciudad de los 15 min. | E36: ='Panel Control FC Social-MA'!O27 -> 1 | F36: ='Panel Control FC Economico-MA'!Q29 -> 1 | G36: ='Panel Control FC Ambiental-MA'!W47 -> 1 | H36: =AVERAGE(E36:G36) -> 1
C37: ='[5]Tabla Resultados MA'!$E$6 -> MA.2.2 | D37: ='[5]Tabla Resultados MA'!$F$6 -> Gestión de la demanda de la movilidad privada urbana | E37: ='Panel Control FC Social-MA'!O37 -> 1 | F37: ='Panel Control FC Economico-MA'!Q39 -> 1 | G37: ='Panel Control FC Ambiental-MA'!W63 -> 1 | H37: =AVERAGE(E37:G37) -> 1
C38: ='[5]Tabla Resultados MA'!$E$7 -> MA.2.3 | D38: ='[5]Tabla Resultados MA'!$F$7 -> Gestión eficiente del aparcamiento | E38: ='Panel Control FC Social-MA'!O47 -> 1 | F38: ='Panel Control FC Economico-MA'!Q49 -> 1 | G38: ='Panel Control FC Ambiental-MA'!W79 -> 1 | H38: =AVERAGE(E38:G38) -> 1
C39: ='[5]Tabla Resultados MA'!$E$8 -> MA.3.1 | D39: ='[5]Tabla Resultados MA'!$F$8 -> Smart City y reducción de emisiones de GEI | E39: ='Panel Control FC Social-MA'!O57 -> 1 | F39: ='Panel Control FC Economico-MA'!Q59 -> 1 | G39: ='Panel Control FC Ambiental-MA'!W95 -> 1 | H39: =AVERAGE(E39:G39) -> 1
C40: ='[5]Tabla Resultados MA'!$E$9 -> MA.4.1 | D40: ='[5]Tabla Resultados MA'!$F$9 -> Evaluación y gestión de riesgos | E40: ='Panel Control FC Social-MA'!O67 -> 1 | F40: ='Panel Control FC Economico-MA'!Q69 -> 1 | G40: ='Panel Control FC Ambiental-MA'!W111 -> 1 | H40: =AVERAGE(E40:G40) -> 1
C41: ='[5]Tabla Resultados MA'!$E$10 -> MA.4.2 | D41: ='[5]Tabla Resultados MA'!$F$10 -> Adaptación, IV-A y permeabilidad del suelo | E41: ='Panel Control FC Social-MA'!O77 -> 1 | F41: ='Panel Control FC Economico-MA'!Q79 -> 1 | G41: ='Panel Control FC Ambiental-MA'!W127 -> 1 | H41: =AVERAGE(E41:G41) -> 1
B42: ='Tabla Resultados.'!B62 -> ECOSISTEMA URBANO (EU) | C42: ='[6]Tabla Resultados EU'!$E$3 -> EU.1.1 | D42: ='[6]Tabla Resultados EU'!$F$3 -> Renaturalización (SbN) | E42: ='Panel Control FC Social-EU'!O8 -> 1 | F42: ='Panel Control FC Economico-EU'!Q8 -> 1 | G42: ='Panel Control FC Ambiental-EU'!W14 -> 1 | H42: =AVERAGE(E42:G42) -> 1
C43: ='[6]Tabla Resultados EU'!$E$4 -> EU.1.2 | D43: ='[6]Tabla Resultados EU'!$F$4 -> Confort urbano. Diseño urbano basado en la Naturaleza. I-VA | E43: ='Panel Control FC Social-EU'!O17 -> 1 | F43: ='Panel Control FC Economico-EU'!Q19 -> 1 | G43: ='Panel Control FC Ambiental-EU'!W31 -> 1 | H43: =AVERAGE(E43:G43) -> 1
C44: ='[6]Tabla Resultados EU'!$E$5 -> EU.1.3 | D44: ='[6]Tabla Resultados EU'!$F$5 -> Adaptar mediante acciones en el espacio urbano sostenibles y resilientes | E44: ='Panel Control FC Social-EU'!O27 -> 1 | F44: ='Panel Control FC Economico-EU'!Q29 -> 1 | G44: ='Panel Control FC Ambiental-EU'!W47 -> 1 | H44: =AVERAGE(E44:G44) -> 1
C45: ='[6]Tabla Resultados EU'!$E$6 -> EU.2.1 | D45: ='[6]Tabla Resultados EU'!$F$6 -> Renovación y regeneración urbana | E45: ='Panel Control FC Social-EU'!O37 -> 1 | F45: ='Panel Control FC Economico-EU'!Q39 -> 1 | G45: ='Panel Control FC Ambiental-EU'!W63 -> 1 | H45: =AVERAGE(E45:G45) -> 1
C46: ='[6]Tabla Resultados EU'!$E$7 -> EU.2.2 | D46: ='[6]Tabla Resultados EU'!$F$7 -> Ciudad de los 15´ | E46: ='Panel Control FC Social-EU'!O47 -> 1 | F46: ='Panel Control FC Economico-EU'!Q49 -> 1 | G46: ='Panel Control FC Ambiental-EU'!W79 -> 1 | H46: =AVERAGE(E46:G46) -> 1
C47: ='[6]Tabla Resultados EU'!$E$8 -> EU.2.3 | D47: ='[6]Tabla Resultados EU'!$F$8 -> Eficiencia y sostenibilidad de la urbanización. Planificación consciente | E47: ='Panel Control FC Social-EU'!O57 -> 1 | F47: ='Panel Control FC Economico-EU'!Q59 -> 1 | G47: ='Panel Control FC Ambiental-EU'!W95 -> 1 | H47: =AVERAGE(E47:G47) -> 1
C48: ='[6]Tabla Resultados EU'!$E$9 -> EU.2.4 | D48: ='[6]Tabla Resultados EU'!$F$9 -> Actuar sobre usos y zonas vulnerables | E48: ='Panel Control FC Social-EU'!O67 -> 1 | F48: ='Panel Control FC Economico-EU'!Q69 -> 1 | G48: ='Panel Control FC Ambiental-EU'!W111 -> 1 | H48: =AVERAGE(E48:G48) -> 1
C49: ='[6]Tabla Resultados EU'!$E$10 -> EU.3.1 | D49: ='[6]Tabla Resultados EU'!$F$10 -> Edificaciones eficientes y de consumo casi nulo. | E49: ='Panel Control FC Social-EU'!O77 -> 1 | F49: ='Panel Control FC Economico-EU'!Q79 -> 1 | G49: ='Panel Control FC Ambiental-EU'!W127 -> 1 | H49: =AVERAGE(E49:G49) -> 1
C50: ='[6]Tabla Resultados EU'!$E$11 -> EU.3.2 | D50: ='[6]Tabla Resultados EU'!$F$11 -> Protección y resiliencia de la edificacion y la población | E50: ='Panel Control FC Social-EU'!O87 -> 1 | F50: ='Panel Control FC Economico-EU'!Q89 -> 1 | G50: ='Panel Control FC Ambiental-EU'!W143 -> 1 | H50: =AVERAGE(E50:G50) -> 1
C51: ='[6]Tabla Resultados EU'!$E$12 -> EU.4.1 | D51: ='[6]Tabla Resultados EU'!$F$12 -> Diseño de superficies y edificaciones saludables | E51: ='Panel Control FC Social-EU'!O97 -> 1 | F51: ='Panel Control FC Economico-EU'!Q99 -> 1 | G51: ='Panel Control FC Ambiental-EU'!W159 -> 1 | H51: =AVERAGE(E51:G51) -> 1
C52: ='[6]Tabla Resultados EU'!$E$13 -> EU.4.2 | D52: ='[6]Tabla Resultados EU'!$F$13 -> Propiciar entornos confortables | E52: ='Panel Control FC Social-EU'!O107 -> 1 | F52: ='Panel Control FC Economico-EU'!Q109 -> 1 | G52: ='Panel Control FC Ambiental-EU'!W175 -> 1 | H52: =AVERAGE(E52:G52) -> 1
C53: ='[6]Tabla Resultados EU'!$E$14 -> EU.4.3 | D53: ='[6]Tabla Resultados EU'!$F$14 -> Atender a la diversidad de la comunidad | E53: ='Panel Control FC Social-EU'!O117 -> 1 | F53: ='Panel Control FC Economico-EU'!Q119 -> 1 | G53: ='Panel Control FC Ambiental-EU'!W191 -> 1 | H53: =AVERAGE(E53:G53) -> 1
B54: ='Tabla Resultados.'!B80 -> GOBERNANZA, DIMENSIÓN HUMANA Y ECONÓMICA (GDHE) | C54: ='[7]Tabla Resultados GDHE'!$E$3 -> GDHE 1.1 | D54: ='[7]Tabla Resultados GDHE'!$F$3 -> Incluir en los parametros de valoración de las actuaciones los indicadores de las condiciones de vida de las personas desde el entorno más cercano | F54: ='Panel Control FC Economico-GDHE'!Q8 -> 1 | G54: ='Panel Control FC Ambiental-GDHE'!W14 -> 1 | H54: =AVERAGE(E54:G54) -> 1
C55: ='[7]Tabla Resultados GDHE'!$E$4 -> GDHE 1.2 | D55: ='[7]Tabla Resultados GDHE'!$F$4 -> Atender a la vulnerabilidad de las condiciones de vida de las personas frente al cambio climático incorporando las intersecciones, transversalidad, equidad e inclusividad en la ordenación del territorio | F55: ='Panel Control FC Economico-GDHE'!Q19 -> 1 | G55: ='Panel Control FC Ambiental-GDHE'!W31 -> 1 | H55: =AVERAGE(E55:G55) -> 1
C56: ='[7]Tabla Resultados GDHE'!$E$5 -> GDHE 1.3 | D56: ='[7]Tabla Resultados GDHE'!$F$5 -> Atender en el diseño y ejecución de acciones la incidencia de la situación sociodemográfica de la población local | F56: ='Panel Control FC Economico-GDHE'!Q29 -> 1 | G56: ='Panel Control FC Ambiental-GDHE'!W47 -> 1 | H56: =AVERAGE(E56:G56) -> 1
C57: ='[7]Tabla Resultados GDHE'!$E$6 -> GDHE 1.4 | D57: ='[7]Tabla Resultados GDHE'!$F$6 -> Transversalizar parámetros de movilidad, confort, salud e interacción social en las actuaciones | F57: ='Panel Control FC Economico-GDHE'!Q39 -> 1 | G57: ='Panel Control FC Ambiental-GDHE'!W63 -> 1 | H57: =AVERAGE(E57:G57) -> 1
C58: ='[7]Tabla Resultados GDHE'!$E$7 -> GDHE 1.5 | D58: ='[7]Tabla Resultados GDHE'!$F$7 -> Hacer las viviendas y edificios públicos inclusivos y adaptados a los impactos del cambio climático | F58: ='Panel Control FC Economico-GDHE'!Q49 -> 1 | G58: ='Panel Control FC Ambiental-GDHE'!W79 -> 1 | H58: =AVERAGE(E58:G58) -> 1
C59: ='[7]Tabla Resultados GDHE'!$E$8 -> GDHE 1.6 | D59: ='[7]Tabla Resultados GDHE'!$F$8 -> Ejecutar/adaptar el espacio urbano y el entorno construido a los criterios del urbanismo de género inclusivo, atendiendo a la diversidad funcional, la edad, el origen | F59: ='Panel Control FC Economico-GDHE'!Q59 -> 1 | G59: ='Panel Control FC Ambiental-GDHE'!W95 -> 1 | H59: =AVERAGE(E59:G59) -> 1
C60: ='[7]Tabla Resultados GDHE'!$E$9 -> GDHE 1.7 | D60: ='[7]Tabla Resultados GDHE'!$F$9 -> Incluir estrategias participativas que implementen las líneas de actuación de la ordenación del territorio que mitiguen los impactos del cambio climático sobre las personas | F60: ='Panel Control FC Economico-GDHE'!Q69 -> 1 | G60: ='Panel Control FC Ambiental-GDHE'!W111 -> 1 | H60: =AVERAGE(E60:G60) -> 1
C61: ='[7]Tabla Resultados GDHE'!$E$10 -> GDHE 2.1 | D61: ='[7]Tabla Resultados GDHE'!$F$10 -> Valoración Económica de las SbN y cuantifiación de los servicios ecosistémicos y cobeneficios | E61: ='Panel Control FC Social-GDHE'!O6 -> 1 | G61: ='Panel Control FC Ambiental-GDHE'!W127 -> 1 | H61: =AVERAGE(E61:G61) -> 1
C62: ='[7]Tabla Resultados GDHE'!$E$11 -> GDHE 2.2 | D62: ='[7]Tabla Resultados GDHE'!$F$10 -> Valoración Económica de las SbN y cuantifiación de los servicios ecosistémicos y cobeneficios | E62: ='Panel Control FC Social-GDHE'!O15 -> 1 | G62: ='Panel Control FC Ambiental-GDHE'!W143 -> 1 | H62: =AVERAGE(E62:G62) -> 1
C63: ='[7]Tabla Resultados GDHE'!$E$12 -> GDHE 2.3 | D63: ='[7]Tabla Resultados GDHE'!$F$12 -> Estimación de la recaudación tributaria y ahorro en los costes de mantenimiento y conservación derivados de la implantación de SbN | E63: ='Panel Control FC Social-GDHE'!O23 -> 1 | G63: ='Panel Control FC Ambiental-GDHE'!W159 -> 1 | H63: =AVERAGE(E63:G63) -> 1
C64: ='[7]Tabla Resultados GDHE'!$E$13 -> GDHE 2.4 | D64: ='[7]Tabla Resultados GDHE'!$F$13 -> Estudio Financiero y Viabilidad Económica | E64: ='Panel Control FC Social-GDHE'!O31 -> 1 | G64: ='Panel Control FC Ambiental-GDHE'!W175 -> 1 | H64: =AVERAGE(E64:G64) -> 1
C65: ='[7]Tabla Resultados GDHE'!$E$14 -> GDHE 2.5 | D65: ='[7]Tabla Resultados GDHE'!$F$14 -> Gestión urbanística | E65: ='Panel Control FC Social-GDHE'!O39 -> 1 | G65: ='Panel Control FC Ambiental-GDHE'!W191 -> 1 | H65: =AVERAGE(E65:G65) -> 1
C66: ='[7]Tabla Resultados GDHE'!$E$15 -> GDHE 3.1 | D66: ='[7]Tabla Resultados GDHE'!$F$15 -> Sectores económicos prioritarios ante el cambio climático | E66: ='Panel Control FC Social-GDHE'!O47 -> 1 | G66: ='Panel Control FC Ambiental-GDHE'!W207 -> 1 | H66: =AVERAGE(E66:G66) -> 1
C67: ='[7]Tabla Resultados GDHE'!$E$16 -> GDHE 3.2 | D67: ='[7]Tabla Resultados GDHE'!$F$16 -> Facilitación desde el urbanismo de las medidas contempladas en los Planes de Continuidad Económica o del Negocio para la minización del riesgo de interrupción de la actividad. | E67: ='Panel Control FC Social-GDHE'!O55 -> 1 | G67: ='Panel Control FC Ambiental-GDHE'!W223 -> 1 | H67: =AVERAGE(E67:G67) -> 1
C68: ='[7]Tabla Resultados GDHE'!$E$17 -> GDHE 3.3 | D68: ='[7]Tabla Resultados GDHE'!$F$17 -> Alianzas público-privadas | E68: ='Panel Control FC Social-GDHE'!O63 -> 1 | G68: ='Panel Control FC Ambiental-GDHE'!W239 -> 1 | H68: =AVERAGE(E68:G68) -> 1
C69: ='[7]Tabla Resultados GDHE'!$E$18 -> GDHE 4.1 | D69: ='[7]Tabla Resultados GDHE'!$F$18 -> Vulnerabilidad asociada a las y los trabajadores de aquellos ámbitos laborales más vulnerables ante los impactos del cambio climático | F69: ='Panel Control FC Economico-GDHE'!Q79 -> 1 | G69: ='Panel Control FC Ambiental-GDHE'!W255 -> 1 | H69: =AVERAGE(E69:G69) -> 1
C70: ='[7]Tabla Resultados GDHE'!$E$19 -> GDHE 4.2 | D70: ='[7]Tabla Resultados GDHE'!$F$19 -> Empleo verde | E70: ='Panel Control FC Social-GDHE'!O71 -> 1 | G70: ='Panel Control FC Ambiental-GDHE'!W271 -> 1 | H70: =AVERAGE(E70:G70) -> 1

Sheet Panel Control FC Social-TPB
C1: Aplica | F1: Peso máximo Factor Corrección Social | K1: Cumplimiento | M1: Puntuación Factor Corrección Social
A2: ='Tabla Resultados FC'!C3 -> TPB.1.1 | B2: ='Tabla Resultados FC'!D3 -> Continuidad y funcionalidad ecológica de la Infraestructura Verde-Azul | F2: 1
B4: Participación Ciudadana inclusiva y transversal | C4: Sí | D4: =IF(C4="Sí",1)+IF(C4="No",0) -> 1 | E4: =(COUNTIF(D4:D8,"1")) -> 3 | F4: =IF($E4=0,(D4*$G$4))+IF($E4=1,(D4*$J$4))+IF($E4=2,(D4*$I$4))+IF($E4=3,(D4*$H$4)) -> 0.33333333 | G4: 0 | H4: =F2/3 -> 0.33333333 | I4: =F2/2 -> 0.5 | J4: =F2 -> 1 | K4: Sí | L4: =IF(K4="Sí",1)+IF(K4="No",0) -> 1 | M4: =F4*L4 -> 0.33333333
B6: Inclusión de indicadores sociodemográficos | C6: Sí | D6: =IF(C6="Sí",1)+IF(C6="No",0) -> 1 | F6: =IF($E4=0,(D6*$G$4))+IF($E4=1,(D6*$J$4))+IF($E4=2,(D6*$I$4))+IF($E4=3,(D6*$H$4)) -> 0.33333333 | K6: Sí | L6: =IF(K6="Sí",1)+IF(K6="No",0) -> 1 | M6: =F6*L6 -> 0.33333333
K7: No
B8: Medidas específicas dirigidas a reducir el impacto del cambio climático sobre las condiciones de vida de las personas | C8: Sí | D8: =IF(C8="Sí",1)+IF(C8="No",0) -> 1 | F8: =IF($E4=0,(D8*$G$4))+IF($E4=1,(D8*$J$4))+IF($E4=2,(D8*$I$4))+IF($E4=3,(D8*$H$4)) -> 0.33333333 | K8: Sí | L8: =IF(K8="Sí",1)+IF(K8="No",0) -> 1 | M8: =F8*L8 -> 0.33333333 | N8: =M9 -> 1 | O8: =IF(M9>=70%,(M9))+IF(M9<=70%,70%) -> 1
M9: =SUM(M4:M8) -> 1
C12: Aplica | F12: Peso máximo Factor Corrección Social | K12: Cumplimiento | M12: Puntuación Factor Corrección Social
A13: ='Tabla Resultados FC'!C4 -> TPB.1.2 | B13: ='Tabla Resultados FC'!D4 -> Conservación, restauración y puesta en valor de los ecosistemas naturales frente al cambio climático | F13: 1
B15: Participación Ciudadana inclusiva y transversal | C15: Sí | D15: =IF(C15="Sí",1)+IF(C15="No",0) -> 1 | E15: =(COUNTIF(D15:D17,"1")) -> 3 | F15: =IF($E15=0,(D15*$G$4))+IF($E15=1,(D15*$J$4))+IF($E15=2,(D15*$I$4))+IF($E15=3,(D15*$H$4)) -> 0.33333333 | G15: 0 | H15: =F13/3 -> 0.33333333 | I15: =F13/2 -> 0.5 | J15: =F13 -> 1 | K15: Sí | L15: =IF(K15="Sí",1)+IF(K15="No",0) -> 1 | M15: =F15*L15 -> 0.33333333
B16: Inclusión de indicadores sociodemográficos | C16: Sí | D16: =IF(C16="Sí",1)+IF(C16="No",0) -> 1 | F16: =IF($E15=0,(D16*$G$4))+IF($E15=1,(D16*$J$4))+IF($E15=2,(D16*$I$4))+IF($E15=3,(D16*$H$4)) -> 0.33333333 | K16: Sí | L16: =IF(K16="Sí",1)+IF(K16="No",0) -> 1 | M16: =F16*L16 -> 0.33333333
B17: Medidas específicas dirigidas a reducir el impacto del cambio climático sobre las condiciones de vida de las personas | C17: Sí | D17: =IF(C17="Sí",1)+IF(C17="No",0) -> 1 | F17: =IF($E15=0,(D17*$G$4))+IF($E15=1,(D17*$J$4))+IF($E15=2,(D17*$I$4))+IF($E15=3,(D17*$H$4)) -> 0.33333333 | K17: Sí | L17: =IF(K17="Sí",1)+IF(K17="No",0) -> 1 | M17: =F17*L17 -> 0.33333333 | N17: =M18 -> 1 | O17: =IF(M18>=70%,(M18))+IF(M18<=70%,70%) -> 1
I18: =SUM(I15:I17) -> 0.5 | M18: =SUM(M15:M17) -> 1
C20: Aplica | F20: Peso máximo Factor Corrección Social | K20: Cumplimiento | M20: Puntuación Factor Corrección Social
A21: ='Tabla Resultados FC'!C5 -> TPB.1.3 | B21: ='Tabla Resultados FC'!D5 -> Refuerzo e implementación de los Servicios Ecosistémicos en el territorio | F21: 1
B23: Participación Ciudadana inclusiva y transversal | C23: Sí | D23: =IF(C23="Sí",1)+IF(C23="No",0) -> 1 | E23: =(COUNTIF(D23:D27,"1")) -> 3 | F23: =IF($E23=0,(D23*$G$4))+IF($E23=1,(D23*$J$4))+IF($E23=2,(D23*$I$4))+IF($E23=3,(D23*$H$4)) -> 0.33333333 | G23: 0 | H23: =F21/3 -> 0.33333333 | I23: =F21/2 -> 0.5 | J23: =F21 -> 1 | K23: Sí | L23: =IF(K23="Sí",1)+IF(K23="No",0) -> 1 | M23: =F23*L23 -> 0.33333333
B25: Inclusión de indicadores sociodemográficos | C25: Sí | D25: =IF(C25="Sí",1)+IF(C25="No",0) -> 1 | F25: =IF($E23=0,(D25*$G$4))+IF($E23=1,(D25*$J$4))+IF($E23=2,(D25*$I$4))+IF($E23=3,(D25*$H$4)) -> 0.33333333 | K25: Sí | L25: =IF(K25="Sí",1)+IF(K25="No",0) -> 1 | M25: =F25*L25 -> 0.33333333
K26: No
B27: Medidas específicas dirigidas a reducir el impacto del cambio climático sobre las condiciones de vida de las personas | C27: Sí | D27: =IF(C27="Sí",1)+IF(C27="No",0) -> 1 | F27: =IF($E23=0,(D27*$G$4))+IF($E23=1,(D27*$J$4))+IF($E23=2,(D27*$I$4))+IF($E23=3,(D27*$H$4)) -> 0.33333333 | K27: Sí | L27: =IF(K27="Sí",1)+IF(K27="No",0) -> 1 | M27: =F27*L27 -> 0.33333333 | N27: =M28 -> 1 | O27: =IF(M28>=70%,(M28))+IF(M28<=70%,70%) -> 1
I28: =SUM(I23:I27) -> 0.5 | M28: =SUM(M23:M27) -> 1
C30: Aplica | F30: Peso máximo Factor Corrección Social | K30: Cumplimiento | M30: Puntuación Factor Corrección Social
A31: ='Tabla Resultados FC'!C6 -> TPB.2.1 | B31: ='Tabla Resultados FC'!D6 -> Recuperación, puesta en valor y utilización de técnicas tradicionales para la gestión sostenible de los recursos naturales | F31: 1
B33: Participación Ciudadana inclusiva y transversal | C33: Sí | D33: =IF(C33="Sí",1)+IF(C33="No",0) -> 1 | E33: =(COUNTIF(D33:D37,"1")) -> 3 | F33: =IF($E33=0,(D33*$G$4))+IF($E33=1,(D33*$J$4))+IF($E33=2,(D33*$I$4))+IF($E33=3,(D33*$H$4)) -> 0.33333333 | G33: 0 | H33: =F31/3 -> 0.33333333 | I33: =F31/2 -> 0.5 | J33: =F31 -> 1 | K33: Sí | L33: =IF(K33="Sí",1)+IF(K33="No",0) -> 1 | M33: =F33*L33 -> 0.33333333
B35: Inclusión de indicadores sociodemográficos | C35: Sí | D35: =IF(C35="Sí",1)+IF(C35="No",0) -> 1 | F35: =IF($E33=0,(D35*$G$4))+IF($E33=1,(D35*$J$4))+IF($E33=2,(D35*$I$4))+IF($E33=3,(D35*$H$4)) -> 0.33333333 | K35: Sí | L35: =IF(K35="Sí",1)+IF(K35="No",0) -> 1 | M35: =F35*L35 -> 0.33333333
K36: No
B37: Medidas específicas dirigidas a reducir el impacto del cambio climático sobre las condiciones de vida de las personas | C37: Sí | D37: =IF(C37="Sí",1)+IF(C37="No",0) -> 1 | F37: =IF($E33=0,(D37*$G$4))+IF($E33=1,(D37*$J$4))+IF($E33=2,(D37*$I$4))+IF($E33=3,(D37*$H$4)) -> 0.33333333 | K37: Sí | L37: =IF(K37="Sí",1)+IF(K37="No",0) -> 1 | M37: =F37*L37 -> 0.33333333 | N37: =M38 -> 1 | O37: =IF(M38>=70%,(M38))+IF(M38<=70%,70%) -> 1
I38: =SUM(I33:I37) -> 0.5 | M38: =SUM(M33:M37) -> 1
C40: Aplica | F40: Peso máximo Factor Corrección Social | K40: Cumplimiento | M40: Puntuación Factor Corrección Social
A41: ='Tabla Resultados FC'!C7 -> TPB.3.1 | B41: ='Tabla Resultados FC'!D7 -> Potenciación de las actividades primarias, impulsando la eficiencia de recursos, manejo ecológico sostenible y la soberanía alimentaria | F41: 1
B43: Participación Ciudadana inclusiva y transversal | C43: Sí | D43: =IF(C43="Sí",1)+IF(C43="No",0) -> 1 | E43: =(COUNTIF(D43:D47,"1")) -> 3 | F43: =IF($E43=0,(D43*$G$4))+IF($E43=1,(D43*$J$4))+IF($E43=2,(D43*$I$4))+IF($E43=3,(D43*$H$4)) -> 0.33333333 | G43: 0 | H43: =F41/3 -> 0.33333333 | I43: =F41/2 -> 0.5 | J43: =F41 -> 1 | K43: Sí | L43: =IF(K43="Sí",1)+IF(K43="No",0) -> 1 | M43: =F43*L43 -> 0.33333333
B45: Inclusión de indicadores sociodemográficos | C45: Sí | D45: =IF(C45="Sí",1)+IF(C45="No",0) -> 1 | F45: =IF($E43=0,(D45*$G$4))+IF($E43=1,(D45*$J$4))+IF($E43=2,(D45*$I$4))+IF($E43=3,(D45*$H$4)) -> 0.33333333 | K45: Sí | L45: =IF(K45="Sí",1)+IF(K45="No",0) -> 1 | M45: =F45*L45 -> 0.33333333
K46: No
B47: Medidas específicas dirigidas a reducir el impacto del cambio climático sobre las condiciones de vida de las personas | C47: Sí | D47: =IF(C47="Sí",1)+IF(C47="No",0) -> 1 | F47: =IF($E43=0,(D47*$G$4))+IF($E43=1,(D47*$J$4))+IF($E43=2,(D47*$I$4))+IF($E43=3,(D47*$H$4)) -> 0.33333333 | K47: Sí | L47: =IF(K47="Sí",1)+IF(K47="No",0) -> 1 | M47: =F47*L47 -> 0.33333333 | N47: =M48 -> 1 | O47: =IF(M48>=70%,(M48))+IF(M48<=70%,70%) -> 1
I48: =SUM(I43:I47) -> 0.5 | M48: =SUM(M43:M47) -> 1
C50: Aplica | F50: Peso máximo Factor Corrección Social | K50: Cumplimiento | M50: Puntuación Factor Corrección Social
A51: ='Tabla Resultados FC'!C8 -> TPB.4.1 | B51: ='Tabla Resultados FC'!D8 -> Introducir Soluciones basadas en la Naturaleza para reducir la vulnerabilidad frente a los efectos del cambio climático | F51: 1
B53: Participación Ciudadana inclusiva y transversal | C53: Sí | D53: =IF(C53="Sí",1)+IF(C53="No",0) -> 1 | E53: =(COUNTIF(D53:D57,"1")) -> 3 | F53: =IF($E53=0,(D53*$G$4))+IF($E53=1,(D53*$J$4))+IF($E53=2,(D53*$I$4))+IF($E53=3,(D53*$H$4)) -> 0.33333333 | G53: 0 | H53: =F51/3 -> 0.33333333 | I53: =F51/2 -> 0.5 | J53: =F51 -> 1 | K53: Sí | L53: =IF(K53="Sí",1)+IF(K53="No",0) -> 1 | M53: =F53*L53 -> 0.33333333
B55: Inclusión de indicadores sociodemográficos | C55: Sí | D55: =IF(C55="Sí",1)+IF(C55="No",0) -> 1 | F55: =IF($E53=0,(D55*$G$4))+IF($E53=1,(D55*$J$4))+IF($E53=2,(D55*$I$4))+IF($E53=3,(D55*$H$4)) -> 0.33333333 | K55: Sí | L55: =IF(K55="Sí",1)+IF(K55="No",0) -> 1 | M55: =F55*L55 -> 0.33333333
K56: No
B57: Medidas específicas dirigidas a reducir el impacto del cambio climático sobre las condiciones de vida de las personas | C57: Sí | D57: =IF(C57="Sí",1)+IF(C57="No",0) -> 1 | F57: =IF($E53=0,(D57*$G$4))+IF($E53=1,(D57*$J$4))+IF($E53=2,(D57*$I$4))+IF($E53=3,(D57*$H$4)) -> 0.33333333 | K57: Sí | L57: =IF(K57="Sí",1)+IF(K57="No",0) -> 1 | M57: =F57*L57 -> 0.33333333 | N57: =M58 -> 1 | O57: =IF(M58>=70%,(M58))+IF(M58<=70%,70%) -> 1
I58: =SUM(I53:I57) -> 0.5 | M58: =SUM(M53:M57) -> 1
C60: Aplica | F60: Peso máximo Factor Corrección Social | K60: Cumplimiento | M60: Puntuación Factor Corrección Social
A61: ='Tabla Resultados FC'!C9 -> TPB.4.2 | B61: ='Tabla Resultados FC'!D9 -> Multifuncionalidad del territorio y los recursos naturales frente al cambio climático | F61: 1
B63: Participación Ciudadana inclusiva y transversal | C63: Sí | D63: =IF(C63="Sí",1)+IF(C63="No",0) -> 1 | E63: =(COUNTIF(D63:D67,"1")) -> 3 | F63: =IF($E63=0,(D63*$G$4))+IF($E63=1,(D63*$J$4))+IF($E63=2,(D63*$I$4))+IF($E63=3,(D63*$H$4)) -> 0.33333333 | G63: 0 | H63: =F61/3 -> 0.33333333 | I63: =F61/2 -> 0.5 | J63: =F61 -> 1 | K63: Sí | L63: =IF(K63="Sí",1)+IF(K63="No",0) -> 1 | M63: =F63*L63 -> 0.33333333
B65: Inclusión de indicadores sociodemográficos | C65: Sí | D65: =IF(C65="Sí",1)+IF(C65="No",0) -> 1 | F65: =IF($E63=0,(D65*$G$4))+IF($E63=1,(D65*$J$4))+IF($E63=2,(D65*$I$4))+IF($E63=3,(D65*$H$4)) -> 0.33333333 | K65: Sí | L65: =IF(K65="Sí",1)+IF(K65="No",0) -> 1 | M65: =F65*L65 -> 0.33333333
K66: No
B67: Medidas específicas dirigidas a reducir el impacto del cambio climático sobre las condiciones de vida de las personas | C67: Sí | D67: =IF(C67="Sí",1)+IF(C67="No",0) -> 1 | F67: =IF($E63=0,(D67*$G$4))+IF($E63=1,(D67*$J$4))+IF($E63=2,(D67*$I$4))+IF($E63=3,(D67*$H$4)) -> 0.33333333 | K67: Sí | L67: =IF(K67="Sí",1)+IF(K67="No",0) -> 1 | M67: =F67*L67 -> 0.33333333 | N67: =M68 -> 1 | O67: =IF(M68>=70%,(M68))+IF(M68<=70%,70%) -> 1
I68: =SUM(I63:I67) -> 0.5 | M68: =SUM(M63:M67) -> 1

Sheet Panel Control FC Social-MOT
C1: Aplica | F1: Peso máximo Factor Corrección Social | K1: Cumplimiento | M1: Puntuación Factor Corrección Social
A2: ='Tabla Resultados FC'!C10 -> MOT.1.1 | B2: ='Tabla Resultados FC'!D10 -> IV-A Elemento estructurante del territorio | F2: 1
B4: Participación Ciudadana inclusiva y transversal | C4: Sí | D4: =IF(C4="Sí",1)+IF(C4="No",0) -> 1 | E4: =(COUNTIF(D4:D8,"1")) -> 3 | F4: =IF($E4=0,(D4*$G$4))+IF($E4=1,(D4*$J$4))+IF($E4=2,(D4*$I$4))+IF($E4=3,(D4*$H$4)) -> 0.33333333 | G4: =F2/4 -> 0.25 | H4: =F2/3 -> 0.33333333 | I4: =F2/2 -> 0.5 | J4: =F2 -> 1 | K4: Sí | L4: =IF(K4="Sí",1)+IF(K4="No",0) -> 1 | M4: =F4*L4 -> 0.33333333
B6: Inclusión de indicadores sociodemográficos | C6: Sí | D6: =IF(C6="Sí",1)+IF(C6="No",0) -> 1 | F6: =IF($E4=0,(D6*$G$4))+IF($E4=1,(D6*$J$4))+IF($E4=2,(D6*$I$4))+IF($E4=3,(D6*$H$4)) -> 0.33333333 | K6: Sí | L6: =IF(K6="Sí",1)+IF(K6="No",0) -> 1 | M6: =F6*L6 -> 0.33333333
K7: No
B8: Medidas específicas dirigidas a reducir el impacto del cambio climático sobre las condiciones de vida de las personas | C8: Sí | D8: =IF(C8="Sí",1)+IF(C8="No",0) -> 1 | F8: =IF($E4=0,(D8*$G$4))+IF($E4=1,(D8*$J$4))+IF($E4=2,(D8*$I$4))+IF($E4=3,(D8*$H$4)) -> 0.33333333 | K8: Sí | L8: =IF(K8="Sí",1)+IF(K8="No",0) -> 1 | M8: =F8*L8 -> 0.33333333 | N8: =M9 -> 1 | O8: =IF(M9>=70%,(M9))+IF(M9<=70%,70%) -> 1
M9: =SUM(M4:M8) -> 1
C12: Aplica | F12: Peso máximo Factor Corrección Social | K12: Cumplimiento | M12: Puntuación Factor Corrección Social
A13: ='Tabla Resultados FC'!C11 -> MOT.1.2 | B13: ='Tabla Resultados FC'!D11 -> Servicios ecosistémicos | F13: 1
B15: Participación Ciudadana inclusiva y transversal | C15: Sí | D15: =IF(C15="Sí",1)+IF(C15="No",0) -> 1 | E15: =(COUNTIF(D15:D17,"1")) -> 3 | F15: =IF($E15=0,(D15*$G$4))+IF($E15=1,(D15*$J$4))+IF($E15=2,(D15*$I$4))+IF($E15=3,(D15*$H$4)) -> 0.33333333 | G15: 0 | H15: =F13/3 -> 0.33333333 | I15: =F13/2 -> 0.5 | J15: =F13 -> 1 | K15: Sí | L15: =IF(K15="Sí",1)+IF(K15="No",0) -> 1 | M15: =F15*L15 -> 0.33333333
B16: Inclusión de indicadores sociodemográficos | C16: Sí | D16: =IF(C16="Sí",1)+IF(C16="No",0) -> 1 | F16: =IF($E15=0,(D16*$G$4))+IF($E15=1,(D16*$J$4))+IF($E15=2,(D16*$I$4))+IF($E15=3,(D16*$H$4)) -> 0.33333333 | K16: Sí | L16: =IF(K16="Sí",1)+IF(K16="No",0) -> 1 | M16: =F16*L16 -> 0.33333333
B17: Medidas específicas dirigidas a reducir el impacto del cambio climático sobre las condiciones de vida de las personas | C17: Sí | D17: =IF(C17="Sí",1)+IF(C17="No",0) -> 1 | F17: =IF($E15=0,(D17*$G$4))+IF($E15=1,(D17*$J$4))+IF($E15=2,(D17*$I$4))+IF($E15=3,(D17*$H$4)) -> 0.33333333 | K17: Sí | L17: =IF(K17="Sí",1)+IF(K17="No",0) -> 1 | M17: =F17*L17 -> 0.33333333 | N17: =M18 -> 1 | O17: =IF(M18>=70%,(M18))+IF(M18<=70%,70%) -> 1
I18: =SUM(I15:I17) -> 0.5 | M18: =SUM(M15:M17) -> 1
C20: Aplica | F20: Peso máximo Factor Corrección Social | K20: Cumplimiento | M20: Puntuación Factor Corrección Social
A21: ='Tabla Resultados FC'!C12 -> MOT.1.3 | B21: ='Tabla Resultados FC'!D12 -> Potenciación sistemas agrarios | F21: 1
B23: Participación Ciudadana inclusiva y transversal | C23: Sí | D23: =IF(C23="Sí",1)+IF(C23="No",0) -> 1 | E23: =(COUNTIF(D23:D27,"1")) -> 3 | F23: =IF($E23=0,(D23*$G$4))+IF($E23=1,(D23*$J$4))+IF($E23=2,(D23*$I$4))+IF($E23=3,(D23*$H$4)) -> 0.33333333 | G23: 0 | H23: =F21/3 -> 0.33333333 | I23: =F21/2 -> 0.5 | J23: =F21 -> 1 | K23: Sí | L23: =IF(K23="Sí",1)+IF(K23="No",0) -> 1 | M23: =F23*L23 -> 0.33333333
B25: Inclusión de indicadores sociodemográficos | C25: Sí | D25: =IF(C25="Sí",1)+IF(C25="No",0) -> 1 | F25: =IF($E23=0,(D25*$G$4))+IF($E23=1,(D25*$J$4))+IF($E23=2,(D25*$I$4))+IF($E23=3,(D25*$H$4)) -> 0.33333333 | K25: Sí | L25: =IF(K25="Sí",1)+IF(K25="No",0) -> 1 | M25: =F25*L25 -> 0.33333333
K26: No
B27: Medidas específicas dirigidas a reducir el impacto del cambio climático sobre las condiciones de vida de las personas | C27: Sí | D27: =IF(C27="Sí",1)+IF(C27="No",0) -> 1 | F27: =IF($E23=0,(D27*$G$4))+IF($E23=1,(D27*$J$4))+IF($E23=2,(D27*$I$4))+IF($E23=3,(D27*$H$4)) -> 0.33333333 | K27: Sí | L27: =IF(K27="Sí",1)+IF(K27="No",0) -> 1 | M27: =F27*L27 -> 0.33333333 | N27: =M28 -> 1 | O27: =IF(M28>=70%,(M28))+IF(M28<=70%,70%) -> 1
I28: =SUM(I23:I27) -> 0.5 | M28: =SUM(M23:M27) -> 1
C30: Aplica | F30: Peso máximo Factor Corrección Social | K30: Cumplimiento | M30: Puntuación Factor Corrección Social
A31: ='Tabla Resultados FC'!C13 -> MOT.1.4 | B31: ='Tabla Resultados FC'!D13 -> Desarrollo policéntrico de núcleos rurales | F31: 1
B33: Participación Ciudadana inclusiva y transversal | C33: Sí | D33: =IF(C33="Sí",1)+IF(C33="No",0) -> 1 | E33: =(COUNTIF(D33:D37,"1")) -> 3 | F33: =IF($E33=0,(D33*$G$4))+IF($E33=1,(D33*$J$4))+IF($E33=2,(D33*$I$4))+IF($E33=3,(D33*$H$4)) -> 0.33333333 | G33: 0 | H33: =F31/3 -> 0.33333333 | I33: =F31/2 -> 0.5 | J33: =F31 -> 1 | K33: Sí | L33: =IF(K33="Sí",1)+IF(K33="No",0) -> 1 | M33: =F33*L33 -> 0.33333333
B35: Inclusión de indicadores sociodemográficos | C35: Sí | D35: =IF(C35="Sí",1)+IF(C35="No",0) -> 1 | F35: =IF($E33=0,(D35*$G$4))+IF($E33=1,(D35*$J$4))+IF($E33=2,(D35*$I$4))+IF($E33=3,(D35*$H$4)) -> 0.33333333 | K35: Sí | L35: =IF(K35="Sí",1)+IF(K35="No",0) -> 1 | M35: =F35*L35 -> 0.33333333
K36: No
B37: Medidas específicas dirigidas a reducir el impacto del cambio climático sobre las condiciones de vida de las personas | C37: Sí | D37: =IF(C37="Sí",1)+IF(C37="No",0) -> 1 | F37: =IF($E33=0,(D37*$G$4))+IF($E33=1,(D37*$J$4))+IF($E33=2,(D37*$I$4))+IF($E33=3,(D37*$H$4)) -> 0.33333333 | K37: Sí | L37: =IF(K37="Sí",1)+IF(K37="No",0) -> 1 | M37: =F37*L37 -> 0.33333333 | N37: =M38 -> 1 | O37: =IF(M38>=70%,(M38))+IF(M38<=70%,70%) -> 1
I38: =SUM(I33:I37) -> 0.5 | M38: =SUM(M33:M37) -> 1
C40: Aplica | F40: Peso máximo Factor Corrección Social | K40: Cumplimiento | M40: Puntuación Factor Corrección Social
A41: ='Tabla Resultados FC'!C14 -> MOT.1.5 | B41: ='Tabla Resultados FC'!D14 -> Ocupación del suelo y distribución de usos eficiente | F41: 1
B43: Participación Ciudadana inclusiva y transversal | C43: Sí | D43: =IF(C43="Sí",1)+IF(C43="No",0) -> 1 | E43: =(COUNTIF(D43:D47,"1")) -> 3 | F43: =IF($E43=0,(D43*$G$4))+IF($E43=1,(D43*$J$4))+IF($E43=2,(D43*$I$4))+IF($E43=3,(D43*$H$4)) -> 0.33333333 | G43: 0 | H43: =F41/3 -> 0.33333333 | I43: =F41/2 -> 0.5 | J43: =F41 -> 1 | K43: Sí | L43: =IF(K43="Sí",1)+IF(K43="No",0) -> 1 | M43: =F43*L43 -> 0.33333333
B45: Inclusión de indicadores sociodemográficos | C45: Sí | D45: =IF(C45="Sí",1)+IF(C45="No",0) -> 1 | F45: =IF($E43=0,(D45*$G$4))+IF($E43=1,(D45*$J$4))+IF($E43=2,(D45*$I$4))+IF($E43=3,(D45*$H$4)) -> 0.33333333 | K45: Sí | L45: =IF(K45="Sí",1)+IF(K45="No",0) -> 1 | M45: =F45*L45 -> 0.33333333
K46: No
B47: Medidas específicas dirigidas a reducir el impacto del cambio climático sobre las condiciones de vida de las personas | C47: Sí | D47: =IF(C47="Sí",1)+IF(C47="No",0) -> 1 | F47: =IF($E43=0,(D47*$G$4))+IF($E43=1,(D47*$J$4))+IF($E43=2,(D47*$I$4))+IF($E43=3,(D47*$H$4)) -> 0.33333333 | K47: Sí | L47: =IF(K47="Sí",1)+IF(K47="No",0) -> 1 | M47: =F47*L47 -> 0.33333333 | N47: =M48 -> 1 | O47: =IF(M48>=70%,(M48))+IF(M48<=70%,70%) -> 1
I48: =SUM(I43:I47) -> 0.5 | M48: =SUM(M43:M47) -> 1
C50: Aplica | F50: Peso máximo Factor Corrección Social | K50: Cumplimiento | M50: Puntuación Factor Corrección Social
A51: ='Tabla Resultados FC'!C15 -> MOT.1.6 | B51: ='Tabla Resultados FC'!D15 -> Sistema urbano con estructura policéntrica, compacto, complejo y eficiente | F51: 1
B53: Participación Ciudadana inclusiva y transversal | C53: Sí | D53: =IF(C53="Sí",1)+IF(C53="No",0) -> 1 | E53: =(COUNTIF(D53:D57,"1")) -> 3 | F53: =IF($E53=0,(D53*$G$4))+IF($E53=1,(D53*$J$4))+IF($E53=2,(D53*$I$4))+IF($E53=3,(D53*$H$4)) -> 0.33333333 | G53: 0 | H53: =F51/3 -> 0.33333333 | I53: =F51/2 -> 0.5 | J53: =F51 -> 1 | K53: Sí | L53: =IF(K53="Sí",1)+IF(K53="No",0) -> 1 | M53: =F53*L53 -> 0.33333333
B55: Inclusión de indicadores sociodemográficos | C55: Sí | D55: =IF(C55="Sí",1)+IF(C55="No",0) -> 1 | F55: =IF($E53=0,(D55*$G$4))+IF($E53=1,(D55*$J$4))+IF($E53=2,(D55*$I$4))+IF($E53=3,(D55*$H$4)) -> 0.33333333 | K55: Sí | L55: =IF(K55="Sí",1)+IF(K55="No",0) -> 1 | M55: =F55*L55 -> 0.33333333
K56: No
B57: Medidas específicas dirigidas a reducir el impacto del cambio climático sobre las condiciones de vida de las personas | C57: Sí | D57: =IF(C57="Sí",1)+IF(C57="No",0) -> 1 | F57: =IF($E53=0,(D57*$G$4))+IF($E53=1,(D57*$J$4))+IF($E53=2,(D57*$I$4))+IF($E53=3,(D57*$H$4)) -> 0.33333333 | K57: Sí | L57: =IF(K57="Sí",1)+IF(K57="No",0) -> 1 | M57: =F57*L57 -> 0.33333333 | N57: =M58 -> 1 | O57: =IF(M58>=70%,(M58))+IF(M58<=70%,70%) -> 1
I58: =SUM(I53:I57) -> 0.5 | M58: =SUM(M53:M57) -> 1
C60: Aplica | F60: Peso máximo Factor Corrección Social | K60: Cumplimiento | M60: Puntuación Factor Corrección Social
A61: ='Tabla Resultados FC'!C16 -> MOT.2.1 | B61: ='Tabla Resultados FC'!D16 -> Modelo de ordenación orientado a la neutralidad climática | F61: 1
B63: Participación Ciudadana inclusiva y transversal | C63: Sí | D63: =IF(C63="Sí",1)+IF(C63="No",0) -> 1 | E63: =(COUNTIF(D63:D67,"1")) -> 3 | F63: =IF($E63=0,(D63*$G$4))+IF($E63=1,(D63*$J$4))+IF($E63=2,(D63*$I$4))+IF($E63=3,(D63*$H$4)) -> 0.33333333 | G63: 0 | H63: =F61/3 -> 0.33333333 | I63: =F61/2 -> 0.5 | J63: =F61 -> 1 | K63: Sí | L63: =IF(K63="Sí",1)+IF(K63="No",0) -> 1 | M63: =F63*L63 -> 0.33333333
B65: Inclusión de indicadores sociodemográficos | C65: Sí | D65: =IF(C65="Sí",1)+IF(C65="No",0) -> 1 | F65: =IF($E63=0,(D65*$G$4))+IF($E63=1,(D65*$J$4))+IF($E63=2,(D65*$I$4))+IF($E63=3,(D65*$H$4)) -> 0.33333333 | K65: Sí | L65: =IF(K65="Sí",1)+IF(K65="No",0) -> 1 | M65: =F65*L65 -> 0.33333333
K66: No
B67: Medidas específicas dirigidas a reducir el impacto del cambio climático sobre las condiciones de vida de las personas | C67: Sí | D67: =IF(C67="Sí",1)+IF(C67="No",0) -> 1 | F67: =IF($E63=0,(D67*$G$4))+IF($E63=1,(D67*$J$4))+IF($E63=2,(D67*$I$4))+IF($E63=3,(D67*$H$4)) -> 0.33333333 | K67: Sí | L67: =IF(K67="Sí",1)+IF(K67="No",0) -> 1 | M67: =F67*L67 -> 0.33333333 | N67: =M68 -> 1 | O67: =IF(M68>=70%,(M68))+IF(M68<=70%,70%) -> 1
I68: =SUM(I63:I67) -> 0.5 | M68: =SUM(M63:M67) -> 1
C70: Aplica | F70: Peso máximo Factor Corrección Social | K70: Cumplimiento | M70: Puntuación Factor Corrección Social
A71: ='Tabla Resultados FC'!C17 -> MOT.2.2 | B71: ='Tabla Resultados FC'!D17 -> Transición ecológica justa | F71: 1
B73: Participación Ciudadana inclusiva y transversal | C73: Sí | D73: =IF(C73="Sí",1)+IF(C73="No",0) -> 1 | E73: =(COUNTIF(D73:D77,"1")) -> 3 | F73: =IF($E73=0,(D73*$G$4))+IF($E73=1,(D73*$J$4))+IF($E73=2,(D73*$I$4))+IF($E73=3,(D73*$H$4)) -> 0.33333333 | G73: 0 | H73: =F71/3 -> 0.33333333 | I73: =F71/2 -> 0.5 | J73: =F71 -> 1 | K73: Sí | L73: =IF(K73="Sí",1)+IF(K73="No",0) -> 1 | M73: =F73*L73 -> 0.33333333
B75: Inclusión de indicadores sociodemográficos | C75: Sí | D75: =IF(C75="Sí",1)+IF(C75="No",0) -> 1 | F75: =IF($E73=0,(D75*$G$4))+IF($E73=1,(D75*$J$4))+IF($E73=2,(D75*$I$4))+IF($E73=3,(D75*$H$4)) -> 0.33333333 | K75: Sí | L75: =IF(K75="Sí",1)+IF(K75="No",0) -> 1 | M75: =F75*L75 -> 0.33333333
K76: No
B77: Medidas específicas dirigidas a reducir el impacto del cambio climático sobre las condiciones de vida de las personas | C77: Sí | D77: =IF(C77="Sí",1)+IF(C77="No",0) -> 1 | F77: =IF($E73=0,(D77*$G$4))+IF($E73=1,(D77*$J$4))+IF($E73=2,(D77*$I$4))+IF($E73=3,(D77*$H$4)) -> 0.33333333 | K77: Sí | L77: =IF(K77="Sí",1)+IF(K77="No",0) -> 1 | M77: =F77*L77 -> 0.33333333 | N77: =M78 -> 1 | O77: =IF(M78>=70%,(M78))+IF(M78<=70%,70%) -> 1
I78: =SUM(I73:I77) -> 0.5 | M78: =SUM(M73:M77) -> 1
C80: Aplica | F80: Peso máximo Factor Corrección Social | K80: Cumplimiento | M80: Puntuación Factor Corrección Social
A81: ='Tabla Resultados FC'!C18 -> MOT.3.1 | B81: ='Tabla Resultados FC'!D18 -> Ocupación del suelo racional y equilibrada. Regeneración frente a expansión | F81: 1
B83: Participación Ciudadana inclusiva y transversal | C83: Sí | D83: =IF(C83="Sí",1)+IF(C83="No",0) -> 1 | E83: =(COUNTIF(D83:D87,"1")) -> 3 | F83: =IF($E83=0,(D83*$G$4))+IF($E83=1,(D83*$J$4))+IF($E83=2,(D83*$I$4))+IF($E83=3,(D83*$H$4)) -> 0.33333333 | G83: 0 | H83: =F81/3 -> 0.33333333 | I83: =F81/2 -> 0.5 | J83: =F81 -> 1 | K83: Sí | L83: =IF(K83="Sí",1)+IF(K83="No",0) -> 1 | M83: =F83*L83 -> 0.33333333
B85: Inclusión de indicadores sociodemográficos | C85: Sí | D85: =IF(C85="Sí",1)+IF(C85="No",0) -> 1 | F85: =IF($E83=0,(D85*$G$4))+IF($E83=1,(D85*$J$4))+IF($E83=2,(D85*$I$4))+IF($E83=3,(D85*$H$4)) -> 0.33333333 | K85: Sí | L85: =IF(K85="Sí",1)+IF(K85="No",0) -> 1 | M85: =F85*L85 -> 0.33333333
K86: No
B87: Medidas específicas dirigidas a reducir el impacto del cambio climático sobre las condiciones de vida de las personas | C87: Sí | D87: =IF(C87="Sí",1)+IF(C87="No",0) -> 1 | F87: =IF($E83=0,(D87*$G$4))+IF($E83=1,(D87*$J$4))+IF($E83=2,(D87*$I$4))+IF($E83=3,(D87*$H$4)) -> 0.33333333 | K87: Sí | L87: =IF(K87="Sí",1)+IF(K87="No",0) -> 1 | M87: =F87*L87 -> 0.33333333 | N87: =M88 -> 1 | O87: =IF(M88>=70%,(M88))+IF(M88<=70%,70%) -> 1
I88: =SUM(I83:I87) -> 0.5 | M88: =SUM(M83:M87) -> 1
C90: Aplica | F90: Peso máximo Factor Corrección Social | K90: Cumplimiento | M90: Puntuación Factor Corrección Social
A91: ='Tabla Resultados FC'!C19 -> MOT.3.2 | B91: ='Tabla Resultados FC'!D19 -> Ocupación y ordenación de los suelos hacia la eficiencia del metabolismo territorial y la movilidad sostenible | F91: 1
B93: Participación Ciudadana inclusiva y transversal | C93: Sí | D93: =IF(C93="Sí",1)+IF(C93="No",0) -> 1 | E93: =(COUNTIF(D93:D97,"1")) -> 3 | F93: =IF($E93=0,(D93*$G$4))+IF($E93=1,(D93*$J$4))+IF($E93=2,(D93*$I$4))+IF($E93=3,(D93*$H$4)) -> 0.33333333 | G93: 0 | H93: =F91/3 -> 0.33333333 | I93: =F91/2 -> 0.5 | J93: =F91 -> 1 | K93: Sí | L93: =IF(K93="Sí",1)+IF(K93="No",0) -> 1 | M93: =F93*L93 -> 0.33333333
B95: Inclusión de indicadores sociodemográficos | C95: Sí | D95: =IF(C95="Sí",1)+IF(C95="No",0) -> 1 | F95: =IF($E93=0,(D95*$G$4))+IF($E93=1,(D95*$J$4))+IF($E93=2,(D95*$I$4))+IF($E93=3,(D95*$H$4)) -> 0.33333333 | K95: Sí | L95: =IF(K95="Sí",1)+IF(K95="No",0) -> 1 | M95: =F95*L95 -> 0.33333333
K96: No
B97: Medidas específicas dirigidas a reducir el impacto del cambio climático sobre las condiciones de vida de las personas | C97: Sí | D97: =IF(C97="Sí",1)+IF(C97="No",0) -> 1 | F97: =IF($E93=0,(D97*$G$4))+IF($E93=1,(D97*$J$4))+IF($E93=2,(D97*$I$4))+IF($E93=3,(D97*$H$4)) -> 0.33333333 | K97: Sí | L97: =IF(K97="Sí",1)+IF(K97="No",0) -> 1 | M97: =F97*L97 -> 0.33333333 | N97: =M98 -> 1 | O97: =IF(M98>=70%,(M98))+IF(M98<=70%,70%) -> 1
I98: =SUM(I93:I97) -> 0.5 | M98: =SUM(M93:M97) -> 1
C100: Aplica | F100: Peso máximo Factor Corrección Social | K100: Cumplimiento | M100: Puntuación Factor Corrección Social
A101: ='Tabla Resultados FC'!C20 -> MOT.4.1 | B101: ='Tabla Resultados FC'!D20 -> Identificación y evaluación de riesgos, vulnerabilidades y capacidad de adaptación | F101: 1
B103: Participación Ciudadana inclusiva y transversal | C103: Sí | D103: =IF(C103="Sí",1)+IF(C103="No",0) -> 1 | E103: =(COUNTIF(D103:D107,"1")) -> 3 | F103: =IF($E103=0,(D103*$G$4))+IF($E103=1,(D103*$J$4))+IF($E103=2,(D103*$I$4))+IF($E103=3,(D103*$H$4)) -> 0.33333333 | G103: 0 | H103: =F101/3 -> 0.33333333 | I103: =F101/2 -> 0.5 | J103: =F101 -> 1 | K103: Sí | L103: =IF(K103="Sí",1)+IF(K103="No",0) -> 1 | M103: =F103*L103 -> 0.33333333
B105: Inclusión de indicadores sociodemográficos | C105: Sí | D105: =IF(C105="Sí",1)+IF(C105="No",0) -> 1 | F105: =IF($E103=0,(D105*$G$4))+IF($E103=1,(D105*$J$4))+IF($E103=2,(D105*$I$4))+IF($E103=3,(D105*$H$4)) -> 0.33333333 | K105: Sí | L105: =IF(K105="Sí",1)+IF(K105="No",0) -> 1 | M105: =F105*L105 -> 0.33333333
K106: No
B107: Medidas específicas dirigidas a reducir el impacto del cambio climático sobre las condiciones de vida de las personas | C107: Sí | D107: =IF(C107="Sí",1)+IF(C107="No",0) -> 1 | F107: =IF($E103=0,(D107*$G$4))+IF($E103=1,(D107*$J$4))+IF($E103=2,(D107*$I$4))+IF($E103=3,(D107*$H$4)) -> 0.33333333 | K107: Sí | L107: =IF(K107="Sí",1)+IF(K107="No",0) -> 1 | M107: =F107*L107 -> 0.33333333 | N107: =M108 -> 1 | O107: =IF(M108>=70%,(M108))+IF(M108<=70%,70%) -> 1
I108: =SUM(I103:I107) -> 0.5 | M108: =SUM(M103:M107) -> 1
C110: Aplica | F110: Peso máximo Factor Corrección Social | K110: Cumplimiento | M110: Puntuación Factor Corrección Social
A111: ='Tabla Resultados FC'!C21 -> MOT.4.2 | B111: ='Tabla Resultados FC'!D21 -> Ocupación del territorio resiliente: adaptada e integrada | F111: 1
B113: Participación Ciudadana inclusiva y transversal | C113: Sí | D113: =IF(C113="Sí",1)+IF(C113="No",0) -> 1 | E113: =(COUNTIF(D113:D117,"1")) -> 3 | F113: =IF($E113=0,(D113*$G$4))+IF($E113=1,(D113*$J$4))+IF($E113=2,(D113*$I$4))+IF($E113=3,(D113*$H$4)) -> 0.33333333 | G113: 0 | H113: =F111/3 -> 0.33333333 | I113: =F111/2 -> 0.5 | J113: =F111 -> 1 | K113: Sí | L113: =IF(K113="Sí",1)+IF(K113="No",0) -> 1 | M113: =F113*L113 -> 0.33333333
B115: Inclusión de indicadores sociodemográficos | C115: Sí | D115: =IF(C115="Sí",1)+IF(C115="No",0) -> 1 | F115: =IF($E113=0,(D115*$G$4))+IF($E113=1,(D115*$J$4))+IF($E113=2,(D115*$I$4))+IF($E113=3,(D115*$H$4)) -> 0.33333333 | K115: Sí | L115: =IF(K115="Sí",1)+IF(K115="No",0) -> 1 | M115: =F115*L115 -> 0.33333333
K116: No
B117: Medidas específicas dirigidas a reducir el impacto del cambio climático sobre las condiciones de vida de las personas | C117: Sí | D117: =IF(C117="Sí",1)+IF(C117="No",0) -> 1 | F117: =IF($E113=0,(D117*$G$4))+IF($E113=1,(D117*$J$4))+IF($E113=2,(D117*$I$4))+IF($E113=3,(D117*$H$4)) -> 0.33333333 | K117: Sí | L117: =IF(K117="Sí",1)+IF(K117="No",0) -> 1 | M117: =F117*L117 -> 0.33333333 | N117: =M118 -> 1 | O117: =IF(M118>=70%,(M118))+IF(M118<=70%,70%) -> 1
I118: =SUM(I113:I117) -> 0.5 | M118: =SUM(M113:M117) -> 1

Sheet Panel Control FC Social-MTU
C1: Aplica | F1: Peso máximo Factor Corrección Social | K1: Cumplimiento | M1: Puntuación Factor Corrección Social
A2: ='Tabla Resultados FC'!C22 -> MTU.1.1 | B2: ='Tabla Resultados FC'!D22 -> Aumento generación EERR | F2: 1
B4: Participación Ciudadana inclusiva y transversal | C4: Sí | D4: =IF(C4="Sí",1)+IF(C4="No",0) -> 1 | E4: =(COUNTIF(D4:D8,"1")) -> 3 | F4: =IF($E4=0,(D4*$G$4))+IF($E4=1,(D4*$J$4))+IF($E4=2,(D4*$I$4))+IF($E4=3,(D4*$H$4)) -> 0.33333333 | G4: 0 | H4: =F2/3 -> 0.33333333 | I4: =F2/2 -> 0.5 | J4: =F2 -> 1 | K4: Sí | L4: =IF(K4="Sí",1)+IF(K4="No",0) -> 1 | M4: =F4*L4 -> 0.33333333
B6: Inclusión de indicadores sociodemográficos | C6: Sí | D6: =IF(C6="Sí",1)+IF(C6="No",0) -> 1 | F6: =IF($E4=0,(D6*$G$4))+IF($E4=1,(D6*$J$4))+IF($E4=2,(D6*$I$4))+IF($E4=3,(D6*$H$4)) -> 0.33333333 | K6: Sí | L6: =IF(K6="Sí",1)+IF(K6="No",0) -> 1 | M6: =F6*L6 -> 0.33333333
K7: No
B8: Medidas específicas dirigidas a reducir el impacto del cambio climático sobre las condiciones de vida de las personas | C8: Sí | D8: =IF(C8="Sí",1)+IF(C8="No",0) -> 1 | F8: =IF($E4=0,(D8*$G$4))+IF($E4=1,(D8*$J$4))+IF($E4=2,(D8*$I$4))+IF($E4=3,(D8*$H$4)) -> 0.33333333 | K8: Sí | L8: =IF(K8="Sí",1)+IF(K8="No",0) -> 1 | M8: =F8*L8 -> 0.33333333 | N8: =M9 -> 1 | O8: =IF(M9>=70%,(M9))+IF(M9<=70%,70%) -> 1
M9: =SUM(M4:M8) -> 1
C12: Aplica | F12: Peso máximo Factor Corrección Social | K12: Cumplimiento | M12: Puntuación Factor Corrección Social
A13: ='Tabla Resultados FC'!C23 -> MTU.1.2 | B13: ='Tabla Resultados FC'!D23 -> Reducción de emisiones de GEI | F13: 1
B15: Participación Ciudadana inclusiva y transversal | C15: Sí | D15: =IF(C15="Sí",1)+IF(C15="No",0) -> 1 | E15: =(COUNTIF(D15:D17,"1")) -> 3 | F15: =IF($E15=0,(D15*$G$4))+IF($E15=1,(D15*$J$4))+IF($E15=2,(D15*$I$4))+IF($E15=3,(D15*$H$4)) -> 0.33333333 | G15: 0 | H15: =F13/3 -> 0.33333333 | I15: =F13/2 -> 0.5 | J15: =F13 -> 1 | K15: Sí | L15: =IF(K15="Sí",1)+IF(K15="No",0) -> 1 | M15: =F15*L15 -> 0.33333333
B16: Inclusión de indicadores sociodemográficos | C16: Sí | D16: =IF(C16="Sí",1)+IF(C16="No",0) -> 1 | F16: =IF($E15=0,(D16*$G$4))+IF($E15=1,(D16*$J$4))+IF($E15=2,(D16*$I$4))+IF($E15=3,(D16*$H$4)) -> 0.33333333 | K16: Sí | L16: =IF(K16="Sí",1)+IF(K16="No",0) -> 1 | M16: =F16*L16 -> 0.33333333
B17: Medidas específicas dirigidas a reducir el impacto del cambio climático sobre las condiciones de vida de las personas | C17: Sí | D17: =IF(C17="Sí",1)+IF(C17="No",0) -> 1 | F17: =IF($E15=0,(D17*$G$4))+IF($E15=1,(D17*$J$4))+IF($E15=2,(D17*$I$4))+IF($E15=3,(D17*$H$4)) -> 0.33333333 | K17: Sí | L17: =IF(K17="Sí",1)+IF(K17="No",0) -> 1 | M17: =F17*L17 -> 0.33333333 | N17: =M18 -> 1 | O17: =IF(M18>=70%,(M18))+IF(M18<=70%,70%) -> 1
I18: =SUM(I15:I17) -> 0.5 | M18: =SUM(M15:M17) -> 1
C20: Aplica | F20: Peso máximo Factor Corrección Social | K20: Cumplimiento | M20: Puntuación Factor Corrección Social
A21: ='Tabla Resultados FC'!C24 -> MTU.1.3 | B21: ='Tabla Resultados FC'!D24 -> Potenciación de la autosuficiencia conectada | F21: 1
B23: Participación Ciudadana inclusiva y transversal | C23: Sí | D23: =IF(C23="Sí",1)+IF(C23="No",0) -> 1 | E23: =(COUNTIF(D23:D27,"1")) -> 3 | F23: =IF($E23=0,(D23*$G$4))+IF($E23=1,(D23*$J$4))+IF($E23=2,(D23*$I$4))+IF($E23=3,(D23*$H$4)) -> 0.33333333 | G23: 0 | H23: =F21/3 -> 0.33333333 | I23: =F21/2 -> 0.5 | J23: =F21 -> 1 | K23: Sí | L23: =IF(K23="Sí",1)+IF(K23="No",0) -> 1 | M23: =F23*L23 -> 0.33333333
B25: Inclusión de indicadores sociodemográficos | C25: Sí | D25: =IF(C25="Sí",1)+IF(C25="No",0) -> 1 | F25: =IF($E23=0,(D25*$G$4))+IF($E23=1,(D25*$J$4))+IF($E23=2,(D25*$I$4))+IF($E23=3,(D25*$H$4)) -> 0.33333333 | K25: Sí | L25: =IF(K25="Sí",1)+IF(K25="No",0) -> 1 | M25: =F25*L25 -> 0.33333333
K26: No
B27: Medidas específicas dirigidas a reducir el impacto del cambio climático sobre las condiciones de vida de las personas | C27: Sí | D27: =IF(C27="Sí",1)+IF(C27="No",0) -> 1 | F27: =IF($E23=0,(D27*$G$4))+IF($E23=1,(D27*$J$4))+IF($E23=2,(D27*$I$4))+IF($E23=3,(D27*$H$4)) -> 0.33333333 | K27: Sí | L27: =IF(K27="Sí",1)+IF(K27="No",0) -> 1 | M27: =F27*L27 -> 0.33333333 | N27: =M28 -> 1 | O27: =IF(M28>=70%,(M28))+IF(M28<=70%,70%) -> 1
I28: =SUM(I23:I27) -> 0.5 | M28: =SUM(M23:M27) -> 1
C30: Aplica | F30: Peso máximo Factor Corrección Social | K30: Cumplimiento | M30: Puntuación Factor Corrección Social
A31: ='Tabla Resultados FC'!C25 -> MTU.2.1 | B31: ='Tabla Resultados FC'!D25 -> Autosuficiencia hídrica conectada | F31: 1
B33: Participación Ciudadana inclusiva y transversal | C33: Sí | D33: =IF(C33="Sí",1)+IF(C33="No",0) -> 1 | E33: =(COUNTIF(D33:D37,"1")) -> 3 | F33: =IF($E33=0,(D33*$G$4))+IF($E33=1,(D33*$J$4))+IF($E33=2,(D33*$I$4))+IF($E33=3,(D33*$H$4)) -> 0.33333333 | G33: 0 | H33: =F31/3 -> 0.33333333 | I33: =F31/2 -> 0.5 | J33: =F31 -> 1 | K33: Sí | L33: =IF(K33="Sí",1)+IF(K33="No",0) -> 1 | M33: =F33*L33 -> 0.33333333
B35: Inclusión de indicadores sociodemográficos | C35: Sí | D35: =IF(C35="Sí",1)+IF(C35="No",0) -> 1 | F35: =IF($E33=0,(D35*$G$4))+IF($E33=1,(D35*$J$4))+IF($E33=2,(D35*$I$4))+IF($E33=3,(D35*$H$4)) -> 0.33333333 | K35: Sí | L35: =IF(K35="Sí",1)+IF(K35="No",0) -> 1 | M35: =F35*L35 -> 0.33333333
K36: No
B37: Medidas específicas dirigidas a reducir el impacto del cambio climático sobre las condiciones de vida de las personas | C37: Sí | D37: =IF(C37="Sí",1)+IF(C37="No",0) -> 1 | F37: =IF($E33=0,(D37*$G$4))+IF($E33=1,(D37*$J$4))+IF($E33=2,(D37*$I$4))+IF($E33=3,(D37*$H$4)) -> 0.33333333 | K37: Sí | L37: =IF(K37="Sí",1)+IF(K37="No",0) -> 1 | M37: =F37*L37 -> 0.33333333 | N37: =M38 -> 1 | O37: =IF(M38>=70%,(M38))+IF(M38<=70%,70%) -> 1
I38: =SUM(I33:I37) -> 0.5 | M38: =SUM(M33:M37) -> 1
C40: Aplica | F40: Peso máximo Factor Corrección Social | K40: Cumplimiento | M40: Puntuación Factor Corrección Social
A41: ='Tabla Resultados FC'!C26 -> MTU.2.2 | B41: ='Tabla Resultados FC'!D26 -> Eficiencia en la producción, tratamiento de las aguas y consumo hídrico | F41: 1
B43: Participación Ciudadana inclusiva y transversal | C43: Sí | D43: =IF(C43="Sí",1)+IF(C43="No",0) -> 1 | E43: =(COUNTIF(D43:D47,"1")) -> 3 | F43: =IF($E43=0,(D43*$G$4))+IF($E43=1,(D43*$J$4))+IF($E43=2,(D43*$I$4))+IF($E43=3,(D43*$H$4)) -> 0.33333333 | G43: 0 | H43: =F41/3 -> 0.33333333 | I43: =F41/2 -> 0.5 | J43: =F41 -> 1 | K43: Sí | L43: =IF(K43="Sí",1)+IF(K43="No",0) -> 1 | M43: =F43*L43 -> 0.33333333
B45: Inclusión de indicadores sociodemográficos | C45: Sí | D45: =IF(C45="Sí",1)+IF(C45="No",0) -> 1 | F45: =IF($E43=0,(D45*$G$4))+IF($E43=1,(D45*$J$4))+IF($E43=2,(D45*$I$4))+IF($E43=3,(D45*$H$4)) -> 0.33333333 | K45: Sí | L45: =IF(K45="Sí",1)+IF(K45="No",0) -> 1 | M45: =F45*L45 -> 0.33333333
K46: No
B47: Medidas específicas dirigidas a reducir el impacto del cambio climático sobre las condiciones de vida de las personas | C47: Sí | D47: =IF(C47="Sí",1)+IF(C47="No",0) -> 1 | F47: =IF($E43=0,(D47*$G$4))+IF($E43=1,(D47*$J$4))+IF($E43=2,(D47*$I$4))+IF($E43=3,(D47*$H$4)) -> 0.33333333 | K47: Sí | L47: =IF(K47="Sí",1)+IF(K47="No",0) -> 1 | M47: =F47*L47 -> 0.33333333 | N47: =M48 -> 1 | O47: =IF(M48>=70%,(M48))+IF(M48<=70%,70%) -> 1
I48: =SUM(I43:I47) -> 0.5 | M48: =SUM(M43:M47) -> 1
C50: Aplica | F50: Peso máximo Factor Corrección Social | K50: Cumplimiento | M50: Puntuación Factor Corrección Social
A51: ='Tabla Resultados FC'!C27 -> MTU.2.3 | B51: ='Tabla Resultados FC'!D27 -> Potenciación de las SbN | F51: 1
B53: Participación Ciudadana inclusiva y transversal | C53: Sí | D53: =IF(C53="Sí",1)+IF(C53="No",0) -> 1 | E53: =(COUNTIF(D53:D57,"1")) -> 3 | F53: =IF($E53=0,(D53*$G$4))+IF($E53=1,(D53*$J$4))+IF($E53=2,(D53*$I$4))+IF($E53=3,(D53*$H$4)) -> 0.33333333 | G53: 0 | H53: =F51/3 -> 0.33333333 | I53: =F51/2 -> 0.5 | J53: =F51 -> 1 | K53: Sí | L53: =IF(K53="Sí",1)+IF(K53="No",0) -> 1 | M53: =F53*L53 -> 0.33333333
B55: Inclusión de indicadores sociodemográficos | C55: Sí | D55: =IF(C55="Sí",1)+IF(C55="No",0) -> 1 | F55: =IF($E53=0,(D55*$G$4))+IF($E53=1,(D55*$J$4))+IF($E53=2,(D55*$I$4))+IF($E53=3,(D55*$H$4)) -> 0.33333333 | K55: Sí | L55: =IF(K55="Sí",1)+IF(K55="No",0) -> 1 | M55: =F55*L55 -> 0.33333333
K56: No
B57: Medidas específicas dirigidas a reducir el impacto del cambio climático sobre las condiciones de vida de las personas | C57: Sí | D57: =IF(C57="Sí",1)+IF(C57="No",0) -> 1 | F57: =IF($E53=0,(D57*$G$4))+IF($E53=1,(D57*$J$4))+IF($E53=2,(D57*$I$4))+IF($E53=3,(D57*$H$4)) -> 0.33333333 | K57: Sí | L57: =IF(K57="Sí",1)+IF(K57="No",0) -> 1 | M57: =F57*L57 -> 0.33333333 | N57: =M58 -> 1 | O57: =IF(M58>=70%,(M58))+IF(M58<=70%,70%) -> 1
I58: =SUM(I53:I57) -> 0.5 | M58: =SUM(M53:M57) -> 1
C60: Aplica | F60: Peso máximo Factor Corrección Social | K60: Cumplimiento | M60: Puntuación Factor Corrección Social
A61: ='Tabla Resultados FC'!C28 -> MTU.3.1 | B61: ='Tabla Resultados FC'!D28 -> Compatibilidad de la protección del sistema natural con la gestión de residuos | F61: 1
B63: Participación Ciudadana inclusiva y transversal | C63: Sí | D63: =IF(C63="Sí",1)+IF(C63="No",0) -> 1 | E63: =(COUNTIF(D63:D67,"1")) -> 3 | F63: =IF($E63=0,(D63*$G$4))+IF($E63=1,(D63*$J$4))+IF($E63=2,(D63*$I$4))+IF($E63=3,(D63*$H$4)) -> 0.33333333 | G63: 0 | H63: =F61/3 -> 0.33333333 | I63: =F61/2 -> 0.5 | J63: =F61 -> 1 | K63: Sí | L63: =IF(K63="Sí",1)+IF(K63="No",0) -> 1 | M63: =F63*L63 -> 0.33333333
B65: Inclusión de indicadores sociodemográficos | C65: Sí | D65: =IF(C65="Sí",1)+IF(C65="No",0) -> 1 | F65: =IF($E63=0,(D65*$G$4))+IF($E63=1,(D65*$J$4))+IF($E63=2,(D65*$I$4))+IF($E63=3,(D65*$H$4)) -> 0.33333333 | K65: Sí | L65: =IF(K65="Sí",1)+IF(K65="No",0) -> 1 | M65: =F65*L65 -> 0.33333333
K66: No
B67: Medidas específicas dirigidas a reducir el impacto del cambio climático sobre las condiciones de vida de las personas | C67: Sí | D67: =IF(C67="Sí",1)+IF(C67="No",0) -> 1 | F67: =IF($E63=0,(D67*$G$4))+IF($E63=1,(D67*$J$4))+IF($E63=2,(D67*$I$4))+IF($E63=3,(D67*$H$4)) -> 0.33333333 | K67: Sí | L67: =IF(K67="Sí",1)+IF(K67="No",0) -> 1 | M67: =F67*L67 -> 0.33333333 | N67: =M68 -> 1 | O67: =IF(M68>=70%,(M68))+IF(M68<=70%,70%) -> 1
I68: =SUM(I63:I67) -> 0.5 | M68: =SUM(M63:M67) -> 1
C70: Aplica | F70: Peso máximo Factor Corrección Social | K70: Cumplimiento | M70: Puntuación Factor Corrección Social
A71: ='Tabla Resultados FC'!C29 -> MTU.3.2 | B71: ='Tabla Resultados FC'!D29 -> Viabilizar el principio de autosuficiencia | F71: 1
B73: Participación Ciudadana inclusiva y transversal | C73: Sí | D73: =IF(C73="Sí",1)+IF(C73="No",0) -> 1 | E73: =(COUNTIF(D73:D77,"1")) -> 3 | F73: =IF($E73=0,(D73*$G$4))+IF($E73=1,(D73*$J$4))+IF($E73=2,(D73*$I$4))+IF($E73=3,(D73*$H$4)) -> 0.33333333 | G73: 0 | H73: =F71/3 -> 0.33333333 | I73: =F71/2 -> 0.5 | J73: =F71 -> 1 | K73: Sí | L73: =IF(K73="Sí",1)+IF(K73="No",0) -> 1 | M73: =F73*L73 -> 0.33333333
B75: Inclusión de indicadores sociodemográficos | C75: Sí | D75: =IF(C75="Sí",1)+IF(C75="No",0) -> 1 | F75: =IF($E73=0,(D75*$G$4))+IF($E73=1,(D75*$J$4))+IF($E73=2,(D75*$I$4))+IF($E73=3,(D75*$H$4)) -> 0.33333333 | K75: Sí | L75: =IF(K75="Sí",1)+IF(K75="No",0) -> 1 | M75: =F75*L75 -> 0.33333333
K76: No
B77: Medidas específicas dirigidas a reducir el impacto del cambio climático sobre las condiciones de vida de las personas | C77: Sí | D77: =IF(C77="Sí",1)+IF(C77="No",0) -> 1 | F77: =IF($E73=0,(D77*$G$4))+IF($E73=1,(D77*$J$4))+IF($E73=2,(D77*$I$4))+IF($E73=3,(D77*$H$4)) -> 0.33333333 | K77: Sí | L77: =IF(K77="Sí",1)+IF(K77="No",0) -> 1 | M77: =F77*L77 -> 0.33333333 | N77: =M78 -> 1 | O77: =IF(M78>=70%,(M78))+IF(M78<=70%,70%) -> 1
I78: =SUM(I73:I77) -> 0.5 | M78: =SUM(M73:M77) -> 1
C80: Aplica | F80: Peso máximo Factor Corrección Social | K80: Cumplimiento | M80: Puntuación Factor Corrección Social
A81: ='Tabla Resultados FC'!C30 -> MTU.3.3 | B81: ='Tabla Resultados FC'!D30 -> Reducción de emisiones de GEI | F81: 1
B83: Participación Ciudadana inclusiva y transversal | C83: Sí | D83: =IF(C83="Sí",1)+IF(C83="No",0) -> 1 | E83: =(COUNTIF(D83:D87,"1")) -> 3 | F83: =IF($E83=0,(D83*$G$4))+IF($E83=1,(D83*$J$4))+IF($E83=2,(D83*$I$4))+IF($E83=3,(D83*$H$4)) -> 0.33333333 | G83: 0 | H83: =F81/3 -> 0.33333333 | I83: =F81/2 -> 0.5 | J83: =F81 -> 1 | K83: Sí | L83: =IF(K83="Sí",1)+IF(K83="No",0) -> 1 | M83: =F83*L83 -> 0.33333333
B85: Inclusión de indicadores sociodemográficos | C85: Sí | D85: =IF(C85="Sí",1)+IF(C85="No",0) -> 1 | F85: =IF($E83=0,(D85*$G$4))+IF($E83=1,(D85*$J$4))+IF($E83=2,(D85*$I$4))+IF($E83=3,(D85*$H$4)) -> 0.33333333 | K85: Sí | L85: =IF(K85="Sí",1)+IF(K85="No",0) -> 1 | M85: =F85*L85 -> 0.33333333
K86: No
B87: Medidas específicas dirigidas a reducir el impacto del cambio climático sobre las condiciones de vida de las personas | C87: Sí | D87: =IF(C87="Sí",1)+IF(C87="No",0) -> 1 | F87: =IF($E83=0,(D87*$G$4))+IF($E83=1,(D87*$J$4))+IF($E83=2,(D87*$I$4))+IF($E83=3,(D87*$H$4)) -> 0.33333333 | K87: Sí | L87: =IF(K87="Sí",1)+IF(K87="No",0) -> 1 | M87: =F87*L87 -> 0.33333333 | N87: =M88 -> 1 | O87: =IF(M88>=70%,(M88))+IF(M88<=70%,70%) -> 1
I88: =SUM(I83:I87) -> 0.5 | M88: =SUM(M83:M87) -> 1
C90: Aplica | F90: Peso máximo Factor Corrección Social | K90: Cumplimiento | M90: Puntuación Factor Corrección Social
A91: ='Tabla Resultados FC'!C31 -> MTU.3.4 | B91: ='Tabla Resultados FC'!D31 -> Economía circular | F91: 1
B93: Participación Ciudadana inclusiva y transversal | C93: Sí | D93: =IF(C93="Sí",1)+IF(C93="No",0) -> 1 | E93: =(COUNTIF(D93:D97,"1")) -> 3 | F93: =IF($E93=0,(D93*$G$4))+IF($E93=1,(D93*$J$4))+IF($E93=2,(D93*$I$4))+IF($E93=3,(D93*$H$4)) -> 0.33333333 | G93: 0 | H93: =F91/3 -> 0.33333333 | I93: =F91/2 -> 0.5 | J93: =F91 -> 1 | K93: Sí | L93: =IF(K93="Sí",1)+IF(K93="No",0) -> 1 | M93: =F93*L93 -> 0.33333333
B95: Inclusión de indicadores sociodemográficos | C95: Sí | D95: =IF(C95="Sí",1)+IF(C95="No",0) -> 1 | F95: =IF($E93=0,(D95*$G$4))+IF($E93=1,(D95*$J$4))+IF($E93=2,(D95*$I$4))+IF($E93=3,(D95*$H$4)) -> 0.33333333 | K95: Sí | L95: =IF(K95="Sí",1)+IF(K95="No",0) -> 1 | M95: =F95*L95 -> 0.33333333
K96: No
B97: Medidas específicas dirigidas a reducir el impacto del cambio climático sobre las condiciones de vida de las personas | C97: Sí | D97: =IF(C97="Sí",1)+IF(C97="No",0) -> 1 | F97: =IF($E93=0,(D97*$G$4))+IF($E93=1,(D97*$J$4))+IF($E93=2,(D97*$I$4))+IF($E93=3,(D97*$H$4)) -> 0.33333333 | K97: Sí | L97: =IF(K97="Sí",1)+IF(K97="No",0) -> 1 | M97: =F97*L97 -> 0.33333333 | N97: =M98 -> 1 | O97: =IF(M98>=70%,(M98))+IF(M98<=70%,70%) -> 1
I98: =SUM(I93:I97) -> 0.5 | M98: =SUM(M93:M97) -> 1
C100: Aplica | F100: Peso máximo Factor Corrección Social | K100: Cumplimiento | M100: Puntuación Factor Corrección Social
A101: ='Tabla Resultados FC'!C32 -> MTU.4.1 | B101: ='Tabla Resultados FC'!D32 -> Evaluación y gestión de riesgos | F101: 1
B103: Participación Ciudadana inclusiva y transversal | C103: Sí | D103: =IF(C103="Sí",1)+IF(C103="No",0) -> 1 | E103: =(COUNTIF(D103:D107,"1")) -> 3 | F103: =IF($E103=0,(D103*$G$4))+IF($E103=1,(D103*$J$4))+IF($E103=2,(D103*$I$4))+IF($E103=3,(D103*$H$4)) -> 0.33333333 | G103: 0 | H103: =F101/3 -> 0.33333333 | I103: =F101/2 -> 0.5 | J103: =F101 -> 1 | K103: Sí | L103: =IF(K103="Sí",1)+IF(K103="No",0) -> 1 | M103: =F103*L103 -> 0.33333333
B105: Inclusión de indicadores sociodemográficos | C105: Sí | D105: =IF(C105="Sí",1)+IF(C105="No",0) -> 1 | F105: =IF($E103=0,(D105*$G$4))+IF($E103=1,(D105*$J$4))+IF($E103=2,(D105*$I$4))+IF($E103=3,(D105*$H$4)) -> 0.33333333 | K105: Sí | L105: =IF(K105="Sí",1)+IF(K105="No",0) -> 1 | M105: =F105*L105 -> 0.33333333
K106: No
B107: Medidas específicas dirigidas a reducir el impacto del cambio climático sobre las condiciones de vida de las personas | C107: Sí | D107: =IF(C107="Sí",1)+IF(C107="No",0) -> 1 | F107: =IF($E103=0,(D107*$G$4))+IF($E103=1,(D107*$J$4))+IF($E103=2,(D107*$I$4))+IF($E103=3,(D107*$H$4)) -> 0.33333333 | K107: Sí | L107: =IF(K107="Sí",1)+IF(K107="No",0) -> 1 | M107: =F107*L107 -> 0.33333333 | N107: =M108 -> 1 | O107: =IF(M108>=70%,(M108))+IF(M108<=70%,70%) -> 1
I108: =SUM(I103:I107) -> 0.5 | M108: =SUM(M103:M107) -> 1
C110: Aplica | F110: Peso máximo Factor Corrección Social | K110: Cumplimiento | M110: Puntuación Factor Corrección Social
A111: ='Tabla Resultados FC'!C33 -> MTU.4.2 | B111: ='Tabla Resultados FC'!D33 -> Adaptación y recuperación de la vinculación del sistema urbano al ciclo del agua | F111: 1
B113: Participación Ciudadana inclusiva y transversal | C113: Sí | D113: =IF(C113="Sí",1)+IF(C113="No",0) -> 1 | E113: =(COUNTIF(D113:D117,"1")) -> 3 | F113: =IF($E113=0,(D113*$G$4))+IF($E113=1,(D113*$J$4))+IF($E113=2,(D113*$I$4))+IF($E113=3,(D113*$H$4)) -> 0.33333333 | G113: 0 | H113: =F111/3 -> 0.33333333 | I113: =F111/2 -> 0.5 | J113: =F111 -> 1 | K113: Sí | L113: =IF(K113="Sí",1)+IF(K113="No",0) -> 1 | M113: =F113*L113 -> 0.33333333
B115: Inclusión de indicadores sociodemográficos | C115: Sí | D115: =IF(C115="Sí",1)+IF(C115="No",0) -> 1 | F115: =IF($E113=0,(D115*$G$4))+IF($E113=1,(D115*$J$4))+IF($E113=2,(D115*$I$4))+IF($E113=3,(D115*$H$4)) -> 0.33333333 | K115: Sí | L115: =IF(K115="Sí",1)+IF(K115="No",0) -> 1 | M115: =F115*L115 -> 0.33333333
K116: No
B117: Medidas específicas dirigidas a reducir el impacto del cambio climático sobre las condiciones de vida de las personas | C117: Sí | D117: =IF(C117="Sí",1)+IF(C117="No",0) -> 1 | F117: =IF($E113=0,(D117*$G$4))+IF($E113=1,(D117*$J$4))+IF($E113=2,(D117*$I$4))+IF($E113=3,(D117*$H$4)) -> 0.33333333 | K117: Sí | L117: =IF(K117="Sí",1)+IF(K117="No",0) -> 1 | M117: =F117*L117 -> 0.33333333 | N117: =M118 -> 1 | O117: =IF(M118>=70%,(M118))+IF(M118<=70%,70%) -> 1
I118: =SUM(I113:I117) -> 0.5 | M118: =SUM(M113:M117) -> 1

Sheet Panel Control FC Social-MA
C1: Aplica | F1: Peso máximo Factor Corrección Social | K1: Cumplimiento | M1: Puntuación Factor Corrección Social
A2: ='Tabla Resultados FC'!C34 -> MA.1.1 | B2: ='Tabla Resultados FC'!D34 -> Territorio de los 45 min (Conectividad rural y zonas periféricas) | F2: 1
B4: Participación Ciudadana inclusiva y transversal | C4: Sí | D4: =IF(C4="Sí",1)+IF(C4="No",0) -> 1 | E4: =(COUNTIF(D4:D8,"1")) -> 3 | F4: =IF($E4=0,(D4*$G$4))+IF($E4=1,(D4*$J$4))+IF($E4=2,(D4*$I$4))+IF($E4=3,(D4*$H$4)) -> 0.33333333 | G4: 0 | H4: =F2/3 -> 0.33333333 | I4: =F2/2 -> 0.5 | J4: =F2 -> 1 | K4: Sí | L4: =IF(K4="Sí",1)+IF(K4="No",0) -> 1 | M4: =F4*L4 -> 0.33333333
B6: Inclusión de indicadores sociodemográficos | C6: Sí | D6: =IF(C6="Sí",1)+IF(C6="No",0) -> 1 | F6: =IF($E4=0,(D6*$G$4))+IF($E4=1,(D6*$J$4))+IF($E4=2,(D6*$I$4))+IF($E4=3,(D6*$H$4)) -> 0.33333333 | K6: Sí | L6: =IF(K6="Sí",1)+IF(K6="No",0) -> 1 | M6: =F6*L6 -> 0.33333333
K7: No
B8: Medidas específicas dirigidas a reducir el impacto del cambio climático sobre las condiciones de vida de las personas | C8: Sí | D8: =IF(C8="Sí",1)+IF(C8="No",0) -> 1 | F8: =IF($E4=0,(D8*$G$4))+IF($E4=1,(D8*$J$4))+IF($E4=2,(D8*$I$4))+IF($E4=3,(D8*$H$4)) -> 0.33333333 | K8: Sí | L8: =IF(K8="Sí",1)+IF(K8="No",0) -> 1 | M8: =F8*L8 -> 0.33333333 | N8: =M9 -> 1 | O8: =IF(M9>=70%,(M9))+IF(M9<=70%,70%) -> 1
M9: =SUM(M4:M8) -> 1
C12: Aplica | F12: Peso máximo Factor Corrección Social | K12: Cumplimiento | M12: Puntuación Factor Corrección Social
A13: ='Tabla Resultados FC'!C35 -> MA.1.2 | B13: ='Tabla Resultados FC'!D35 -> Modelo de movilidad intermodal | F13: 1
B15: Participación Ciudadana inclusiva y transversal | C15: Sí | D15: =IF(C15="Sí",1)+IF(C15="No",0) -> 1 | E15: =(COUNTIF(D15:D17,"1")) -> 3 | F15: =IF($E15=0,(D15*$G$4))+IF($E15=1,(D15*$J$4))+IF($E15=2,(D15*$I$4))+IF($E15=3,(D15*$H$4)) -> 0.33333333 | G15: 0 | H15: =F13/3 -> 0.33333333 | I15: =F13/2 -> 0.5 | J15: =F13 -> 1 | K15: Sí | L15: =IF(K15="Sí",1)+IF(K15="No",0) -> 1 | M15: =F15*L15 -> 0.33333333
B16: Inclusión de indicadores sociodemográficos | C16: Sí | D16: =IF(C16="Sí",1)+IF(C16="No",0) -> 1 | F16: =IF($E15=0,(D16*$G$4))+IF($E15=1,(D16*$J$4))+IF($E15=2,(D16*$I$4))+IF($E15=3,(D16*$H$4)) -> 0.33333333 | K16: Sí | L16: =IF(K16="Sí",1)+IF(K16="No",0) -> 1 | M16: =F16*L16 -> 0.33333333
B17: Medidas específicas dirigidas a reducir el impacto del cambio climático sobre las condiciones de vida de las personas | C17: Sí | D17: =IF(C17="Sí",1)+IF(C17="No",0) -> 1 | F17: =IF($E15=0,(D17*$G$4))+IF($E15=1,(D17*$J$4))+IF($E15=2,(D17*$I$4))+IF($E15=3,(D17*$H$4)) -> 0.33333333 | K17: Sí | L17: =IF(K17="Sí",1)+IF(K17="No",0) -> 1 | M17: =F17*L17 -> 0.33333333 | N17: =M18 -> 1 | O17: =IF(M18>=70%,(M18))+IF(M18<=70%,70%) -> 1
I18: =SUM(I15:I17) -> 0.5 | M18: =SUM(M15:M17) -> 1
C20: Aplica | F20: Peso máximo Factor Corrección Social | K20: Cumplimiento | M20: Puntuación Factor Corrección Social
A21: ='Tabla Resultados FC'!C36 -> MA.2.1 | B21: ='Tabla Resultados FC'!D36 -> Ciudad de los 15 min. | F21: 1
B23: Participación Ciudadana inclusiva y transversal | C23: Sí | D23: =IF(C23="Sí",1)+IF(C23="No",0) -> 1 | E23: =(COUNTIF(D23:D27,"1")) -> 3 | F23: =IF($E23=0,(D23*$G$4))+IF($E23=1,(D23*$J$4))+IF($E23=2,(D23*$I$4))+IF($E23=3,(D23*$H$4)) -> 0.33333333 | G23: 0 | H23: =F21/3 -> 0.33333333 | I23: =F21/2 -> 0.5 | J23: =F21 -> 1 | K23: Sí | L23: =IF(K23="Sí",1)+IF(K23="No",0) -> 1 | M23: =F23*L23 -> 0.33333333
B25: Inclusión de indicadores sociodemográficos | C25: Sí | D25: =IF(C25="Sí",1)+IF(C25="No",0) -> 1 | F25: =IF($E23=0,(D25*$G$4))+IF($E23=1,(D25*$J$4))+IF($E23=2,(D25*$I$4))+IF($E23=3,(D25*$H$4)) -> 0.33333333 | K25: Sí | L25: =IF(K25="Sí",1)+IF(K25="No",0) -> 1 | M25: =F25*L25 -> 0.33333333
K26: No
B27: Medidas específicas dirigidas a reducir el impacto del cambio climático sobre las condiciones de vida de las personas | C27: Sí | D27: =IF(C27="Sí",1)+IF(C27="No",0) -> 1 | F27: =IF($E23=0,(D27*$G$4))+IF($E23=1,(D27*$J$4))+IF($E23=2,(D27*$I$4))+IF($E23=3,(D27*$H$4)) -> 0.33333333 | K27: Sí | L27: =IF(K27="Sí",1)+IF(K27="No",0) -> 1 | M27: =F27*L27 -> 0.33333333 | N27: =M28 -> 1 | O27: =IF(M28>=70%,(M28))+IF(M28<=70%,70%) -> 1
I28: =SUM(I23:I27) -> 0.5 | M28: =SUM(M23:M27) -> 1
C30: Aplica | F30: Peso máximo Factor Corrección Social | K30: Cumplimiento | M30: Puntuación Factor Corrección Social
A31: ='Tabla Resultados FC'!C37 -> MA.2.2 | B31: ='Tabla Resultados FC'!D37 -> Gestión de la demanda de la movilidad privada urbana | F31: 1
B33: Participación Ciudadana inclusiva y transversal | C33: Sí | D33: =IF(C33="Sí",1)+IF(C33="No",0) -> 1 | E33: =(COUNTIF(D33:D37,"1")) -> 3 | F33: =IF($E33=0,(D33*$G$4))+IF($E33=1,(D33*$J$4))+IF($E33=2,(D33*$I$4))+IF($E33=3,(D33*$H$4)) -> 0.33333333 | G33: 0 | H33: =F31/3 -> 0.33333333 | I33: =F31/2 -> 0.5 | J33: =F31 -> 1 | K33: Sí | L33: =IF(K33="Sí",1)+IF(K33="No",0) -> 1 | M33: =F33*L33 -> 0.33333333
B35: Inclusión de indicadores sociodemográficos | C35: Sí | D35: =IF(C35="Sí",1)+IF(C35="No",0) -> 1 | F35: =IF($E33=0,(D35*$G$4))+IF($E33=1,(D35*$J$4))+IF($E33=2,(D35*$I$4))+IF($E33=3,(D35*$H$4)) -> 0.33333333 | K35: Sí | L35: =IF(K35="Sí",1)+IF(K35="No",0) -> 1 | M35: =F35*L35 -> 0.33333333
K36: No
B37: Medidas específicas dirigidas a reducir el impacto del cambio climático sobre las condiciones de vida de las personas | C37: Sí | D37: =IF(C37="Sí",1)+IF(C37="No",0) -> 1 | F37: =IF($E33=0,(D37*$G$4))+IF($E33=1,(D37*$J$4))+IF($E33=2,(D37*$I$4))+IF($E33=3,(D37*$H$4)) -> 0.33333333 | K37: Sí | L37: =IF(K37="Sí",1)+IF(K37="No",0) -> 1 | M37: =F37*L37 -> 0.33333333 | N37: =M38 -> 1 | O37: =IF(M38>=70%,(M38))+IF(M38<=70%,70%) -> 1
I38: =SUM(I33:I37) -> 0.5 | M38: =SUM(M33:M37) -> 1
C40: Aplica | F40: Peso máximo Factor Corrección Social | K40: Cumplimiento | M40: Puntuación Factor Corrección Social
A41: ='Tabla Resultados FC'!C38 -> MA.2.3 | B41: ='Tabla Resultados FC'!D38 -> Gestión eficiente del aparcamiento | F41: 1
B43: Participación Ciudadana inclusiva y transversal | C43: Sí | D43: =IF(C43="Sí",1)+IF(C43="No",0) -> 1 | E43: =(COUNTIF(D43:D47,"1")) -> 3 | F43: =IF($E43=0,(D43*$G$4))+IF($E43=1,(D43*$J$4))+IF($E43=2,(D43*$I$4))+IF($E43=3,(D43*$H$4)) -> 0.33333333 | G43: 0 | H43: =F41/3 -> 0.33333333 | I43: =F41/2 -> 0.5 | J43: =F41 -> 1 | K43: Sí | L43: =IF(K43="Sí",1)+IF(K43="No",0) -> 1 | M43: =F43*L43 -> 0.33333333
B45: Inclusión de indicadores sociodemográficos | C45: Sí | D45: =IF(C45="Sí",1)+IF(C45="No",0) -> 1 | F45: =IF($E43=0,(D45*$G$4))+IF($E43=1,(D45*$J$4))+IF($E43=2,(D45*$I$4))+IF($E43=3,(D45*$H$4)) -> 0.33333333 | K45: Sí | L45: =IF(K45="Sí",1)+IF(K45="No",0) -> 1 | M45: =F45*L45 -> 0.33333333
K46: No
B47: Medidas específicas dirigidas a reducir el impacto del cambio climático sobre las condiciones de vida de las personas | C47: Sí | D47: =IF(C47="Sí",1)+IF(C47="No",0) -> 1 | F47: =IF($E43=0,(D47*$G$4))+IF($E43=1,(D47*$J$4))+IF($E43=2,(D47*$I$4))+IF($E43=3,(D47*$H$4)) -> 0.33333333 | K47: Sí | L47: =IF(K47="Sí",1)+IF(K47="No",0) -> 1 | M47: =F47*L47 -> 0.33333333 | N47: =M48 -> 1 | O47: =IF(M48>=70%,(M48))+IF(M48<=70%,70%) -> 1
I48: =SUM(I43:I47) -> 0.5 | M48: =SUM(M43:M47) -> 1
C50: Aplica | F50: Peso máximo Factor Corrección Social | K50: Cumplimiento | M50: Puntuación Factor Corrección Social
A51: ='Tabla Resultados FC'!C39 -> MA.3.1 | B51: ='Tabla Resultados FC'!D39 -> Smart City y reducción de emisiones de GEI | F51: 1
B53: Participación Ciudadana inclusiva y transversal | C53: Sí | D53: =IF(C53="Sí",1)+IF(C53="No",0) -> 1 | E53: =(COUNTIF(D53:D57,"1")) -> 3 | F53: =IF($E53=0,(D53*$G$4))+IF($E53=1,(D53*$J$4))+IF($E53=2,(D53*$I$4))+IF($E53=3,(D53*$H$4)) -> 0.33333333 | G53: 0 | H53: =F51/3 -> 0.33333333 | I53: =F51/2 -> 0.5 | J53: =F51 -> 1 | K53: Sí | L53: =IF(K53="Sí",1)+IF(K53="No",0) -> 1 | M53: =F53*L53 -> 0.33333333
B55: Inclusión de indicadores sociodemográficos | C55: Sí | D55: =IF(C55="Sí",1)+IF(C55="No",0) -> 1 | F55: =IF($E53=0,(D55*$G$4))+IF($E53=1,(D55*$J$4))+IF($E53=2,(D55*$I$4))+IF($E53=3,(D55*$H$4)) -> 0.33333333 | K55: Sí | L55: =IF(K55="Sí",1)+IF(K55="No",0) -> 1 | M55: =F55*L55 -> 0.33333333
K56: No
B57: Medidas específicas dirigidas a reducir el impacto del cambio climático sobre las condiciones de vida de las personas | C57: Sí | D57: =IF(C57="Sí",1)+IF(C57="No",0) -> 1 | F57: =IF($E53=0,(D57*$G$4))+IF($E53=1,(D57*$J$4))+IF($E53=2,(D57*$I$4))+IF($E53=3,(D57*$H$4)) -> 0.33333333 | K57: Sí | L57: =IF(K57="Sí",1)+IF(K57="No",0) -> 1 | M57: =F57*L57 -> 0.33333333 | N57: =M58 -> 1 | O57: =IF(M58>=70%,(M58))+IF(M58<=70%,70%) -> 1
I58: =SUM(I53:I57) -> 0.5 | M58: =SUM(M53:M57) -> 1
C60: Aplica | F60: Peso máximo Factor Corrección Social | K60: Cumplimiento | M60: Puntuación Factor Corrección Social
A61: ='Tabla Resultados FC'!C40 -> MA.4.1 | B61: ='Tabla Resultados FC'!D40 -> Evaluación y gestión de riesgos | F61: 1
B63: Participación Ciudadana inclusiva y transversal | C63: Sí | D63: =IF(C63="Sí",1)+IF(C63="No",0) -> 1 | E63: =(COUNTIF(D63:D67,"1")) -> 3 | F63: =IF($E63=0,(D63*$G$4))+IF($E63=1,(D63*$J$4))+IF($E63=2,(D63*$I$4))+IF($E63=3,(D63*$H$4)) -> 0.33333333 | G63: 0 | H63: =F61/3 -> 0.33333333 | I63: =F61/2 -> 0.5 | J63: =F61 -> 1 | K63: Sí | L63: =IF(K63="Sí",1)+IF(K63="No",0) -> 1 | M63: =F63*L63 -> 0.33333333
B65: Inclusión de indicadores sociodemográficos | C65: Sí | D65: =IF(C65="Sí",1)+IF(C65="No",0) -> 1 | F65: =IF($E63=0,(D65*$G$4))+IF($E63=1,(D65*$J$4))+IF($E63=2,(D65*$I$4))+IF($E63=3,(D65*$H$4)) -> 0.33333333 | K65: Sí | L65: =IF(K65="Sí",1)+IF(K65="No",0) -> 1 | M65: =F65*L65 -> 0.33333333
K66: No
B67: Medidas específicas dirigidas a reducir el impacto del cambio climático sobre las condiciones de vida de las personas | C67: Sí | D67: =IF(C67="Sí",1)+IF(C67="No",0) -> 1 | F67: =IF($E63=0,(D67*$G$4))+IF($E63=1,(D67*$J$4))+IF($E63=2,(D67*$I$4))+IF($E63=3,(D67*$H$4)) -> 0.33333333 | K67: Sí | L67: =IF(K67="Sí",1)+IF(K67="No",0) -> 1 | M67: =F67*L67 -> 0.33333333 | N67: =M68 -> 1 | O67: =IF(M68>=70%,(M68))+IF(M68<=70%,70%) -> 1
I68: =SUM(I63:I67) -> 0.5 | M68: =SUM(M63:M67) -> 1
C70: Aplica | F70: Peso máximo Factor Corrección Social | K70: Cumplimiento | M70: Puntuación Factor Corrección Social
A71: ='Tabla Resultados FC'!C41 -> MA.4.2 | B71: ='Tabla Resultados FC'!D41 -> Adaptación, IV-A y permeabilidad del suelo | F71: 1
B73: Participación Ciudadana inclusiva y transversal | C73: Sí | D73: =IF(C73="Sí",1)+IF(C73="No",0) -> 1 | E73: =(COUNTIF(D73:D77,"1")) -> 3 | F73: =IF($E73=0,(D73*$G$4))+IF($E73=1,(D73*$J$4))+IF($E73=2,(D73*$I$4))+IF($E73=3,(D73*$H$4)) -> 0.33333333 | G73: 0 | H73: =F71/3 -> 0.33333333 | I73: =F71/2 -> 0.5 | J73: =F71 -> 1 | K73: Sí | L73: =IF(K73="Sí",1)+IF(K73="No",0) -> 1 | M73: =F73*L73 -> 0.33333333
B75: Inclusión de indicadores sociodemográficos | C75: Sí | D75: =IF(C75="Sí",1)+IF(C75="No",0) -> 1 | F75: =IF($E73=0,(D75*$G$4))+IF($E73=1,(D75*$J$4))+IF($E73=2,(D75*$I$4))+IF($E73=3,(D75*$H$4)) -> 0.33333333 | K75: Sí | L75: =IF(K75="Sí",1)+IF(K75="No",0) -> 1 | M75: =F75*L75 -> 0.33333333
K76: No
B77: Medidas específicas dirigidas a reducir el impacto del cambio climático sobre las condiciones de vida de las personas | C77: Sí | D77: =IF(C77="Sí",1)+IF(C77="No",0) -> 1 | F77: =IF($E73=0,(D77*$G$4))+IF($E73=1,(D77*$J$4))+IF($E73=2,(D77*$I$4))+IF($E73=3,(D77*$H$4)) -> 0.33333333 | K77: Sí | L77: =IF(K77="Sí",1)+IF(K77="No",0) -> 1 | M77: =F77*L77 -> 0.33333333 | N77: =M78 -> 1 | O77: =IF(M78>=70%,(M78))+IF(M78<=70%,70%) -> 1
I78: =SUM(I73:I77) -> 0.5 | M78: =SUM(M73:M77) -> 1

Sheet Panel Control FC Social-EU
C1: Aplica | F1: Peso máximo Factor Corrección Social | K1: Cumplimiento | M1: Puntuación Factor Corrección Social
A2: ='Tabla Resultados FC'!C42 -> EU.1.1 | B2: ='Tabla Resultados FC'!D42 -> Renaturalización (SbN) | F2: 1
B4: Participación Ciudadana inclusiva y transversal | C4: Sí | D4: =IF(C4="Sí",1)+IF(C4="No",0) -> 1 | E4: =(COUNTIF(D4:D8,"1")) -> 3 | F4: =IF($E4=0,(D4*$G$4))+IF($E4=1,(D4*$J$4))+IF($E4=2,(D4*$I$4))+IF($E4=3,(D4*$H$4)) -> 0.33333333 | G4: =F2/4 -> 0.25 | H4: =F2/3 -> 0.33333333 | I4: =F2/2 -> 0.5 | J4: =F2 -> 1 | K4: Sí | L4: =IF(K4="Sí",1)+IF(K4="No",0) -> 1 | M4: =F4*L4 -> 0.33333333
B6: Inclusión de indicadores sociodemográficos | C6: Sí | D6: =IF(C6="Sí",1)+IF(C6="No",0) -> 1 | F6: =IF($E4=0,(D6*$G$4))+IF($E4=1,(D6*$J$4))+IF($E4=2,(D6*$I$4))+IF($E4=3,(D6*$H$4)) -> 0.33333333 | K6: Sí | L6: =IF(K6="Sí",1)+IF(K6="No",0) -> 1 | M6: =F6*L6 -> 0.33333333
K7: No
B8: Medidas específicas dirigidas a reducir el impacto del cambio climático sobre las condiciones de vida de las personas | C8: Sí | D8: =IF(C8="Sí",1)+IF(C8="No",0) -> 1 | F8: =IF($E4=0,(D8*$G$4))+IF($E4=1,(D8*$J$4))+IF($E4=2,(D8*$I$4))+IF($E4=3,(D8*$H$4)) -> 0.33333333 | K8: Sí | L8: =IF(K8="Sí",1)+IF(K8="No",0) -> 1 | M8: =F8*L8 -> 0.33333333 | N8: =M9 -> 1 | O8: =IF(M9>=70%,(M9))+IF(M9<=70%,70%) -> 1
M9: =SUM(M4:M8) -> 1
C12: Aplica | F12: Peso máximo Factor Corrección Social | K12: Cumplimiento | M12: Puntuación Factor Corrección Social
A13: ='Tabla Resultados FC'!C43 -> EU.1.2 | B13: ='Tabla Resultados FC'!D43 -> Confort urbano. Diseño urbano basado en la Naturaleza. I-VA | F13: 1
B15: Participación Ciudadana inclusiva y transversal | C15: Sí | D15: =IF(C15="Sí",1)+IF(C15="No",0) -> 1 | E15: =(COUNTIF(D15:D17,"1")) -> 3 | F15: =IF($E15=0,(D15*$G$4))+IF($E15=1,(D15*$J$4))+IF($E15=2,(D15*$I$4))+IF($E15=3,(D15*$H$4)) -> 0.33333333 | G15: 0 | H15: =F13/3 -> 0.33333333 | I15: =F13/2 -> 0.5 | J15: =F13 -> 1 | K15: Sí | L15: =IF(K15="Sí",1)+IF(K15="No",0) -> 1 | M15: =F15*L15 -> 0.33333333
B16: Inclusión de indicadores sociodemográficos | C16: Sí | D16: =IF(C16="Sí",1)+IF(C16="No",0) -> 1 | F16: =IF($E15=0,(D16*$G$4))+IF($E15=1,(D16*$J$4))+IF($E15=2,(D16*$I$4))+IF($E15=3,(D16*$H$4)) -> 0.33333333 | K16: Sí | L16: =IF(K16="Sí",1)+IF(K16="No",0) -> 1 | M16: =F16*L16 -> 0.33333333
B17: Medidas específicas dirigidas a reducir el impacto del cambio climático sobre las condiciones de vida de las personas | C17: Sí | D17: =IF(C17="Sí",1)+IF(C17="No",0) -> 1 | F17: =IF($E15=0,(D17*$G$4))+IF($E15=1,(D17*$J$4))+IF($E15=2,(D17*$I$4))+IF($E15=3,(D17*$H$4)) -> 0.33333333 | K17: Sí | L17: =IF(K17="Sí",1)+IF(K17="No",0) -> 1 | M17: =F17*L17 -> 0.33333333 | N17: =M18 -> 1 | O17: =IF(M18>=70%,(M18))+IF(M18<=70%,70%) -> 1
I18: =SUM(I15:I17) -> 0.5 | M18: =SUM(M15:M17) -> 1
C20: Aplica | F20: Peso máximo Factor Corrección Social | K20: Cumplimiento | M20: Puntuación Factor Corrección Social
A21: ='Tabla Resultados FC'!C44 -> EU.1.3 | B21: ='Tabla Resultados FC'!D44 -> Adaptar mediante acciones en el espacio urbano sostenibles y resilientes | F21: 1
B23: Participación Ciudadana inclusiva y transversal | C23: Sí | D23: =IF(C23="Sí",1)+IF(C23="No",0) -> 1 | E23: =(COUNTIF(D23:D27,"1")) -> 3 | F23: =IF($E23=0,(D23*$G$4))+IF($E23=1,(D23*$J$4))+IF($E23=2,(D23*$I$4))+IF($E23=3,(D23*$H$4)) -> 0.33333333 | G23: 0 | H23: =F21/3 -> 0.33333333 | I23: =F21/2 -> 0.5 | J23: =F21 -> 1 | K23: Sí | L23: =IF(K23="Sí",1)+IF(K23="No",0) -> 1 | M23: =F23*L23 -> 0.33333333
B25: Inclusión de indicadores sociodemográficos | C25: Sí | D25: =IF(C25="Sí",1)+IF(C25="No",0) -> 1 | F25: =IF($E23=0,(D25*$G$4))+IF($E23=1,(D25*$J$4))+IF($E23=2,(D25*$I$4))+IF($E23=3,(D25*$H$4)) -> 0.33333333 | K25: Sí | L25: =IF(K25="Sí",1)+IF(K25="No",0) -> 1 | M25: =F25*L25 -> 0.33333333
K26: No
B27: Medidas específicas dirigidas a reducir el impacto del cambio climático sobre las condiciones de vida de las personas | C27: Sí | D27: =IF(C27="Sí",1)+IF(C27="No",0) -> 1 | F27: =IF($E23=0,(D27*$G$4))+IF($E23=1,(D27*$J$4))+IF($E23=2,(D27*$I$4))+IF($E23=3,(D27*$H$4)) -> 0.33333333 | K27: Sí | L27: =IF(K27="Sí",1)+IF(K27="No",0) -> 1 | M27: =F27*L27 -> 0.33333333 | N27: =M28 -> 1 | O27: =IF(M28>=70%,(M28))+IF(M28<=70%,70%) -> 1
I28: =SUM(I23:I27) -> 0.5 | M28: =SUM(M23:M27) -> 1
C30: Aplica | F30: Peso máximo Factor Corrección Social | K30: Cumplimiento | M30: Puntuación Factor Corrección Social
A31: ='Tabla Resultados FC'!C45 -> EU.2.1 | B31: ='Tabla Resultados FC'!D45 -> Renovación y regeneración urbana | F31: 1
B33: Participación Ciudadana inclusiva y transversal | C33: Sí | D33: =IF(C33="Sí",1)+IF(C33="No",0) -> 1 | E33: =(COUNTIF(D33:D37,"1")) -> 3 | F33: =IF($E33=0,(D33*$G$4))+IF($E33=1,(D33*$J$4))+IF($E33=2,(D33*$I$4))+IF($E33=3,(D33*$H$4)) -> 0.33333333 | G33: 0 | H33: =F31/3 -> 0.33333333 | I33: =F31/2 -> 0.5 | J33: =F31 -> 1 | K33: Sí | L33: =IF(K33="Sí",1)+IF(K33="No",0) -> 1 | M33: =F33*L33 -> 0.33333333
B35: Inclusión de indicadores sociodemográficos | C35: Sí | D35: =IF(C35="Sí",1)+IF(C35="No",0) -> 1 | F35: =IF($E33=0,(D35*$G$4))+IF($E33=1,(D35*$J$4))+IF($E33=2,(D35*$I$4))+IF($E33=3,(D35*$H$4)) -> 0.33333333 | K35: Sí | L35: =IF(K35="Sí",1)+IF(K35="No",0) -> 1 | M35: =F35*L35 -> 0.33333333
K36: No
B37: Medidas específicas dirigidas a reducir el impacto del cambio climático sobre las condiciones de vida de las personas | C37: Sí | D37: =IF(C37="Sí",1)+IF(C37="No",0) -> 1 | F37: =IF($E33=0,(D37*$G$4))+IF($E33=1,(D37*$J$4))+IF($E33=2,(D37*$I$4))+IF($E33=3,(D37*$H$4)) -> 0.33333333 | K37: Sí | L37: =IF(K37="Sí",1)+IF(K37="No",0) -> 1 | M37: =F37*L37 -> 0.33333333 | N37: =M38 -> 1 | O37: =IF(M38>=70%,(M38))+IF(M38<=70%,70%) -> 1
I38: =SUM(I33:I37) -> 0.5 | M38: =SUM(M33:M37) -> 1
C40: Aplica | F40: Peso máximo Factor Corrección Social | K40: Cumplimiento | M40: Puntuación Factor Corrección Social
A41: ='Tabla Resultados FC'!C46 -> EU.2.2 | B41: ='Tabla Resultados FC'!D46 -> Ciudad de los 15´ | F41: 1
B43: Participación Ciudadana inclusiva y transversal | C43: Sí | D43: =IF(C43="Sí",1)+IF(C43="No",0) -> 1 | E43: =(COUNTIF(D43:D47,"1")) -> 3 | F43: =IF($E43=0,(D43*$G$4))+IF($E43=1,(D43*$J$4))+IF($E43=2,(D43*$I$4))+IF($E43=3,(D43*$H$4)) -> 0.33333333 | G43: 0 | H43: =F41/3 -> 0.33333333 | I43: =F41/2 -> 0.5 | J43: =F41 -> 1 | K43: Sí | L43: =IF(K43="Sí",1)+IF(K43="No",0) -> 1 | M43: =F43*L43 -> 0.33333333
B45: Inclusión de indicadores sociodemográficos | C45: Sí | D45: =IF(C45="Sí",1)+IF(C45="No",0) -> 1 | F45: =IF($E43=0,(D45*$G$4))+IF($E43=1,(D45*$J$4))+IF($E43=2,(D45*$I$4))+IF($E43=3,(D45*$H$4)) -> 0.33333333 | K45: Sí | L45: =IF(K45="Sí",1)+IF(K45="No",0) -> 1 | M45: =F45*L45 -> 0.33333333
K46: No
B47: Medidas específicas dirigidas a reducir el impacto del cambio climático sobre las condiciones de vida de las personas | C47: Sí | D47: =IF(C47="Sí",1)+IF(C47="No",0) -> 1 | F47: =IF($E43=0,(D47*$G$4))+IF($E43=1,(D47*$J$4))+IF($E43=2,(D47*$I$4))+IF($E43=3,(D47*$H$4)) -> 0.33333333 | K47: Sí | L47: =IF(K47="Sí",1)+IF(K47="No",0) -> 1 | M47: =F47*L47 -> 0.33333333 | N47: =M48 -> 1 | O47: =IF(M48>=70%,(M48))+IF(M48<=70%,70%) -> 1
I48: =SUM(I43:I47) -> 0.5 | M48: =SUM(M43:M47) -> 1
C50: Aplica | F50: Peso máximo Factor Corrección Social | K50: Cumplimiento | M50: Puntuación Factor Corrección Social
A51: ='Tabla Resultados FC'!C47 -> EU.2.3 | B51: ='Tabla Resultados FC'!D47 -> Eficiencia y sostenibilidad de la urbanización. Planificación consciente | F51: 1
B53: Participación Ciudadana inclusiva y transversal | C53: Sí | D53: =IF(C53="Sí",1)+IF(C53="No",0) -> 1 | E53: =(COUNTIF(D53:D57,"1")) -> 3 | F53: =IF($E53=0,(D53*$G$4))+IF($E53=1,(D53*$J$4))+IF($E53=2,(D53*$I$4))+IF($E53=3,(D53*$H$4)) -> 0.33333333 | G53: 0 | H53: =F51/3 -> 0.33333333 | I53: =F51/2 -> 0.5 | J53: =F51 -> 1 | K53: Sí | L53: =IF(K53="Sí",1)+IF(K53="No",0) -> 1 | M53: =F53*L53 -> 0.33333333
B55: Inclusión de indicadores sociodemográficos | C55: Sí | D55: =IF(C55="Sí",1)+IF(C55="No",0) -> 1 | F55: =IF($E53=0,(D55*$G$4))+IF($E53=1,(D55*$J$4))+IF($E53=2,(D55*$I$4))+IF($E53=3,(D55*$H$4)) -> 0.33333333 | K55: Sí | L55: =IF(K55="Sí",1)+IF(K55="No",0) -> 1 | M55: =F55*L55 -> 0.33333333
K56: No
B57: Medidas específicas dirigidas a reducir el impacto del cambio climático sobre las condiciones de vida de las personas | C57: Sí | D57: =IF(C57="Sí",1)+IF(C57="No",0) -> 1 | F57: =IF($E53=0,(D57*$G$4))+IF($E53=1,(D57*$J$4))+IF($E53=2,(D57*$I$4))+IF($E53=3,(D57*$H$4)) -> 0.33333333 | K57: Sí | L57: =IF(K57="Sí",1)+IF(K57="No",0) -> 1 | M57: =F57*L57 -> 0.33333333 | N57: =M58 -> 1 | O57: =IF(M58>=70%,(M58))+IF(M58<=70%,70%) -> 1
I58: =SUM(I53:I57) -> 0.5 | M58: =SUM(M53:M57) -> 1
C60: Aplica | F60: Peso máximo Factor Corrección Social | K60: Cumplimiento | M60: Puntuación Factor Corrección Social
A61: ='Tabla Resultados FC'!C48 -> EU.2.4 | B61: ='Tabla Resultados FC'!D48 -> Actuar sobre usos y zonas vulnerables | F61: 1
B63: Participación Ciudadana inclusiva y transversal | C63: Sí | D63: =IF(C63="Sí",1)+IF(C63="No",0) -> 1 | E63: =(COUNTIF(D63:D67,"1")) -> 3 | F63: =IF($E63=0,(D63*$G$4))+IF($E63=1,(D63*$J$4))+IF($E63=2,(D63*$I$4))+IF($E63=3,(D63*$H$4)) -> 0.33333333 | G63: 0 | H63: =F61/3 -> 0.33333333 | I63: =F61/2 -> 0.5 | J63: =F61 -> 1 | K63: Sí | L63: =IF(K63="Sí",1)+IF(K63="No",0) -> 1 | M63: =F63*L63 -> 0.33333333
B65: Inclusión de indicadores sociodemográficos | C65: Sí | D65: =IF(C65="Sí",1)+IF(C65="No",0) -> 1 | F65: =IF($E63=0,(D65*$G$4))+IF($E63=1,(D65*$J$4))+IF($E63=2,(D65*$I$4))+IF($E63=3,(D65*$H$4)) -> 0.33333333 | K65: Sí | L65: =IF(K65="Sí",1)+IF(K65="No",0) -> 1 | M65: =F65*L65 -> 0.33333333
K66: No
B67: Medidas específicas dirigidas a reducir el impacto del cambio climático sobre las condiciones de vida de las personas | C67: Sí | D67: =IF(C67="Sí",1)+IF(C67="No",0) -> 1 | F67: =IF($E63=0,(D67*$G$4))+IF($E63=1,(D67*$J$4))+IF($E63=2,(D67*$I$4))+IF($E63=3,(D67*$H$4)) -> 0.33333333 | K67: Sí | L67: =IF(K67="Sí",1)+IF(K67="No",0) -> 1 | M67: =F67*L67 -> 0.33333333 | N67: =M68 -> 1 | O67: =IF(M68>=70%,(M68))+IF(M68<=70%,70%) -> 1
I68: =SUM(I63:I67) -> 0.5 | M68: =SUM(M63:M67) -> 1
C70: Aplica | F70: Peso máximo Factor Corrección Social | K70: Cumplimiento | M70: Puntuación Factor Corrección Social
A71: ='Tabla Resultados FC'!C49 -> EU.3.1 | B71: ='Tabla Resultados FC'!D49 -> Edificaciones eficientes y de consumo casi nulo. | F71: 1
B73: Participación Ciudadana inclusiva y transversal | C73: Sí | D73: =IF(C73="Sí",1)+IF(C73="No",0) -> 1 | E73: =(COUNTIF(D73:D77,"1")) -> 3 | F73: =IF($E73=0,(D73*$G$4))+IF($E73=1,(D73*$J$4))+IF($E73=2,(D73*$I$4))+IF($E73=3,(D73*$H$4)) -> 0.33333333 | G73: 0 | H73: =F71/3 -> 0.33333333 | I73: =F71/2 -> 0.5 | J73: =F71 -> 1 | K73: Sí | L73: =IF(K73="Sí",1)+IF(K73="No",0) -> 1 | M73: =F73*L73 -> 0.33333333
B75: Inclusión de indicadores sociodemográficos | C75: Sí | D75: =IF(C75="Sí",1)+IF(C75="No",0) -> 1 | F75: =IF($E73=0,(D75*$G$4))+IF($E73=1,(D75*$J$4))+IF($E73=2,(D75*$I$4))+IF($E73=3,(D75*$H$4)) -> 0.33333333 | K75: Sí | L75: =IF(K75="Sí",1)+IF(K75="No",0) -> 1 | M75: =F75*L75 -> 0.33333333
K76: No
B77: Medidas específicas dirigidas a reducir el impacto del cambio climático sobre las condiciones de vida de las personas | C77: Sí | D77: =IF(C77="Sí",1)+IF(C77="No",0) -> 1 | F77: =IF($E73=0,(D77*$G$4))+IF($E73=1,(D77*$J$4))+IF($E73=2,(D77*$I$4))+IF($E73=3,(D77*$H$4)) -> 0.33333333 | K77: Sí | L77: =IF(K77="Sí",1)+IF(K77="No",0) -> 1 | M77: =F77*L77 -> 0.33333333 | N77: =M78 -> 1 | O77: =IF(M78>=70%,(M78))+IF(M78<=70%,70%) -> 1
I78: =SUM(I73:I77) -> 0.5 | M78: =SUM(M73:M77) -> 1
C80: Aplica | F80: Peso máximo Factor Corrección Social | K80: Cumplimiento | M80: Puntuación Factor Corrección Social
A81: ='Tabla Resultados FC'!C50 -> EU.3.2 | B81: ='Tabla Resultados FC'!D50 -> Protección y resiliencia de la edificacion y la población | F81: 1
B83: Participación Ciudadana inclusiva y transversal | C83: Sí | D83: =IF(C83="Sí",1)+IF(C83="No",0) -> 1 | E83: =(COUNTIF(D83:D87,"1")) -> 3 | F83: =IF($E83=0,(D83*$G$4))+IF($E83=1,(D83*$J$4))+IF($E83=2,(D83*$I$4))+IF($E83=3,(D83*$H$4)) -> 0.33333333 | G83: 0 | H83: =F81/3 -> 0.33333333 | I83: =F81/2 -> 0.5 | J83: =F81 -> 1 | K83: Sí | L83: =IF(K83="Sí",1)+IF(K83="No",0) -> 1 | M83: =F83*L83 -> 0.33333333
B85: Inclusión de indicadores sociodemográficos | C85: Sí | D85: =IF(C85="Sí",1)+IF(C85="No",0) -> 1 | F85: =IF($E83=0,(D85*$G$4))+IF($E83=1,(D85*$J$4))+IF($E83=2,(D85*$I$4))+IF($E83=3,(D85*$H$4)) -> 0.33333333 | K85: Sí | L85: =IF(K85="Sí",1)+IF(K85="No",0) -> 1 | M85: =F85*L85 -> 0.33333333
K86: No
B87: Medidas específicas dirigidas a reducir el impacto del cambio climático sobre las condiciones de vida de las personas | C87: Sí | D87: =IF(C87="Sí",1)+IF(C87="No",0) -> 1 | F87: =IF($E83=0,(D87*$G$4))+IF($E83=1,(D87*$J$4))+IF($E83=2,(D87*$I$4))+IF($E83=3,(D87*$H$4)) -> 0.33333333 | K87: Sí | L87: =IF(K87="Sí",1)+IF(K87="No",0) -> 1 | M87: =F87*L87 -> 0.33333333 | N87: =M88 -> 1 | O87: =IF(M88>=70%,(M88))+IF(M88<=70%,70%) -> 1
I88: =SUM(I83:I87) -> 0.5 | M88: =SUM(M83:M87) -> 1
C90: Aplica | F90: Peso máximo Factor Corrección Social | K90: Cumplimiento | M90: Puntuación Factor Corrección Social
A91: ='Tabla Resultados FC'!C51 -> EU.4.1 | B91: ='Tabla Resultados FC'!D51 -> Diseño de superficies y edificaciones saludables | F91: 1
B93: Participación Ciudadana inclusiva y transversal | C93: Sí | D93: =IF(C93="Sí",1)+IF(C93="No",0) -> 1 | E93: =(COUNTIF(D93:D97,"1")) -> 3 | F93: =IF($E93=0,(D93*$G$4))+IF($E93=1,(D93*$J$4))+IF($E93=2,(D93*$I$4))+IF($E93=3,(D93*$H$4)) -> 0.33333333 | G93: 0 | H93: =F91/3 -> 0.33333333 | I93: =F91/2 -> 0.5 | J93: =F91 -> 1 | K93: Sí | L93: =IF(K93="Sí",1)+IF(K93="No",0) -> 1 | M93: =F93*L93 -> 0.33333333
B95: Inclusión de indicadores sociodemográficos | C95: Sí | D95: =IF(C95="Sí",1)+IF(C95="No",0) -> 1 | F95: =IF($E93=0,(D95*$G$4))+IF($E93=1,(D95*$J$4))+IF($E93=2,(D95*$I$4))+IF($E93=3,(D95*$H$4)) -> 0.33333333 | K95: Sí | L95: =IF(K95="Sí",1)+IF(K95="No",0) -> 1 | M95: =F95*L95 -> 0.33333333
K96: No
B97: Medidas específicas dirigidas a reducir el impacto del cambio climático sobre las condiciones de vida de las personas | C97: Sí | D97: =IF(C97="Sí",1)+IF(C97="No",0) -> 1 | F97: =IF($E93=0,(D97*$G$4))+IF($E93=1,(D97*$J$4))+IF($E93=2,(D97*$I$4))+IF($E93=3,(D97*$H$4)) -> 0.33333333 | K97: Sí | L97: =IF(K97="Sí",1)+IF(K97="No",0) -> 1 | M97: =F97*L97 -> 0.33333333 | N97: =M98 -> 1 | O97: =IF(M98>=70%,(M98))+IF(M98<=70%,70%) -> 1
I98: =SUM(I93:I97) -> 0.5 | M98: =SUM(M93:M97) -> 1
C100: Aplica | F100: Peso máximo Factor Corrección Social | K100: Cumplimiento | M100: Puntuación Factor Corrección Social
A101: ='Tabla Resultados FC'!C52 -> EU.4.2 | B101: ='Tabla Resultados FC'!D52 -> Propiciar entornos confortables | F101: 1
B103: Participación Ciudadana inclusiva y transversal | C103: Sí | D103: =IF(C103="Sí",1)+IF(C103="No",0) -> 1 | E103: =(COUNTIF(D103:D107,"1")) -> 3 | F103: =IF($E103=0,(D103*$G$4))+IF($E103=1,(D103*$J$4))+IF($E103=2,(D103*$I$4))+IF($E103=3,(D103*$H$4)) -> 0.33333333 | G103: 0 | H103: =F101/3 -> 0.33333333 | I103: =F101/2 -> 0.5 | J103: =F101 -> 1 | K103: Sí | L103: =IF(K103="Sí",1)+IF(K103="No",0) -> 1 | M103: =F103*L103 -> 0.33333333
B105: Inclusión de indicadores sociodemográficos | C105: Sí | D105: =IF(C105="Sí",1)+IF(C105="No",0) -> 1 | F105: =IF($E103=0,(D105*$G$4))+IF($E103=1,(D105*$J$4))+IF($E103=2,(D105*$I$4))+IF($E103=3,(D105*$H$4)) -> 0.33333333 | K105: Sí | L105: =IF(K105="Sí",1)+IF(K105="No",0) -> 1 | M105: =F105*L105 -> 0.33333333
K106: No
B107: Medidas específicas dirigidas a reducir el impacto del cambio climático sobre las condiciones de vida de las personas | C107: Sí | D107: =IF(C107="Sí",1)+IF(C107="No",0) -> 1 | F107: =IF($E103=0,(D107*$G$4))+IF($E103=1,(D107*$J$4))+IF($E103=2,(D107*$I$4))+IF($E103=3,(D107*$H$4)) -> 0.33333333 | K107: Sí | L107: =IF(K107="Sí",1)+IF(K107="No",0) -> 1 | M107: =F107*L107 -> 0.33333333 | N107: =M108 -> 1 | O107: =IF(M108>=70%,(M108))+IF(M108<=70%,70%) -> 1
I108: =SUM(I103:I107) -> 0.5 | M108: =SUM(M103:M107) -> 1
C110: Aplica | F110: Peso máximo Factor Corrección Social | K110: Cumplimiento | M110: Puntuación Factor Corrección Social
A111: ='Tabla Resultados FC'!C53 -> EU.4.3 | B111: ='Tabla Resultados FC'!D53 -> Atender a la diversidad de la comunidad | F111: 1
B113: Participación Ciudadana inclusiva y transversal | C113: Sí | D113: =IF(C113="Sí",1)+IF(C113="No",0) -> 1 | E113: =(COUNTIF(D113:D117,"1")) -> 3 | F113: =IF($E113=0,(D113*$G$4))+IF($E113=1,(D113*$J$4))+IF($E113=2,(D113*$I$4))+IF($E113=3,(D113*$H$4)) -> 0.33333333 | G113: 0 | H113: =F111/3 -> 0.33333333 | I113: =F111/2 -> 0.5 | J113: =F111 -> 1 | K113: Sí | L113: =IF(K113="Sí",1)+IF(K113="No",0) -> 1 | M113: =F113*L113 -> 0.33333333
B115: Inclusión de indicadores sociodemográficos | C115: Sí | D115: =IF(C115="Sí",1)+IF(C115="No",0) -> 1 | F115: =IF($E113=0,(D115*$G$4))+IF($E113=1,(D115*$J$4))+IF($E113=2,(D115*$I$4))+IF($E113=3,(D115*$H$4)) -> 0.33333333 | K115: Sí | L115: =IF(K115="Sí",1)+IF(K115="No",0) -> 1 | M115: =F115*L115 -> 0.33333333
K116: No
B117: Medidas específicas dirigidas a reducir el impacto del cambio climático sobre las condiciones de vida de las personas | C117: Sí | D117: =IF(C117="Sí",1)+IF(C117="No",0) -> 1 | F117: =IF($E113=0,(D117*$G$4))+IF($E113=1,(D117*$J$4))+IF($E113=2,(D117*$I$4))+IF($E113=3,(D117*$H$4)) -> 0.33333333 | K117: Sí | L117: =IF(K117="Sí",1)+IF(K117="No",0) -> 1 | M117: =F117*L117 -> 0.33333333 | N117: =M118 -> 1 | O117: =IF(M118>=70%,(M118))+IF(M118<=70%,70%) -> 1
I118: =SUM(I113:I117) -> 0.5 | M118: =SUM(M113:M117) -> 1

Sheet Panel Control FC Social-GDHE
C1: Aplica | F1: Peso máximo Factor Corrección Social | K1: Cumplimiento | M1: Puntuación Factor Corrección Social
A2: ='Tabla Resultados FC'!C61 -> GDHE 2.1 | B2: ='Tabla Resultados FC'!D61 -> Valoración Económica de las SbN y cuantifiación de los servicios ecosistémicos y cobeneficios | F2: 1
B4: Participación Ciudadana inclusiva y transversal | C4: Sí | D4: =IF(C4="Sí",1)+IF(C4="No",0) -> 1 | E4: =(COUNTIF(D4:D6,"1")) -> 3 | F4: =IF($E4=0,(D4*$G$4))+IF($E4=1,(D4*$J$4))+IF($E4=2,(D4*$I$4))+IF($E4=3,(D4*$H$4)) -> 0.33333333 | G4: =F2/4 -> 0.25 | H4: =F2/3 -> 0.33333333 | I4: =F2/2 -> 0.5 | J4: =F2 -> 1 | K4: Sí | L4: =IF(K4="Sí",1)+IF(K4="No",0) -> 1 | M4: =F4*L4 -> 0.33333333
B5: Inclusión de indicadores sociodemográficos | C5: Sí | D5: =IF(C5="Sí",1)+IF(C5="No",0) -> 1 | F5: =IF($E4=0,(D5*$G$4))+IF($E4=1,(D5*$J$4))+IF($E4=2,(D5*$I$4))+IF($E4=3,(D5*$H$4)) -> 0.33333333 | K5: Sí | L5: =IF(K5="Sí",1)+IF(K5="No",0) -> 1 | M5: =F5*L5 -> 0.33333333
B6: Medidas específicas dirigidas a reducir el impacto del cambio climático sobre las condiciones de vida de las personas | C6: Sí | D6: =IF(C6="Sí",1)+IF(C6="No",0) -> 1 | F6: =IF($E4=0,(D6*$G$4))+IF($E4=1,(D6*$J$4))+IF($E4=2,(D6*$I$4))+IF($E4=3,(D6*$H$4)) -> 0.33333333 | K6: Sí | L6: =IF(K6="Sí",1)+IF(K6="No",0) -> 1 | M6: =F6*L6 -> 0.33333333 | N6: =M7 -> 1 | O6: =IF(M7>=70%,(M7))+IF(M7<=70%,70%) -> 1
M7: =SUM(M4:M6) -> 1
C10: Aplica | F10: Peso máximo Factor Corrección Social | K10: Cumplimiento | M10: Puntuación Factor Corrección Social
A11: ='Tabla Resultados FC'!C62 -> GDHE 2.2 | B11: ='Tabla Resultados FC'!D62 -> Valoración Económica de las SbN y cuantifiación de los servicios ecosistémicos y cobeneficios | F11: 1
B13: Participación Ciudadana inclusiva y transversal | C13: Sí | D13: =IF(C13="Sí",1)+IF(C13="No",0) -> 1 | E13: =(COUNTIF(D13:D15,"1")) -> 3 | F13: =IF($E13=0,(D13*$G$4))+IF($E13=1,(D13*$J$4))+IF($E13=2,(D13*$I$4))+IF($E13=3,(D13*$H$4)) -> 0.33333333 | G13: =F11/4 -> 0.25 | H13: =F11/3 -> 0.33333333 | I13: =F11/2 -> 0.5 | J13: =F11 -> 1 | K13: Sí | L13: =IF(K13="Sí",1)+IF(K13="No",0) -> 1 | M13: =F13*L13 -> 0.33333333
B14: Inclusión de indicadores sociodemográficos | C14: Sí | D14: =IF(C14="Sí",1)+IF(C14="No",0) -> 1 | F14: =IF($E13=0,(D14*$G$4))+IF($E13=1,(D14*$J$4))+IF($E13=2,(D14*$I$4))+IF($E13=3,(D14*$H$4)) -> 0.33333333 | K14: Sí | L14: =IF(K14="Sí",1)+IF(K14="No",0) -> 1 | M14: =F14*L14 -> 0.33333333
B15: Medidas específicas dirigidas a reducir el impacto del cambio climático sobre las condiciones de vida de las personas | C15: Sí | D15: =IF(C15="Sí",1)+IF(C15="No",0) -> 1 | F15: =IF($E13=0,(D15*$G$4))+IF($E13=1,(D15*$J$4))+IF($E13=2,(D15*$I$4))+IF($E13=3,(D15*$H$4)) -> 0.33333333 | K15: Sí | L15: =IF(K15="Sí",1)+IF(K15="No",0) -> 1 | M15: =F15*L15 -> 0.33333333 | N15: =M16 -> 1 | O15: =IF(M16>=70%,(M16))+IF(M16<=70%,70%) -> 1
M16: =SUM(M13:M15) -> 1
C18: Aplica | F18: Peso máximo Factor Corrección Social | K18: Cumplimiento | M18: Puntuación Factor Corrección Social
A19: ='Tabla Resultados FC'!C63 -> GDHE 2.3 | B19: ='Tabla Resultados FC'!D63 -> Estimación de la recaudación tributaria y ahorro en los costes de mantenimiento y conservación derivados de la implantación de SbN | F19: 1
B21: Participación Ciudadana inclusiva y transversal | C21: Sí | D21: =IF(C21="Sí",1)+IF(C21="No",0) -> 1 | E21: =(COUNTIF(D21:D23,"1")) -> 3 | F21: =IF($E21=0,(D21*$G$4))+IF($E21=1,(D21*$J$4))+IF($E21=2,(D21*$I$4))+IF($E21=3,(D21*$H$4)) -> 0.33333333 | G21: =F19/4 -> 0.25 | H21: =F19/3 -> 0.33333333 | I21: =F19/2 -> 0.5 | J21: =F19 -> 1 | K21: Sí | L21: =IF(K21="Sí",1)+IF(K21="No",0) -> 1 | M21: =F21*L21 -> 0.33333333
B22: Inclusión de indicadores sociodemográficos | C22: Sí | D22: =IF(C22="Sí",1)+IF(C22="No",0) -> 1 | F22: =IF($E21=0,(D22*$G$4))+IF($E21=1,(D22*$J$4))+IF($E21=2,(D22*$I$4))+IF($E21=3,(D22*$H$4)) -> 0.33333333 | K22: Sí | L22: =IF(K22="Sí",1)+IF(K22="No",0) -> 1 | M22: =F22*L22 -> 0.33333333
B23: Medidas específicas dirigidas a reducir el impacto del cambio climático sobre las condiciones de vida de las personas | C23: Sí | D23: =IF(C23="Sí",1)+IF(C23="No",0) -> 1 | F23: =IF($E21=0,(D23*$G$4))+IF($E21=1,(D23*$J$4))+IF($E21=2,(D23*$I$4))+IF($E21=3,(D23*$H$4)) -> 0.33333333 | K23: Sí | L23: =IF(K23="Sí",1)+IF(K23="No",0) -> 1 | M23: =F23*L23 -> 0.33333333 | N23: =M24 -> 1 | O23: =IF(M24>=70%,(M24))+IF(M24<=70%,70%) -> 1
M24: =SUM(M21:M23) -> 1
C26: Aplica | F26: Peso máximo Factor Corrección Social | K26: Cumplimiento | M26: Puntuación Factor Corrección Social
A27: ='Tabla Resultados FC'!C64 -> GDHE 2.4 | B27: ='Tabla Resultados FC'!D64 -> Estudio Financiero y Viabilidad Económica | F27: 1
B29: Participación Ciudadana inclusiva y transversal | C29: Sí | D29: =IF(C29="Sí",1)+IF(C29="No",0) -> 1 | E29: =(COUNTIF(D29:D31,"1")) -> 3 | F29: =IF($E29=0,(D29*$G$4))+IF($E29=1,(D29*$J$4))+IF($E29=2,(D29*$I$4))+IF($E29=3,(D29*$H$4)) -> 0.33333333 | G29: =F27/4 -> 0.25 | H29: =F27/3 -> 0.33333333 | I29: =F27/2 -> 0.5 | J29: =F27 -> 1 | K29: Sí | L29: =IF(K29="Sí",1)+IF(K29="No",0) -> 1 | M29: =F29*L29 -> 0.33333333
B30: Inclusión de indicadores sociodemográficos | C30: Sí | D30: =IF(C30="Sí",1)+IF(C30="No",0) -> 1 | F30: =IF($E29=0,(D30*$G$4))+IF($E29=1,(D30*$J$4))+IF($E29=2,(D30*$I$4))+IF($E29=3,(D30*$H$4)) -> 0.33333333 | K30: Sí | L30: =IF(K30="Sí",1)+IF(K30="No",0) -> 1 | M30: =F30*L30 -> 0.33333333
B31: Medidas específicas dirigidas a reducir el impacto del cambio climático sobre las condiciones de vida de las personas | C31: Sí | D31: =IF(C31="Sí",1)+IF(C31="No",0) -> 1 | F31: =IF($E29=0,(D31*$G$4))+IF($E29=1,(D31*$J$4))+IF($E29=2,(D31*$I$4))+IF($E29=3,(D31*$H$4)) -> 0.33333333 | K31: Sí | L31: =IF(K31="Sí",1)+IF(K31="No",0) -> 1 | M31: =F31*L31 -> 0.33333333 | N31: =M32 -> 1 | O31: =IF(M32>=70%,(M32))+IF(M32<=70%,70%) -> 1
M32: =SUM(M29:M31) -> 1
C34: Aplica | F34: Peso máximo Factor Corrección Social | K34: Cumplimiento | M34: Puntuación Factor Corrección Social
A35: ='Tabla Resultados FC'!C65 -> GDHE 2.5 | B35: ='Tabla Resultados FC'!D65 -> Gestión urbanística | F35: 1
B37: Participación Ciudadana inclusiva y transversal | C37: Sí | D37: =IF(C37="Sí",1)+IF(C37="No",0) -> 1 | E37: =(COUNTIF(D37:D39,"1")) -> 3 | F37: =IF($E37=0,(D37*$G$4))+IF($E37=1,(D37*$J$4))+IF($E37=2,(D37*$I$4))+IF($E37=3,(D37*$H$4)) -> 0.33333333 | G37: =F35/4 -> 0.25 | H37: =F35/3 -> 0.33333333 | I37: =F35/2 -> 0.5 | J37: =F35 -> 1 | K37: Sí | L37: =IF(K37="Sí",1)+IF(K37="No",0) -> 1 | M37: =F37*L37 -> 0.33333333
B38: Inclusión de indicadores sociodemográficos | C38: Sí | D38: =IF(C38="Sí",1)+IF(C38="No",0) -> 1 | F38: =IF($E37=0,(D38*$G$4))+IF($E37=1,(D38*$J$4))+IF($E37=2,(D38*$I$4))+IF($E37=3,(D38*$H$4)) -> 0.33333333 | K38: Sí | L38: =IF(K38="Sí",1)+IF(K38="No",0) -> 1 | M38: =F38*L38 -> 0.33333333
B39: Medidas específicas dirigidas a reducir el impacto del cambio climático sobre las condiciones de vida de las personas | C39: Sí | D39: =IF(C39="Sí",1)+IF(C39="No",0) -> 1 | F39: =IF($E37=0,(D39*$G$4))+IF($E37=1,(D39*$J$4))+IF($E37=2,(D39*$I$4))+IF($E37=3,(D39*$H$4)) -> 0.33333333 | K39: Sí | L39: =IF(K39="Sí",1)+IF(K39="No",0) -> 1 | M39: =F39*L39 -> 0.33333333 | N39: =M40 -> 1 | O39: =IF(M40>=70%,(M40))+IF(M40<=70%,70%) -> 1
M40: =SUM(M37:M39) -> 1
C42: Aplica | F42: Peso máximo Factor Corrección Social | K42: Cumplimiento | M42: Puntuación Factor Corrección Social
A43: ='Tabla Resultados FC'!C66 -> GDHE 3.1 | B43: ='Tabla Resultados FC'!D66 -> Sectores económicos prioritarios ante el cambio climático | F43: 1
B45: Participación Ciudadana inclusiva y transversal | C45: Sí | D45: =IF(C45="Sí",1)+IF(C45="No",0) -> 1 | E45: =(COUNTIF(D45:D47,"1")) -> 3 | F45: =IF($E45=0,(D45*$G$4))+IF($E45=1,(D45*$J$4))+IF($E45=2,(D45*$I$4))+IF($E45=3,(D45*$H$4)) -> 0.33333333 | G45: =F43/4 -> 0.25 | H45: =F43/3 -> 0.33333333 | I45: =F43/2 -> 0.5 | J45: =F43 -> 1 | K45: Sí | L45: =IF(K45="Sí",1)+IF(K45="No",0) -> 1 | M45: =F45*L45 -> 0.33333333
B46: Inclusión de indicadores sociodemográficos | C46: Sí | D46: =IF(C46="Sí",1)+IF(C46="No",0) -> 1 | F46: =IF($E45=0,(D46*$G$4))+IF($E45=1,(D46*$J$4))+IF($E45=2,(D46*$I$4))+IF($E45=3,(D46*$H$4)) -> 0.33333333 | K46: Sí | L46: =IF(K46="Sí",1)+IF(K46="No",0) -> 1 | M46: =F46*L46 -> 0.33333333
B47: Medidas específicas dirigidas a reducir el impacto del cambio climático sobre las condiciones de vida de las personas | C47: Sí | D47: =IF(C47="Sí",1)+IF(C47="No",0) -> 1 | F47: =IF($E45=0,(D47*$G$4))+IF($E45=1,(D47*$J$4))+IF($E45=2,(D47*$I$4))+IF($E45=3,(D47*$H$4)) -> 0.33333333 | K47: Sí | L47: =IF(K47="Sí",1)+IF(K47="No",0) -> 1 | M47: =F47*L47 -> 0.33333333 | N47: =M48 -> 1 | O47: =IF(M48>=70%,(M48))+IF(M48<=70%,70%) -> 1
M48: =SUM(M45:M47) -> 1
C50: Aplica | F50: Peso máximo Factor Corrección Social | K50: Cumplimiento | M50: Puntuación Factor Corrección Social
A51: ='Tabla Resultados FC'!C67 -> GDHE 3.2 | B51: ='Tabla Resultados FC'!D67 -> Facilitación desde el urbanismo de las medidas contempladas en los Planes de Continuidad Económica o del Negocio para la minización del riesgo de interrupción de la actividad. | F51: 1
B53: Participación Ciudadana inclusiva y transversal | C53: Sí | D53: =IF(C53="Sí",1)+IF(C53="No",0) -> 1 | E53: =(COUNTIF(D53:D55,"1")) -> 3 | F53: =IF($E53=0,(D53*$G$4))+IF($E53=1,(D53*$J$4))+IF($E53=2,(D53*$I$4))+IF($E53=3,(D53*$H$4)) -> 0.33333333 | G53: =F51/4 -> 0.25 | H53: =F51/3 -> 0.33333333 | I53: =F51/2 -> 0.5 | J53: =F51 -> 1 | K53: Sí | L53: =IF(K53="Sí",1)+IF(K53="No",0) -> 1 | M53: =F53*L53 -> 0.33333333
B54: Inclusión de indicadores sociodemográficos | C54: Sí | D54: =IF(C54="Sí",1)+IF(C54="No",0) -> 1 | F54: =IF($E53=0,(D54*$G$4))+IF($E53=1,(D54*$J$4))+IF($E53=2,(D54*$I$4))+IF($E53=3,(D54*$H$4)) -> 0.33333333 | K54: Sí | L54: =IF(K54="Sí",1)+IF(K54="No",0) -> 1 | M54: =F54*L54 -> 0.33333333
B55: Medidas específicas dirigidas a reducir el impacto del cambio climático sobre las condiciones de vida de las personas | C55: Sí | D55: =IF(C55="Sí",1)+IF(C55="No",0) -> 1 | F55: =IF($E53=0,(D55*$G$4))+IF($E53=1,(D55*$J$4))+IF($E53=2,(D55*$I$4))+IF($E53=3,(D55*$H$4)) -> 0.33333333 | K55: Sí | L55: =IF(K55="Sí",1)+IF(K55="No",0) -> 1 | M55: =F55*L55 -> 0.33333333 | N55: =M56 -> 1 | O55: =IF(M56>=70%,(M56))+IF(M56<=70%,70%) -> 1
M56: =SUM(M53:M55) -> 1
C58: Aplica | F58: Peso máximo Factor Corrección Social | K58: Cumplimiento | M58: Puntuación Factor Corrección Social
A59: ='Tabla Resultados FC'!C68 -> GDHE 3.3 | B59: ='Tabla Resultados FC'!D68 -> Alianzas público-privadas | F59: 1
B61: Participación Ciudadana inclusiva y transversal | C61: Sí | D61: =IF(C61="Sí",1)+IF(C61="No",0) -> 1 | E61: =(COUNTIF(D61:D63,"1")) -> 3 | F61: =IF($E61=0,(D61*$G$4))+IF($E61=1,(D61*$J$4))+IF($E61=2,(D61*$I$4))+IF($E61=3,(D61*$H$4)) -> 0.33333333 | G61: =F59/4 -> 0.25 | H61: =F59/3 -> 0.33333333 | I61: =F59/2 -> 0.5 | J61: =F59 -> 1 | K61: Sí | L61: =IF(K61="Sí",1)+IF(K61="No",0) -> 1 | M61: =F61*L61 -> 0.33333333
B62: Inclusión de indicadores sociodemográficos | C62: Sí | D62: =IF(C62="Sí",1)+IF(C62="No",0) -> 1 | F62: =IF($E61=0,(D62*$G$4))+IF($E61=1,(D62*$J$4))+IF($E61=2,(D62*$I$4))+IF($E61=3,(D62*$H$4)) -> 0.33333333 | K62: Sí | L62: =IF(K62="Sí",1)+IF(K62="No",0) -> 1 | M62: =F62*L62 -> 0.33333333
B63: Medidas específicas dirigidas a reducir el impacto del cambio climático sobre las condiciones de vida de las personas | C63: Sí | D63: =IF(C63="Sí",1)+IF(C63="No",0) -> 1 | F63: =IF($E61=0,(D63*$G$4))+IF($E61=1,(D63*$J$4))+IF($E61=2,(D63*$I$4))+IF($E61=3,(D63*$H$4)) -> 0.33333333 | K63: Sí | L63: =IF(K63="Sí",1)+IF(K63="No",0) -> 1 | M63: =F63*L63 -> 0.33333333 | N63: =M64 -> 1 | O63: =IF(M64>=70%,(M64))+IF(M64<=70%,70%) -> 1
M64: =SUM(M61:M63) -> 1
C66: Aplica | F66: Peso máximo Factor Corrección Social | K66: Cumplimiento | M66: Puntuación Factor Corrección Social
A67: ='Tabla Resultados FC'!C70 -> GDHE 4.2 | B67: ='Tabla Resultados FC'!D70 -> Empleo verde | F67: 1
B69: Participación Ciudadana inclusiva y transversal | C69: Sí | D69: =IF(C69="Sí",1)+IF(C69="No",0) -> 1 | E69: =(COUNTIF(D69:D71,"1")) -> 3 | F69: =IF($E69=0,(D69*$G$4))+IF($E69=1,(D69*$J$4))+IF($E69=2,(D69*$I$4))+IF($E69=3,(D69*$H$4)) -> 0.33333333 | G69: =F67/4 -> 0.25 | H69: =F67/3 -> 0.33333333 | I69: =F67/2 -> 0.5 | J69: =F67 -> 1 | K69: Sí | L69: =IF(K69="Sí",1)+IF(K69="No",0) -> 1 | M69: =F69*L69 -> 0.33333333
B70: Inclusión de indicadores sociodemográficos | C70: Sí | D70: =IF(C70="Sí",1)+IF(C70="No",0) -> 1 | F70: =IF($E69=0,(D70*$G$4))+IF($E69=1,(D70*$J$4))+IF($E69=2,(D70*$I$4))+IF($E69=3,(D70*$H$4)) -> 0.33333333 | K70: Sí | L70: =IF(K70="Sí",1)+IF(K70="No",0) -> 1 | M70: =F70*L70 -> 0.33333333
B71: Medidas específicas dirigidas a reducir el impacto del cambio climático sobre las condiciones de vida de las personas | C71: Sí | D71: =IF(C71="Sí",1)+IF(C71="No",0) -> 1 | F71: =IF($E69=0,(D71*$G$4))+IF($E69=1,(D71*$J$4))+IF($E69=2,(D71*$I$4))+IF($E69=3,(D71*$H$4)) -> 0.33333333 | K71: Sí | L71: =IF(K71="Sí",1)+IF(K71="No",0) -> 1 | M71: =F71*L71 -> 0.33333333 | N71: =M72 -> 1 | O71: =IF(M72>=70%,(M72))+IF(M72<=70%,70%) -> 1
M72: =SUM(M69:M71) -> 1

Sheet Panel Control FC Economico-TPB
C1: Aplica | F1: Peso máximo Factor Corrección Económico | M1: Cumplimiento | O1: Puntuación Factor Corrección Económico
A2: ='Tabla Resultados FC'!C3 -> TPB.1.1 | B2: ='Tabla Resultados FC'!D3 -> Continuidad y funcionalidad ecológica de la Infraestructura Verde-Azul | F2: 1
B4: ¿Se reliza análisis Coste-Efectividad? | C4: Sí | D4: =IF(C4="Sí",1)+IF(C4="No",0) -> 1 | E4: =(COUNTIF(D4:D8,"1")) -> 5 | F4: =IF($E4=0,(D4*$G$4))+IF($E4=1,(D4*$L$4))+IF($E4=2,(D4*$K$4))+IF($E4=3,(D4*$J$4))+IF($E4=4,(D4*$I$4))+IF($E4=5,(D4*$H$4)) -> 0.2 | G4: 0 | H4: =F2/5 -> 0.2 | I4: =F2/4 -> 0.25 | J4: =F2/3 -> 0.33333333 | K4: =F2/2 -> 0.5 | L4: =F2 -> 1 | M4: Sí | N4: =IF(M4="Sí",1)+IF(M4="No",0) -> 1 | O4: =F4*N4 -> 0.2
B5: ¿Se reliza análisis Coste-Beneficio? | C5: Sí | D5: =IF(C5="Sí",1)+IF(C5="No",0) -> 1 | F5: =IF($E$4=0,(D5*$G$4))+IF($E$4=1,(D5*$L$4))+IF($E$4=2,(D5*$K$4))+IF($E$4=3,(D5*$J$4))+IF($E$4=4,(D5*$I$4))+IF($E$4=5,(D5*$H$4)) -> 0.2 | G5: 0 | H5: =F3/5 -> 0 | I5: =F3/4 -> 0 | J5: =F3/3 -> 0 | K5: =F3/2 -> 0 | L5: =F3 -> 0 | M5: Sí | N5: =IF(M5="Sí",1)+IF(M5="No",0) -> 1 | O5: =F5*N5 -> 0.2
B6: ¿Se alinea con la Taxonomía Verde? | C6: Sí | D6: =IF(C6="Sí",1)+IF(C6="No",0) -> 1 | F6: =IF($E$4=0,(D6*$G$4))+IF($E$4=1,(D6*$L$4))+IF($E$4=2,(D6*$K$4))+IF($E$4=3,(D6*$J$4))+IF($E$4=4,(D6*$I$4))+IF($E$4=5,(D6*$H$4)) -> 0.2 | G6: 0 | H6: =F4/5 -> 0.04 | I6: =F4/4 -> 0.05 | J6: =F4/3 -> 0.066666667 | K6: =F4/2 -> 0.1 | L6: =F4 -> 0.2 | M6: Sí | N6: =IF(M6="Sí",1)+IF(M6="No",0) -> 1 | O6: =F6*N6 -> 0.2
B7: ¿Se incentiva participación del sector privado? | C7: Sí | D7: =IF(C7="Sí",1)+IF(C7="No",0) -> 1 | F7: =IF($E$4=0,(D7*$G$4))+IF($E$4=1,(D7*$L$4))+IF($E$4=2,(D7*$K$4))+IF($E$4=3,(D7*$J$4))+IF($E$4=4,(D7*$I$4))+IF($E$4=5,(D7*$H$4)) -> 0.2 | G7: 0 | H7: =F5/5 -> 0.04 | I7: =F5/4 -> 0.05 | J7: =F5/3 -> 0.066666667 | K7: =F5/2 -> 0.1 | L7: =F5 -> 0.2 | M7: Sí | N7: =IF(M7="Sí",1)+IF(M7="No",0) -> 1 | O7: =F7*N7 -> 0.2
B8: ¿Se ha asociado a determinadas políticas públicas y programas de inversión? | C8: Sí | D8: =IF(C8="Sí",1)+IF(C8="No",0) -> 1 | F8: =IF($E$4=0,(D8*$G$4))+IF($E$4=1,(D8*$L$4))+IF($E$4=2,(D8*$K$4))+IF($E$4=3,(D8*$J$4))+IF($E$4=4,(D8*$I$4))+IF($E$4=5,(D8*$H$4)) -> 0.2 | G8: 0 | H8: =F6/5 -> 0.04 | I8: =F6/4 -> 0.05 | J8: =F6/3 -> 0.066666667 | K8: =F6/2 -> 0.1 | L8: =F6 -> 0.2 | M8: Sí | N8: =IF(M8="Sí",1)+IF(M8="No",0) -> 1 | O8: =F8*N8 -> 0.2 | P8: =O9 -> 1 | Q8: =IF(O9>=70%,(O9))+IF(O9<=70%,70%) -> 1
O9: =SUM(O4:O8) -> 1
C12: Aplica | F12: Peso máximo Factor Corrección Económico | M12: Cumplimiento | O12: Puntuación Factor Corrección Económico
A13: ='Tabla Resultados FC'!C4 -> TPB.1.2 | B13: ='Tabla Resultados FC'!D4 -> Conservación, restauración y puesta en valor de los ecosistemas naturales frente al cambio climático | F13: 1
B15: ¿Se reliza análisis Coste-Efectividad? | C15: Sí | D15: =IF(C15="Sí",1)+IF(C15="No",0) -> 1 | E15: =(COUNTIF(D15:D19,"1")) -> 5 | F15: =IF($E$15=0,(D15*$G$4))+IF($E$15=1,(D15*$L$4))+IF($E$15=2,(D15*$K$4))+IF($E$15=3,(D15*$J$4))+IF($E$15=4,(D15*$I$4))+IF($E$15=5,(D15*$H$4)) -> 0.2 | G15: 0 | H15: =F13/5 -> 0.2 | I15: =F13/4 -> 0.25 | J15: =F13/3 -> 0.33333333 | K15: =F13/2 -> 0.5 | L15: =F13 -> 1 | M15: Sí | N15: =IF(M15="Sí",1)+IF(M15="No",0) -> 1 | O15: =F15*N15 -> 0.2
B16: ¿Se reliza análisis Coste-Beneficio? | C16: Sí | D16: =IF(C16="Sí",1)+IF(C16="No",0) -> 1 | F16: =IF($E$15=0,(D16*$G$4))+IF($E$15=1,(D16*$L$4))+IF($E$15=2,(D16*$K$4))+IF($E$15=3,(D16*$J$4))+IF($E$15=4,(D16*$I$4))+IF($E$15=5,(D16*$H$4)) -> 0.2 | M16: Sí | N16: =IF(M16="Sí",1)+IF(M16="No",0) -> 1 | O16: =F16*N16 -> 0.2
B17: ¿Se alinea con la Taxonomía Verde? | C17: Sí | D17: =IF(C17="Sí",1)+IF(C17="No",0) -> 1 | F17: =IF($E$15=0,(D17*$G$4))+IF($E$15=1,(D17*$L$4))+IF($E$15=2,(D17*$K$4))+IF($E$15=3,(D17*$J$4))+IF($E$15=4,(D17*$I$4))+IF($E$15=5,(D17*$H$4)) -> 0.2 | M17: Sí | N17: =IF(M17="Sí",1)+IF(M17="No",0) -> 1 | O17: =F17*N17 -> 0.2
B18: ¿Se incentiva participación del sector privado? | C18: Sí | D18: =IF(C18="Sí",1)+IF(C18="No",0) -> 1 | F18: =IF($E$15=0,(D18*$G$4))+IF($E$15=1,(D18*$L$4))+IF($E$15=2,(D18*$K$4))+IF($E$15=3,(D18*$J$4))+IF($E$15=4,(D18*$I$4))+IF($E$15=5,(D18*$H$4)) -> 0.2 | M18: Sí | N18: =IF(M18="Sí",1)+IF(M18="No",0) -> 1 | O18: =F18*N18 -> 0.2
B19: ¿Se ha asociado a determinadas políticas públicas y programas de inversión? | C19: Sí | D19: =IF(C19="Sí",1)+IF(C19="No",0) -> 1 | F19: =IF($E$15=0,(D19*$G$4))+IF($E$15=1,(D19*$L$4))+IF($E$15=2,(D19*$K$4))+IF($E$15=3,(D19*$J$4))+IF($E$15=4,(D19*$I$4))+IF($E$15=5,(D19*$H$4)) -> 0.2 | M19: Sí | N19: =IF(M19="Sí",1)+IF(M19="No",0) -> 1 | O19: =F19*N19 -> 0.2 | P19: =O20 -> 1 | Q19: =IF(O20>=70%,(O20))+IF(O20<=70%,70%) -> 1
I20: =SUM(I15:I19) -> 0.25 | O20: =SUM(O15:O19) -> 1
C22: Aplica | F22: Peso máximo Factor Corrección Económico | M22: Cumplimiento | O22: Puntuación Factor Corrección Económico
A23: ='Tabla Resultados FC'!C5 -> TPB.1.3 | B23: ='Tabla Resultados FC'!D5 -> Refuerzo e implementación de los Servicios Ecosistémicos en el territorio | F23: 1
B25: ¿Se reliza análisis Coste-Efectividad? | C25: Sí | D25: =IF(C25="Sí",1)+IF(C25="No",0) -> 1 | E25: =(COUNTIF(D25:D29,"1")) -> 5 | F25: =IF($E$25=0,(D25*$G$4))+IF($E$25=1,(D25*$L$4))+IF($E$25=2,(D25*$K$4))+IF($E$25=3,(D25*$J$4))+IF($E$25=4,(D25*$I$4))+IF($E$25=5,(D25*$H$4)) -> 0.2 | G25: 0 | H25: =F23/5 -> 0.2 | I25: =F23/4 -> 0.25 | J25: =F23/3 -> 0.33333333 | K25: =F23/2 -> 0.5 | L25: =F23 -> 1 | M25: Sí | N25: =IF(M25="Sí",1)+IF(M25="No",0) -> 1 | O25: =F25*N25 -> 0.2
B26: ¿Se reliza análisis Coste-Beneficio? | C26: Sí | D26: =IF(C26="Sí",1)+IF(C26="No",0) -> 1 | F26: =IF($E$25=0,(D26*$G$4))+IF($E$25=1,(D26*$L$4))+IF($E$25=2,(D26*$K$4))+IF($E$25=3,(D26*$J$4))+IF($E$25=4,(D26*$I$4))+IF($E$25=5,(D26*$H$4)) -> 0.2 | M26: Sí | N26: =IF(M26="Sí",1)+IF(M26="No",0) -> 1 | O26: =F26*N26 -> 0.2
B27: ¿Se alinea con la Taxonomía Verde? | C27: Sí | D27: =IF(C27="Sí",1)+IF(C27="No",0) -> 1 | F27: =IF($E$25=0,(D27*$G$4))+IF($E$25=1,(D27*$L$4))+IF($E$25=2,(D27*$K$4))+IF($E$25=3,(D27*$J$4))+IF($E$25=4,(D27*$I$4))+IF($E$25=5,(D27*$H$4)) -> 0.2 | M27: Sí | N27: =IF(M27="Sí",1)+IF(M27="No",0) -> 1 | O27: =F27*N27 -> 0.2
B28: ¿Se incentiva participación del sector privado? | C28: Sí | D28: =IF(C28="Sí",1)+IF(C28="No",0) -> 1 | F28: =IF($E$25=0,(D28*$G$4))+IF($E$25=1,(D28*$L$4))+IF($E$25=2,(D28*$K$4))+IF($E$25=3,(D28*$J$4))+IF($E$25=4,(D28*$I$4))+IF($E$25=5,(D28*$H$4)) -> 0.2 | M28: Sí | N28: =IF(M28="Sí",1)+IF(M28="No",0) -> 1 | O28: =F28*N28 -> 0.2
B29: ¿Se ha asociado a determinadas políticas públicas y programas de inversión? | C29: Sí | D29: =IF(C29="Sí",1)+IF(C29="No",0) -> 1 | F29: =IF($E$25=0,(D29*$G$4))+IF($E$25=1,(D29*$L$4))+IF($E$25=2,(D29*$K$4))+IF($E$25=3,(D29*$J$4))+IF($E$25=4,(D29*$I$4))+IF($E$25=5,(D29*$H$4)) -> 0.2 | M29: Sí | N29: =IF(M29="Sí",1)+IF(M29="No",0) -> 1 | O29: =F29*N29 -> 0.2 | P29: =O30 -> 1 | Q29: =IF(O30>=70%,(O30))+IF(O30<=70%,70%) -> 1
I30: =SUM(I25:I29) -> 0.25 | O30: =SUM(O25:O29) -> 1
C32: Aplica | F32: Peso máximo Factor Corrección Económico | M32: Cumplimiento | O32: Puntuación Factor Corrección Económico
A33: ='Tabla Resultados FC'!C6 -> TPB.2.1 | B33: ='Tabla Resultados FC'!D6 -> Recuperación, puesta en valor y utilización de técnicas tradicionales para la gestión sostenible de los recursos naturales | F33: 1
B35: ¿Se reliza análisis Coste-Efectividad? | C35: Sí | D35: =IF(C35="Sí",1)+IF(C35="No",0) -> 1 | E35: =(COUNTIF(D35:D39,"1")) -> 5 | F35: =IF($E$35=0,(D35*$G$4))+IF($E$35=1,(D35*$L$4))+IF($E$35=2,(D35*$K$4))+IF($E$35=3,(D35*$J$4))+IF($E$35=4,(D35*$I$4))+IF($E$35=5,(D35*$H$4)) -> 0.2 | G35: 0 | H35: =F33/5 -> 0.2 | I35: =F33/4 -> 0.25 | J35: =F33/3 -> 0.33333333 | K35: =F33/2 -> 0.5 | L35: =F33 -> 1 | M35: Sí | N35: =IF(M35="Sí",1)+IF(M35="No",0) -> 1 | O35: =F35*N35 -> 0.2
B36: ¿Se reliza análisis Coste-Beneficio? | C36: Sí | D36: =IF(C36="Sí",1)+IF(C36="No",0) -> 1 | F36: =IF($E$35=0,(D36*$G$4))+IF($E$35=1,(D36*$L$4))+IF($E$35=2,(D36*$K$4))+IF($E$35=3,(D36*$J$4))+IF($E$35=4,(D36*$I$4))+IF($E$35=5,(D36*$H$4)) -> 0.2 | M36: Sí | N36: =IF(M36="Sí",1)+IF(M36="No",0) -> 1 | O36: =F36*N36 -> 0.2
B37: ¿Se alinea con la Taxonomía Verde? | C37: Sí | D37: =IF(C37="Sí",1)+IF(C37="No",0) -> 1 | F37: =IF($E$35=0,(D37*$G$4))+IF($E$35=1,(D37*$L$4))+IF($E$35=2,(D37*$K$4))+IF($E$35=3,(D37*$J$4))+IF($E$35=4,(D37*$I$4))+IF($E$35=5,(D37*$H$4)) -> 0.2 | M37: Sí | N37: =IF(M37="Sí",1)+IF(M37="No",0) -> 1 | O37: =F37*N37 -> 0.2
B38: ¿Se incentiva participación del sector privado? | C38: Sí | D38: =IF(C38="Sí",1)+IF(C38="No",0) -> 1 | F38: =IF($E$35=0,(D38*$G$4))+IF($E$35=1,(D38*$L$4))+IF($E$35=2,(D38*$K$4))+IF($E$35=3,(D38*$J$4))+IF($E$35=4,(D38*$I$4))+IF($E$35=5,(D38*$H$4)) -> 0.2 | M38: Sí | N38: =IF(M38="Sí",1)+IF(M38="No",0) -> 1 | O38: =F38*N38 -> 0.2
B39: ¿Se ha asociado a determinadas políticas públicas y programas de inversión? | C39: Sí | D39: =IF(C39="Sí",1)+IF(C39="No",0) -> 1 | F39: =IF($E$35=0,(D39*$G$4))+IF($E$35=1,(D39*$L$4))+IF($E$35=2,(D39*$K$4))+IF($E$35=3,(D39*$J$4))+IF($E$35=4,(D39*$I$4))+IF($E$35=5,(D39*$H$4)) -> 0.2 | M39: Sí | N39: =IF(M39="Sí",1)+IF(M39="No",0) -> 1 | O39: =F39*N39 -> 0.2 | P39: =O40 -> 1 | Q39: =IF(O40>=70%,(O40))+IF(O40<=70%,70%) -> 1
I40: =SUM(I35:I39) -> 0.25 | O40: =SUM(O35:O39) -> 1
C42: Aplica | F42: Peso máximo Factor Corrección Económico | M42: Cumplimiento | O42: Puntuación Factor Corrección Económico
A43: ='Tabla Resultados FC'!C7 -> TPB.3.1 | B43: ='Tabla Resultados FC'!D7 -> Potenciación de las actividades primarias, impulsando la eficiencia de recursos, manejo ecológico sostenible y la soberanía alimentaria | F43: 1
B45: ¿Se reliza análisis Coste-Efectividad? | C45: Sí | D45: =IF(C45="Sí",1)+IF(C45="No",0) -> 1 | E45: =(COUNTIF(D45:D49,"1")) -> 5 | F45: =IF($E$45=0,(D45*$G$4))+IF($E$45=1,(D45*$L$4))+IF($E$45=2,(D45*$K$4))+IF($E$45=3,(D45*$J$4))+IF($E$45=4,(D45*$I$4))+IF($E$45=5,(D45*$H$4)) -> 0.2 | G45: 0 | H45: =F43/5 -> 0.2 | I45: =F43/4 -> 0.25 | J45: =F43/3 -> 0.33333333 | K45: =F43/2 -> 0.5 | L45: =F43 -> 1 | M45: Sí | N45: =IF(M45="Sí",1)+IF(M45="No",0) -> 1 | O45: =F45*N45 -> 0.2
B46: ¿Se reliza análisis Coste-Beneficio? | C46: Sí | D46: =IF(C46="Sí",1)+IF(C46="No",0) -> 1 | F46: =IF($E$45=0,(D46*$G$4))+IF($E$45=1,(D46*$L$4))+IF($E$45=2,(D46*$K$4))+IF($E$45=3,(D46*$J$4))+IF($E$45=4,(D46*$I$4))+IF($E$45=5,(D46*$H$4)) -> 0.2 | M46: Sí | N46: =IF(M46="Sí",1)+IF(M46="No",0) -> 1 | O46: =F46*N46 -> 0.2
B47: ¿Se alinea con la Taxonomía Verde? | C47: Sí | D47: =IF(C47="Sí",1)+IF(C47="No",0) -> 1 | F47: =IF($E$45=0,(D47*$G$4))+IF($E$45=1,(D47*$L$4))+IF($E$45=2,(D47*$K$4))+IF($E$45=3,(D47*$J$4))+IF($E$45=4,(D47*$I$4))+IF($E$45=5,(D47*$H$4)) -> 0.2 | M47: Sí | N47: =IF(M47="Sí",1)+IF(M47="No",0) -> 1 | O47: =F47*N47 -> 0.2
B48: ¿Se incentiva participación del sector privado? | C48: Sí | D48: =IF(C48="Sí",1)+IF(C48="No",0) -> 1 | F48: =IF($E$45=0,(D48*$G$4))+IF($E$45=1,(D48*$L$4))+IF($E$45=2,(D48*$K$4))+IF($E$45=3,(D48*$J$4))+IF($E$45=4,(D48*$I$4))+IF($E$45=5,(D48*$H$4)) -> 0.2 | M48: Sí | N48: =IF(M48="Sí",1)+IF(M48="No",0) -> 1 | O48: =F48*N48 -> 0.2
B49: ¿Se ha asociado a determinadas políticas públicas y programas de inversión? | C49: Sí | D49: =IF(C49="Sí",1)+IF(C49="No",0) -> 1 | F49: =IF($E$45=0,(D49*$G$4))+IF($E$45=1,(D49*$L$4))+IF($E$45=2,(D49*$K$4))+IF($E$45=3,(D49*$J$4))+IF($E$45=4,(D49*$I$4))+IF($E$45=5,(D49*$H$4)) -> 0.2 | M49: Sí | N49: =IF(M49="Sí",1)+IF(M49="No",0) -> 1 | O49: =F49*N49 -> 0.2 | P49: =O50 -> 1 | Q49: =IF(O50>=70%,(O50))+IF(O50<=70%,70%) -> 1
I50: =SUM(I45:I49) -> 0.25 | O50: =SUM(O45:O49) -> 1
C52: Aplica | F52: Peso máximo Factor Corrección Económico | M52: Cumplimiento | O52: Puntuación Factor Corrección Económico
A53: ='Tabla Resultados FC'!C8 -> TPB.4.1 | B53: ='Tabla Resultados FC'!D8 -> Introducir Soluciones basadas en la Naturaleza para reducir la vulnerabilidad frente a los efectos del cambio climático | F53: 1
B55: ¿Se reliza análisis Coste-Efectividad? | C55: Sí | D55: =IF(C55="Sí",1)+IF(C55="No",0) -> 1 | E55: =(COUNTIF(D55:D59,"1")) -> 5 | F55: =IF($E$55=0,(D55*$G$4))+IF($E$55=1,(D55*$L$4))+IF($E$55=2,(D55*$K$4))+IF($E$55=3,(D55*$J$4))+IF($E$55=4,(D55*$I$4))+IF($E$55=5,(D55*$H$4)) -> 0.2 | G55: 0 | H55: =F53/5 -> 0.2 | I55: =F53/4 -> 0.25 | J55: =F53/3 -> 0.33333333 | K55: =F53/2 -> 0.5 | L55: =F53 -> 1 | M55: Sí | N55: =IF(M55="Sí",1)+IF(M55="No",0) -> 1 | O55: =F55*N55 -> 0.2
B56: ¿Se reliza análisis Coste-Beneficio? | C56: Sí | D56: =IF(C56="Sí",1)+IF(C56="No",0) -> 1 | F56: =IF($E$55=0,(D56*$G$4))+IF($E$55=1,(D56*$L$4))+IF($E$55=2,(D56*$K$4))+IF($E$55=3,(D56*$J$4))+IF($E$55=4,(D56*$I$4))+IF($E$55=5,(D56*$H$4)) -> 0.2 | M56: Sí | N56: =IF(M56="Sí",1)+IF(M56="No",0) -> 1 | O56: =F56*N56 -> 0.2
B57: ¿Se alinea con la Taxonomía Verde? | C57: Sí | D57: =IF(C57="Sí",1)+IF(C57="No",0) -> 1 | F57: =IF($E$55=0,(D57*$G$4))+IF($E$55=1,(D57*$L$4))+IF($E$55=2,(D57*$K$4))+IF($E$55=3,(D57*$J$4))+IF($E$55=4,(D57*$I$4))+IF($E$55=5,(D57*$H$4)) -> 0.2 | M57: Sí | N57: =IF(M57="Sí",1)+IF(M57="No",0) -> 1 | O57: =F57*N57 -> 0.2
B58: ¿Se incentiva participación del sector privado? | C58: Sí | D58: =IF(C58="Sí",1)+IF(C58="No",0) -> 1 | F58: =IF($E$55=0,(D58*$G$4))+IF($E$55=1,(D58*$L$4))+IF($E$55=2,(D58*$K$4))+IF($E$55=3,(D58*$J$4))+IF($E$55=4,(D58*$I$4))+IF($E$55=5,(D58*$H$4)) -> 0.2 | M58: Sí | N58: =IF(M58="Sí",1)+IF(M58="No",0) -> 1 | O58: =F58*N58 -> 0.2
B59: ¿Se ha asociado a determinadas políticas públicas y programas de inversión? | C59: Sí | D59: =IF(C59="Sí",1)+IF(C59="No",0) -> 1 | F59: =IF($E$55=0,(D59*$G$4))+IF($E$55=1,(D59*$L$4))+IF($E$55=2,(D59*$K$4))+IF($E$55=3,(D59*$J$4))+IF($E$55=4,(D59*$I$4))+IF($E$55=5,(D59*$H$4)) -> 0.2 | M59: Sí | N59: =IF(M59="Sí",1)+IF(M59="No",0) -> 1 | O59: =F59*N59 -> 0.2 | P59: =O60 -> 1 | Q59: =IF(O60>=70%,(O60))+IF(O60<=70%,70%) -> 1
I60: =SUM(I55:I59) -> 0.25 | O60: =SUM(O55:O59) -> 1
C62: Aplica | F62: Peso máximo Factor Corrección Económico | M62: Cumplimiento | O62: Puntuación Factor Corrección Económico
A63: ='Tabla Resultados FC'!C9 -> TPB.4.2 | B63: ='Tabla Resultados FC'!D9 -> Multifuncionalidad del territorio y los recursos naturales frente al cambio climático | F63: 1
B65: ¿Se reliza análisis Coste-Efectividad? | C65: Sí | D65: =IF(C65="Sí",1)+IF(C65="No",0) -> 1 | E65: =(COUNTIF(D65:D69,"1")) -> 5 | F65: =IF($E$65=0,(D65*$G$4))+IF($E$65=1,(D65*$L$4))+IF($E$65=2,(D65*$K$4))+IF($E$65=3,(D65*$J$4))+IF($E$65=4,(D65*$I$4))+IF($E$65=5,(D65*$H$4)) -> 0.2 | G65: 0 | H65: =F63/5 -> 0.2 | I65: =F63/4 -> 0.25 | J65: =F63/3 -> 0.33333333 | K65: =F63/2 -> 0.5 | L65: =F63 -> 1 | M65: Sí | N65: =IF(M65="Sí",1)+IF(M65="No",0) -> 1 | O65: =F65*N65 -> 0.2
B66: ¿Se reliza análisis Coste-Beneficio? | C66: Sí | D66: =IF(C66="Sí",1)+IF(C66="No",0) -> 1 | F66: =IF($E$65=0,(D66*$G$4))+IF($E$65=1,(D66*$L$4))+IF($E$65=2,(D66*$K$4))+IF($E$65=3,(D66*$J$4))+IF($E$65=4,(D66*$I$4))+IF($E$65=5,(D66*$H$4)) -> 0.2 | M66: Sí | N66: =IF(M66="Sí",1)+IF(M66="No",0) -> 1 | O66: =F66*N66 -> 0.2
B67: ¿Se alinea con la Taxonomía Verde? | C67: Sí | D67: =IF(C67="Sí",1)+IF(C67="No",0) -> 1 | F67: =IF($E$65=0,(D67*$G$4))+IF($E$65=1,(D67*$L$4))+IF($E$65=2,(D67*$K$4))+IF($E$65=3,(D67*$J$4))+IF($E$65=4,(D67*$I$4))+IF($E$65=5,(D67*$H$4)) -> 0.2 | M67: Sí | N67: =IF(M67="Sí",1)+IF(M67="No",0) -> 1 | O67: =F67*N67 -> 0.2
